Workbook

Sheet PONDERANTE FDLRUU 
E1: FDLRUU CMA 005-2023 OBJETO: “REALIZAR LA INTERVENTORÍA TÉCNICA, ADMINISTRATIVA, LEGAL, FINANCIERA, SOCIAL, AMBIENTAL Y DE SEGURIDAD Y SALUD EN EL TRABAJO (SST), DEL CONTRATO DE OBRA PÚBLICA QUE TIENE POR OBJETO: CONTRATAR A PRECIOS UNITARIOS FIJOS, LAS OBRAS REFERENTES AL MANTENIMIENTO Y REPARACIONES LOCATIVAS DE LOS SALONES COMUNALES EN LA LOCALIDAD DE RAFAEL URIBE URIBE EN LA CIUDAD DE BOGOTA”, DEL PROCESO DERIVADO DE SELECCIÓN ABREVIDA SAMC 006-2023”
B2: No. | C2: NOMBRE PROPONENTE | D2: MIEMBROS PROPONENTE PLURAL | E2: CAPÍTULO III. REQUISITOS HABILITANTES Y SU VERIFICACIÓN | J2: CAPÍTULO IV. CRITERIOS DE EVALUACIÓN, ASIGNACIÓN DE PUNTAJE | S2: OBSERVACION
E3: 3.2 CAPACIDAD JURÍDICA | F3: 3.5 CAPACIDAD FINANCIERA | G3: 3.8.1 EXIGENCIA MÍNIMA DE LA EXPERIENCIA DEL PROPONENTE | H3: 3.8.2 EXIGENCIAS MÍNIMAS DE EXPERIENCIA Y FORMACIÓN ACADÉMICA DEL EQUIPO DE TRABAJO (Personal Clave Evaluable) | I3: RESULTADO | J3: 4,1. EXPERIENCIA DEL PROPONENTE (67,75 PUNTOS) | K3: 4.2 EQUIPO DE TRABAJO (Personal Clave Evaluable) (10 PUNTOS) | M3: 4.3 FACTOR DE SOSTENIBILIDAD (Formato 12) MAXIMO 1 PUNTOS. | N3: 4.4. APOYO A LA INDUSTRIA NACIONAL (Formato 7) MAXIMO 20 PUNTOS. | O3: 4,5. INCENTIVOS POR VINCULACIÓN DE PERSONAS CON DISCAPACIDAD PREVISTOS EN EL DECRETO 392 DE 2018. (FORMATO 6- VINCULACION DE PERSONAS CON DISCAPACIDAD). Máximo 1 punto. | Q3: 4.6 EMPRENDIMIENTOS Y EMPRESAS DE MUJERES Formato 13 MAXIMO 0,25 PUNTOS | R3: TOTAL PUNTAJE
K4: 4,2 EXPERIENCIA DIRECTOR DE INTERVENTORÍA DE OBRA (MÁXIMO 5 PUNTOS). | L4: 4,2. EXPERIENCIA RESIDENTE DE INTERVENTORÍA DE OBRA (MÁXIMO 5 PUNTOS) | O4: asignará un (1) punto al Proponente que acredite el número mínimo de personas con discapacidad -artículo 2.2.1.2.4.2.6. del Decreto 1082 de 2015 (1 PUNTO) | P4: No RADICADO MINTRABAJO DISCAPACIDAD
B5: 1 | C5: CONSORCIO COMUNALES RAFAEL: REP DANIEL ORDOÑEZ PINTO | D5: DEARCA 75% | E5: CUMPLE | F5: CUMPLE | G5: CUMPLE | H5: CUMPLE | I5: HABILITADO | J5: 57.819896 | K5: 5 | L5: 5 | M5: 1 | N5: 20 | O5: 1 | P5: 11EE2023712500000004688 | Q5: 0.25 | R5: =J5+K5+L5+M5+N5+O5+Q5 -> 90.069896
D6: GRUPO FAO S.A.S 25%
B7: 2 | C7: INTERDI SAS.:REP LEGAL LUIS IVAN MUÑOZ | E7: CUMPLE | F7: CUMPLE | G7: CUMPLE | H7: CUMPLE | I7: HABILITADO | J7: 52.990139 | K7: 5 | L7: 5 | M7: 1 | N7: 20 | O7: 1 | P7: 11EE202372100000034710 | Q7: 0.25 | R7: =SUM(J7:Q7) -> 85.240139
B8: 3 | C8: NOGALL S.A:REP LEG: JORGE HERNANDO BELTRAN CATUMA | D8: NORBERTO GARCES 25% | E8: NO CUMPLE | F8: CUMPLE | G8: CUMPLE | H8: CUMPLE | I8: NO HABILITADO | R8: =+J8+K8+L8+M8+N8+O8+Q8 -> 0
D9: JORGE BELTRAN 24%
D10: VICTORIA MULGANONN 51%
B11: 4 | C11: LOS ROSALES.REP LEGAL:CESAR ALFONSO JIMENEZ QUINTERO | E11: CUMPLE | F11: CUMPLE | G11: CUMPLE | H11: NO CUMPLE | I11: NO HABILITADO | R11: =SUM(J11:Q11) -> 0 | S11: NO PRESENTO FORMATO 15A CAUSAL DE RECHAZO LITERAL P DEL PLIEGO DE CONDICIONES
B12: 5 | C12: J.V.M INGENIERIA | E12: CUMPLE | F12: CUMPLE | G12: CUMPLE | H12: CUMPLE | I12: HABILITADO | J12: 67.75 | K12: 5 | L12: 5 | M12: 1 | N12: 20 | O12: 1 | P12: 11EE2023712300100002909 | Q12: 0.25 | R12: =SUM(J12:Q12) -> 100
B13: 6 | C13: R&M CONSTRUCCIONES E INTERVENTORIAS S.A.S | E13: CUMPLE | F13: CUMPLE | G13: CUMPLE | H13: NO CUMPLE | I13: NO HABILITADO | R13: =SUM(J13:Q13) -> 0 | S13: NO PRESENTA SOPORTES PARA VERIFICAR PERFIL PROFESIONAL. NI PRESENTAN FORMATO DE RELACION DE LA EXPERIENCIA ESPECIFICA NI RELACIONA AL PROFESIONAL DE CARGO DE DIRECTOR CAUSAL DE RECHAZO LITERAL P DEL PLIEGO DE CONDICIONES
B14: 7 | C14: CON SALONES 47 | E14: CUMPLE | F14: CUMPLE | G14: CUMPLE | H14: CUMPLE | I14: HABILITADO | J14: 62.829608 | K14: 5 | L14: 5 | M14: 1 | N14: 20 | O14: 1 | P14: 11EE2023721100000035544 | Q14: 0.25 | R14: =SUM(J14:Q14) -> 95.079608
B15: 8 | C15: CONSORCIO CONSULTORES 9010 | D15: INGEPLAN.CO SAS BIC 90% INGEPLAN.CO INFRAESTRUCTURA S.A.S. BIC 10% | E15: CUMPLE | F15: CUMPLE | G15: CUMPLE | H15: NO CUMPLE | I15: NO HABILITADO | R15: =SUM(J15:Q15) -> 0 | S15: VER FORMATO DIRECTOR Y RESIDENTE NO CUMPLE CON LA EXPERIENCIA Y PERFIL PROFESIONAL CAUSAL DE RECHAZO LITERAL P DEL PLIEGO DE CONDICIONES
B16: 9 | C16: CONSORCIO RAFAEL URIBE | D16: JMS INGENIERÍA Y ARQUITECTURA SAS BIC 99% OSÉ MARÍA SIERRA CARRASQUILLA 1% | E16: NO CUMPLE | F16: CUMPLE | G16: CUMPLE | H16: CUMPLE | I16: NO HABILITADO
B17: 10 | C17: CONSORCIO CAMINOS 2021 | D17: PABLO MAURICIO CASTRO AVILA 50% FUNDACION CAMINOS INTEGRALES 50% | E17: CUMPLE | F17: CUMPLE | G17: CUMPLE | H17: CUMPLE | I17: HABILITADO | J17: -4.9956787 | K17: 5 | L17: 5 | M17: 1 | N17: 20 | O17: 1 | P17: 13EE2023261100000187328 | R17: =SUM(J17:Q17) -> 27.004321
B18: 11 | C18: CONSORCIO INTER 2L 2023 | D18: 2L PROYECTOS SAS 90% PHVA CONSTRUCTORESSAS 10% | E18: CUMPLE | F18: CUMPLE | G18: CUMPLE | H18: NO CUMPLE | I18: NO HABILITADO | R18: =SUM(J18:Q18) -> 0 | S18: SU SUBSANACIONES NO SERA TENIDA EN CUENTA DEBIDO A LA CAUSAL DE RECHAZO LITEAL P
B19: 12 | C19: CABA INTERVENTORIA SAS | E19: NO CUMPLE | F19: CUMPLE | G19: CUMPLE | H19: CUMPLE | I19: NO HABILITADO | R19: =SUM(J19:Q19) -> 0 | S19: ORDEN DE LEGIBILIDAD ·1
B20: 13 | C20: ALMA INTERVENTORÍA & CONSULTORÍA S.A.S | E20: NO CUMPLE | F20: CUMPLE | G20: CUMPLE | H20: NO CUMPLE | I20: NO HABILITADO | R20: =SUM(J20:Q20) -> 0 | S20: VER FORMATO DIRECTOR Y RESIDENTE NO CUMPLE CON LA EXPERIENCIA Y PERFIL PROFESIONAL CAUSAL DE RECHAZO LITERAL P DEL PLIEGO DE CONDICIONES
B21: NOTA: La ponderación de los profesionales clave de acuerdo al númeral 4.2 del pliego de condiciones se interpreta de la siguiente manera (por cada año adicoonl de experiencia expecifica de cada uno de ellos se asiganran 3 puntos, y por cada posgrado adicional de cada uno de ellos se asignaran 2 puntos, para un total de 5 puntos por cada uno de ellos).

Sheet evaluacion
C1: FDLRUU CMA-05-2023 : REALIZAR LA INTERVENTORÍA TÉCNICA, ADMINISTRATIVA, LEGAL, FINANCIERA, SOCIAL, AMBIENTAL Y DE SEGURIDAD Y SALUD EN EL TRABAJO (SST), DEL CONTRATO DE OBRA PÚBLICA QUE TIENE POR OBJETO: CONTRATAR A PRECIOS UNITARIOS FIJOS, LAS OBRAS REFERENTES AL MANTENIMIENTO Y REPARACIONES LOCATIVAS DE LOS SALONESFDLRUU COMUNALES EN LA LOCALIDAD DE RAFAEL URIBE URIBE EN LA CIUDAD DE BOGOTA", DEL PROCESO DERIVADO DE SELECCIÓN ABREVIDA SAMC 006-2023
A2: No. | B2: PROPONENTE | C2: TOTAL SMMLV PROPONENTE REFERIDO AL AÑO EN QUE SE TERMINO EL CONTRATO. (Vi) | D2: SMMLV PROMEDIO DEL PROPONENTE REFERIDO AL AÑO EN QUE SE TERMINO EL CONTRATO. (Vi) | E2: PROPUESTAS IMPAR PUNTAJE OTORGADO Puntaje=((1-ABS(Me-Vi)/Me))*67,75 | F2: PROPUESTAS PAR PUNTAJE OTORGADO Puntaje=((1-ABS(Me-Vi)/Me))*60
A3: 5 | B3: J.V.M INGENIERIA | C3: 464.88886 | D3: ='PROP 5'!T13/2 -> 232.44443 | E3: =+((1-(ABS(($G$9-D3)/$G$9)))*67.75) -> 67.75 | G3: 1
A4: 7 | B4: CON SALONES 47 | C4: 498.65175 | D4: ='PROP 7'!T15/2 -> 249.32587 | E4: =+((1-(ABS(($G$9-D4)/$G$9)))*67.75) -> 62.829608 | G4: 2
A5: 1 | B5: CONSORCIO COMUNALES RAFAEL: | C5: 396.75019 | D5: =+C5/2 -> 198.3751 | E5: =+((1-(ABS(($G$9-D5)/$G$9)))*67.75) -> 57.819896 | G5: 3
A6: 2 | B6: INTERDI SAS. | C6: 727.21846 | D6: ='PROP 2'!T13/4 -> 181.80462 | E6: =+((1-(ABS(($G$9-D6)/$G$9)))*67.75) -> 52.990139 | G6: 4
A7: 10 | B7: CONSORCIO CAMINOS 2021 | C7: 1446.0858 | D7: ='PROP 10'!T16/3 -> 482.02861 | E7: =+((1-(ABS(($G$9-D7)/$G$9)))*67.75) -> -4.9956787 | G7: 5
A9: Po | B9: 112500000 | D9: Mediana con valor absoluto (Me) | G9: =MEDIAN(D3:D7) -> 232.44443
A10: SMMLV | B10: =+B9/1160000 -> 96.982759 | D10: Valor de la propuesta econòmica vàlida inmediatamente por debajo de la media Me | G10: 198.38
A11: m | B11: 5 | D11: Valor promedio (Vme) | G11: =SUM(D3:D7)/B11 -> 268.79573
F12: FORMULA APLICADA MEDIANA CON VALOR ABSOLUTO SEGÚN LA TRM DEL 22 DE DICIEMBRE DE 2023
A14: Comité Evaluador Componente Técnico-Económico | F14: FECHA | G14: TRM
F15: 45282 | G15: 3,943.03

Sheet PROP 1
B1: EXPERIENCIA HABILITANTE DEL PROPONENTE :1 CONSORCIO COMUNALES RAFAEL
B2: FDLRUU CMA 005-2023 OBJETO: “REALIZAR LA INTERVENTORÍA TÉCNICA, ADMINISTRATIVA, LEGAL, FINANCIERA, SOCIAL, AMBIENTAL Y DE SEGURIDAD Y SALUD EN EL TRABAJO (SST), DEL CONTRATO DE OBRA PÚBLICA QUE TIENE POR OBJETO: CONTRATAR A PRECIOS UNITARIOS FIJOS, LAS OBRAS REFERENTES AL MANTENIMIENTO Y REPARACIONES LOCATIVAS DE LOS SALONES COMUNALES EN LA LOCALIDAD DE RAFAEL URIBE URIBE EN LA CIUDAD DE BOGOTA”, DEL PROCESO DERIVADO DE SELECCIÓN ABREVIDA SAMC 006-2023”
B3: 3.8.1 EXIGENCIA MÍNIMA DE LA EXPERIENCIA DEL PROPONENTE
B4: PROPONENTE: 1 CONSORCIO COMUNALES RAFAEL: REP DANIEL ORDOÑEZ PINTO
B5: No. | C5: No CONTRATO QUE SE PRESENTA EN LA CERTIFICACION. | D5: ENTIDAD CONTRATANTE | E5: CONTRATISTA QUE PRESENTA LA CERTIFICACION | F5: OBJETO DEL CONTRATO DE LA CERTIFICACION PRESENTADA. | G5: CONSECUTIVO RUP SI ES UN CONSORCIO SE PONDRÁN LOS CONSECUTIVOS DE CADA CONSORCIADO SI APLICA. | H5: INTEGRANTES DEL PROPONENTE PLURAL - % DE PARTICIPACION DE CADA INTEGRANTE EN LA CERTIFICACION PRESENTADA. | I5: CONSORCIADO QUE PRESENTA LA EXPERIENCIA EN EL CONTRATO O EN LA CERTIFICACION | J5: EXPERIENCIA GENERAL DEL PROPONENTE: | M5: EXPERIENCIA ESPECÍFICA DEL PROPONENTE: | N5: % PARTICIPACION | O5: FECHA DE INICIACION | P5: FECHA DE TERMINACION | Q5: VALOR TOTAL DEL CONTRATO | R5: PORCENTAJE PARTICIPACION EN PESOS COLOMBIANOS | S5: SMMLV QUE HABILITAN EN TOTAL 1 a 2 =75% 3 a 4 = 120% 5 a 6 = 150% | T5: SMMLV PROPONENTE REFERIDO AL AÑO EN QUE SE TERMINO EL CONTRATO. | U5: % DE SMMLV SOBRE EL P.O. | V5: OBSERVACION
J6: a. Debe estar inscrita y en firme en el RUP y cumplir con todos los códigos del Clasificador de Bienes y Servicios, así: 80101600-81101500-80101500 | K6: interventoría a construcción y/o terminación y/o ampliación y/o remodelación y/o reforzamiento y/o adecuación y/o mantenimiento y/o mejoramiento y/o modificación de edificaciones | L6: Los contratos aportados como experiencia válida y que corresponda a edificaciones debieron iniciar su ejecución luego de la expedición del Reglamento Colombiano de construcción Sismo Resistente – NSR-98., esto es, después del 09 de enero de 1998. 1 de los contratos relacionados como experiencia en edificaciones podrá haber iniciado ejecución antes del 09 de enero de 1998, fecha en cual se expidió la NSR-98. 1 único contrato para acreditar la experiencia solicitada, este deberá haber iniciado ejecución luego del 15 de julio de 2010, fecha en la cual entró en vigencia la NSR-10, y haya terminado su ejecución antes de la fecha del cierre del presente procedimiento de selección. Por lo menos uno (1) de los contratos validos aportados como experiencia debe haber iniciado ejecución con posteridad a la expedición de la NSR-10, el cual debió haberse ejecutado y terminado antes de la fecha del cierre del presente proceso de contratación | M6: Por lo menos uno (1) de los contratos válidos aportados como experiencia general deben contemplar un área intervenida o construida igual o superior al (50%) del total de metros cuadrados del proceso de selección, el cual corresponde a 725 M2 AREA A INTERVENIR]
B7: 1 | C7: 2011-CT- 276 | D7: MUNICIPIO DE CHÍA | E7: DEARCA S.A.S. | F7: INTERVENTORÍA TÉCNICA ADMINISTRATIVA Y FINANCIERA PARA LA EJECUCIÓN DE LAS OBRAS CORRESPONDIENTES A LA "TEMRINACION DE LA BIBLIOTECA Y PARTE DE SU ENTORNO DEL MUNIP DE CHIA" | G7: 95 | H7: ORLANDO ORDOÑEZ ROCHA 50% | I7: CONSORCIO INTERVENTORES CHIA | J7: NO CUMPLE | K7: CUMPLE | L7: CUMPLE | M7: CUMPLE | N7: 0.5 | O7: 40765 | P7: 41750 | Q7: 342557038 | R7: =Q7*N7 -> 171278519 | T7: =+R7/Hoja1!B12 -> 278.04954 | U7: =+T7/$P$14 -> 2.8669997 | X7: =1728.41*0.5 -> 864.205
H8: CONSULTAR CON PROFESIONALES Y CIA LTDA 25%
B9: 2 | C9: 669-07 | D9: INSTITUTO COLOMBIANO DE BIENESTAR FAMILIAR | E9: GRUPO FAO S.A.S. | F9: INTERVENTORIA TÉCNICA, ADMINISTRATIVA Y FINANCIERA PARA LA CONSTRUCCION DE UN HOGAR MULTIPLE EN EL MUNICIPIO DE VALENCIA (CÓRDOBA) (66) | G9: 58 | H9: ORLANDO ORDOÑEZ ROCHA 60% | I9: CONSORCIO FENIX | J9: NO CUMPLE | K9: CUMPLE | N9: 0.6 | O9: 39363 | P9: 39690 | Q9: 121866000 | R9: =Q9*N9 -> 73119600 | T9: =+R9/Hoja1!B12 -> 118.70065 | U9: =+T9/$P$14 -> 1.2239356
H10: HUGO EFREC CORREA MOTTA 40% | X10: =1050.76*0.51 -> 535.8876
B11: 3 | X11: =2062.51*0.7 -> 1443.757
B12: 5 | R12: =+N12*Q12 -> 0 | S12: 1 a 2 = 1319,76 3 a 4 = 2111,62 5 a 6 = 2639,52 | T12: =+R12/828116 -> 0 | U12: =(T12/#REF!) -> #REF!
B13: 6 | R13: =+N13*Q13 -> 0 | S13: 1 a 2 = 1319,76 3 a 4 = 2111,62 5 a 6 = 2639,52 | T13: =+R13/828116 -> 0 | U13: =(T13/#REF!) -> #REF! | X13: =+T13*2 -> 0
L14: P.O. | N14: 112500000 | P14: =+N14/N17 -> 96.982759 | Q14: % P.O. | R14: SMMLV | S14: SUMATORIA | T14: =SUM(T7:T13) -> 396.75019 | U14: =SUM(U7:U11) -> 4.0909353 | V14: CUMPLE
S16: % P.O. | T16: SMMLV
L17: SMMLV 2023 | N17: 1160000 | R17: 0.75 | S17: =+$N$14*R17 -> 84375000 | T17: =+S17/$N$17 -> 72.737069
R18: 1.2 | S18: =+$N$14*R18 -> 135000000 | T18: =+S18/$N$17 -> 116.37931
R19: 1.5 | S19: =+$N$14*R19 -> 168750000 | T19: =+S19/$N$17 -> 145.47414
F21: ANGELICA SANCHEZ SOPORTE TÈCNICO

Sheet DIRECTOR PROP1
A1: EVALUACIÓN HOJA DE VIDA PROFESIONAL PROPUESTO
A2: CARGO PROPUESTO: | D2: DIRECTOR DE INTERVENTORIA
A3: Nombre Completo | E3: ALEXANDER TANAKA TANAKA
A4: Profesión | E4: INGENIERO CIVIL
A5: Tarjeta Profesional | E5: 7620266833 VLL | F5: FOLIO
A6: Aporta carta de compromiso | E6: SI | F6: FOLIO
A7: Años dedicados al ejercicio de la profesión:
A9: II. ESTUDIOS
A10: FORMACION ACADEMICA Y EXPERIENCIA
A11: PREGRADO
A12: N° | B12: ESTABLECIMIENTO | E12: TITULO OBTENIDO | F12: FECHA DE GRADO
F13: DIA | G13: MES | H13: AÑO
A14: 1 | B14: UNIVERSIDAD DEL VALLE | E14: INGENIERO CIVIL | H14: 1996
A15: POSTGRADO
A16: N° | B16: ESTABLECIMIENTO | E16: TITULO OBTENIDO | F16: FECHA DE GRADO
F17: DIA | G17: MES | H17: AÑO
A18: 2 | B18: UNIVERSIDAD DE LA SALLE | E18: ESPECIALISTA EN GERENCIA DE PROYECTOS EN INGENIERÍA | G18: 4 | H18: 2013
A19: III. EXPERIENCIA ESPECIFICA
A20: EXPERIENCIA ESPECIFICA (Relacionar en orden cronológico, iniciando por el cargo actual
A22: N° | B22: ENTIDAD O FIRMA CONTRATANTE | D22: CARGO | E22: OBJETO DEL CONTRATO | F22: PERIODO LABORADO | H22: TIEMPO LAB (AÑOS) | I22: CUMPLE | K22: OBSERVACIONES
F23: FECHA INICIO | G23: FECHA TERMINACION
I24: SI | J24: NO
A25: 1 | B25: CONSORCIO PUERTO CONCORDIA PARA MUNICIPIO DE PUERTO CONCORDIA (META) | D25: DIRECTOR DE INTERVENTORIA | E25: Realizar la interventoría técnica, administrativa y financiera del contrato DE LA CONSTRUCCIÓN PRIMARIA Y DIRECTOR DE INTERVENTORIA 5/01/2012 15/10/2013 21 CARGO PROPUESTO: DIRECTOR DE INTERVENTORÍA NOMBRES Y APELLIDOS: ALEXANDER TANAKA TANAKA TIPO Y NO. DOCUMENTO DE IDENTIDAD: C.C. 79.569.443 DIRECCIÓN: CARRERA 4 N. 59 - 54 TELEFONO: 311-8504133 CORREO ELECTRÓNICO: hugomarroquin@hotmail.com BACHILLERATO SEDE SAN FERNANDO DEL MUNICIPIO DE PUERTO CONCORDIA, | F25: 40913 | G25: 45214 | H25: =+(G25-F25)/30/12 -> 11.947222 | I25: X
A26: 2 | B26: CONSORCIO INTERAEROPUERTOS PARA AGENCIA NACIONAL DE INFRAESTRUCTURA | D26: SUBDIRECTOR DE INTERVENTORIA | E26: . Velar por el cumplimiento de las obligaciones establecidas en el contrato de Concesión Esquema APP No. 003 de 05 de marzo de 2015 – Proyecto Aeropuerto Internacional Ernesto Cortissoz. | F26: 42768 | G26: 43707 | H26: =+(G26-F26)/30/12 -> 2.6083333 | I26: X
A27: 3 | B27: CONSORCIO INTERVENTORES – PARA EL MUNICIPIO DE CHIA . | D27: DIRECTOR - ASESOR | E27: Control y análisis de proyectos, en sus áreas de factibilidad, análisis, mitigación y manejo de riesgos, en las fases precontractuales y contractuales de los contratos de Interventoría. . Realizar la interventoría técnica, administrativa y financiera del contrato de DE LA TERMINACION DE LA BIBLIOTECA Y PARTE DE SU ENTORNO EN EL MUNICIPIO DE CHIA, | F27: 40765 | G27: 41750 | H27: =+(G27-F27)/30/12 -> 2.7361111 | I27: X
A28: 4
A29: 5
A30: 6
A31: 7
A32: 8
A33: 9
A34: 10
A35: 11
A36: 12
H37: =SUM(H25:H36) -> 17.291667 | I37: AÑOS
A38: REQUISITO HABILITANTE
A39: PERFIL PROFESIONAL SOLICITADO | C39: CUMPLE/NO CUMPLE | F39: Experiencia General > seis (6) años en el ejercicio de la profesión, contados partir de la expedición de la tarjeta profesional. | H39: Experiencia especifica
A40: INGENIERO (A) CIVIL. Y/O ARQQUITECTO POSGRADO: EN CUALQUIER RAMA DE LA INGENIERIA | C40: CUMPLE
F41: 27 | H41: Demostrar experiencia de dos (2) años, en proyectos como director o coordinador de Interventorías a la construcción de Edificios y /o mantenimiento de edificaciones institucionales y / o privadas
F42: CUMPLE | H42: CUMPLE
B45: ANGELICA MARIA SANCHEZ RODRIGUEZ SOPORTE TÈCNICO

Sheet RESIDENTE PROP1
A1: EVALUACIÓN HOJA DE VIDA PROFESIONAL PROPUESTO
A2: CARGO PROPUESTO: | D2: RESIDENTE DE INTERVENTORIA | E2: RESIDENTE DE INTERVENTORIA
A3: Nombre Completo | E3: EDWARD ALFONSO PEÑALOZA VÁSQUEZ
A4: Profesión | E4: INGENIERO CIVIL
A5: Tarjeta Profesional | E5: 25202-55832 CND | F5: FOLIO
A6: Aporta carta de compromiso | E6: SI | F6: FOLIO
A7: Años dedicados al ejercicio de la profesión:
A9: II. ESTUDIOS
A10: FORMACION ACADEMICA Y EXPERIENCIA
A11: PREGRADO
A12: N° | B12: ESTABLECIMIENTO | E12: TITULO OBTENIDO | F12: FECHA DE GRADO
F13: DIA | G13: MES | H13: AÑO
A14: 1 | B14: UNIVERSIDAD SANTO TOMAS DE AQUINO | E14: INGENIERO CIVIL | H14: 1994
A15: POSTGRADO
A16: N° | B16: ESTABLECIMIENTO | E16: TITULO OBTENIDO | F16: FECHA DE GRADO
F17: DIA | G17: MES | H17: AÑO
B18: UNIVERSIDAD MILITAR NUEVA GRANADA | E18: ESPECIALISTA EN VIAS Y PAVIMENTOS | H18: 2011
A19: III. EXPERIENCIA ESPECIFICA
A20: EXPERIENCIA ESPECIFICA (Relacionar en orden cronológico, iniciando por el cargo actual
A22: N° | B22: ENTIDAD O FIRMA CONTRATANTE | D22: CARGO | E22: OBJETO DEL CONTRATO | F22: PERIODO LABORADO | H22: TIEMPO LAB (AÑOS) | I22: CUMPLE | K22: OBSERVACIONES
F23: FECHA INICIO | G23: FECHA TERMINACION
I24: SI | J24: NO
A25: 1 | B25: CONSORCIO INTERVENTORIA LA MESA PARA MUNICIPIO DE LA MESA | D25: RESIDENTE DE INTERVENTORIA | E25: Verificar que la obra del contrato de adecuación, mejoramiento y construcción escenario deportivo y cultural del barrio la perla - la mesa Cundinamarca, centro, se llevase a cabo de acuerdo con los planos, especificaciones y normativas aplicables. | F25: 42221 | G25: 42405 | H25: =+(G25-F25)/30/12 -> 0.51111111 | I25: X
A26: 2 | B26: CONSORCIO PUERTO CONCORDIA PARA MUNICIPIO DE PUERTO CONCORDIA (META) | D26: RESIDENTE DE INTERVENTORIA | E26: Verificar que la obra del contrato de adecuación, mejoramiento y construcción escenario deportivo y cultural del barrio la perla - la mesa Cundinamarca, centro, se llevase a cabo de acuerdo con los planos, especificaciones y normativas aplicables. | F26: 40913 | G26: 41562 | H26: =+(G26-F26)/30/12 -> 1.8027778 | I26: X
A27: 3
A28: 4
A29: 5
A30: 6
A31: 7
A32: 8
A33: 9
A34: 10
A35: 11
A36: 12
H37: =SUM(H25:H36) -> 2.3138889 | I37: AÑOS
A38: REQUISITO HABILITANTE
A39: PERFIL PROFESIONAL SOLICITADO | C39: CUMPLE/NO CUMPLE | F39: Experiencia General > A 2 años | H39: Experiencia especifica
A40: INGENIERO Y /O ARQUITECTO/A. POSGRADO: EN CUALQUIER RAMA DE LA INGENIERIA | C40: CUMPLE
F41: 29 AÑOS | H41: Demostrar mediante certificaciones, experiencia en un (1) año, en proyectos como residenter de Interventorías a la construcción de Edificios y /o mantenimiento de edificaciones institucionales y / o privadas. y mantenimiento de edificaciones institucionales y / o privadas.
F42: CUMPLE | H42: CUMPLE
B45: NOMBRE DE QUIEN CALIFICO FDLRUU xxxxx SOPORTE TÈCNICO

Sheet PROP 2
B1: EXPERIENCIA HABILITANTE DEL PROPONENTE :2.INTERDI SAS
B2: FDLRUU CMA 005-2023 OBJETO: “REALIZAR LA INTERVENTORÍA TÉCNICA, ADMINISTRATIVA, LEGAL, FINANCIERA, SOCIAL, AMBIENTAL Y DE SEGURIDAD Y SALUD EN EL TRABAJO (SST), DEL CONTRATO DE OBRA PÚBLICA QUE TIENE POR OBJETO: CONTRATAR A PRECIOS UNITARIOS FIJOS, LAS OBRAS REFERENTES AL MANTENIMIENTO Y REPARACIONES LOCATIVAS DE LOS SALONES COMUNALES EN LA LOCALIDAD DE RAFAEL URIBE URIBE EN LA CIUDAD DE BOGOTA”, DEL PROCESO DERIVADO DE SELECCIÓN ABREVIDA SAMC 006-2023”
B3: 3.8.1 EXIGENCIA MÍNIMA DE LA EXPERIENCIA DEL PROPONENTE
B4: PROPONENTE: 2 INTERDI SAS.:REP LEGAL LUIS IVAN MUÑOZ
B5: No. | C5: No CONTRATO QUE SE PRESENTA EN LA CERTIFICACION. | D5: ENTIDAD CONTRATANTE | E5: CONTRATISTA QUE PRESENTA LA CERTIFICACION | F5: OBJETO DEL CONTRATO DE LA CERTIFICACION PRESENTADA. | G5: CONSECUTIVO RUP SI ES UN CONSORCIO SE PONDRÁN LOS CONSECUTIVOS DE CADA CONSORCIADO SI APLICA. | H5: INTEGRANTES DEL PROPONENTE PLURAL - % DE PARTICIPACION DE CADA INTEGRANTE EN LA CERTIFICACION PRESENTADA. | I5: CONSORCIADO QUE PRESENTA LA EXPERIENCIA EN EL CONTRATO O EN LA CERTIFICACION | J5: EXPERIENCIA GENERAL DEL PROPONENTE: | M5: EXPERIENCIA ESPECÍFICA DEL PROPONENTE: | N5: % PARTICIPACION | O5: FECHA DE INICIACION | P5: FECHA DE TERMINACION | Q5: VALOR TOTAL DEL CONTRATO | R5: PORCENTAJE PARTICIPACION EN PESOS COLOMBIANOS | S5: SMMLV QUE HABILITAN EN TOTAL 1 a 2 =75% 3 a 4 = 120% 5 a 6 = 150% | T5: SMMLV PROPONENTE REFERIDO AL AÑO EN QUE SE TERMINO EL CONTRATO. | U5: % DE SMMLV SOBRE EL P.O. | V5: OBSERVACION
J6: a. Debe estar inscrita y en firme en el RUP y cumplir con todos los códigos del Clasificador de Bienes y Servicios, así: 80101600-81101500-80101500 | K6: interventoría a construcción y/o terminación y/o ampliación y/o remodelación y/o reforzamiento y/o adecuación y/o mantenimiento y/o mejoramiento y/o modificación de edificaciones | L6: Los contratos aportados como experiencia válida y que corresponda a edificaciones debieron iniciar su ejecución luego de la expedición del Reglamento Colombiano de construcción Sismo Resistente – NSR-98., esto es, después del 09 de enero de 1998. 1 de los contratos relacionados como experiencia en edificaciones podrá haber iniciado ejecución antes del 09 de enero de 1998, fecha en cual se expidió la NSR-98. 1 único contrato para acreditar la experiencia solicitada, este deberá haber iniciado ejecución luego del 15 de julio de 2010, fecha en la cual entró en vigencia la NSR-10, y haya terminado su ejecución antes de la fecha del cierre del presente procedimiento de selección. Por lo menos uno (1) de los contratos validos aportados como experiencia debe haber iniciado ejecución con posteridad a la expedición de la NSR-10, el cual debió haberse ejecutado y terminado antes de la fecha del cierre del presente proceso de contratación | M6: Por lo menos uno (1) de los contratos válidos aportados como experiencia general deben contemplar un área intervenida o construida igual o superior al (50%) del total de metros cuadrados del proceso de selección, el cual corresponde a 725 M2 AREA A INTERVENIR]
B7: 1 | C7: 288 DE 2008 | D7: FEDERACION NACIONAL DE CAFETEROS | E7: FEDERACION NACIONAL DE CAFETEROS | F7: INTERVENTORIA VALLE DEL GUAMUEZ - LA HORMIGA (PUTUMAYO) CENTRO COMUNITARIO, INTERVENTORIA PUERTO LEGUIZAMO (PUTUMAYO) POLIDEPORTIVO. | G7: 9 | H7: DIANA CAROLINA HERRAN ORJUELA | I7: INTERDI | J7: 81 10 15 00 80 10 16 00 | K7: CUMPLE | L7: CUMPLE | M7: CUMPLE | N7: 1 | O7: 39728 | P7: 40086 | Q7: 32018940 | R7: =Q7*N7 -> 32018940 | T7: =+R7/Hoja1!B17 -> 64.437392 | U7: =+T7/$P$13 -> 0.66442111
B9: 2 | C9: 196 DE 2011 | D9: FEDERACION NACIONAL DE CAFETEROS | E9: FEDERACION NACIONAL DE CAFETEROS | F9: INTERVENTORIA TECNICA, ADMINISTRATIVA, AMBIENTAL Y FINANCIERA A LAS OBRAS DE INFRAESTRUCTURA EN LOS DEPARTAMENTOS DE CUNDINAMARCA Y BOYACA EN LOS MUNICIPIOS DE FACARATIVA, FUSAGASUGA, ANAPOIMA Y TENZA QUE EJECUTARA LA FEDERACION | G9: 13 | H9: DIANA CAROLINA HERRAN ORJUELA | I9: INTERDI | J9: 81 10 15 00 80 10 16 01 | K9: CUMPLE | N9: 1 | O9: 40701 | P9: 40904 | Q9: 89347840 | R9: =Q9*N9 -> 89347840 | T9: =+R9/Hoja1!B18 -> 193.60312 | U9: =+T9/P13 -> 1.9962633
B10: 3 | C10: CONTRATO DE INTERVENTORÍA NO. 3-1-102452-4631-02 | D10: FINDETER | E10: FINDETER | F10: “LA “INTERVENTORÍA TÉCNICA, ADMINISTRATIVA, FINANCIERA, CONTABLE, AMBIENTAL, SOCIAL Y JURÍDICA A LOS CONTRATOS ELABORACIÓN PARA LA ELABORACIÓN DE LOS DIAGNÓSTICOS, ESTUDIOS Y DISEÑOS TÉCNICOS, REHABILITACIÓN, RECONSTRUCCIÓN Y CONSTRUCCION DE LAS INFRAESTRUCTURAS CULTURALES DE LA ISLA DE PROVIDENCIA AFECTADAS POR EL HURACAN IOTA” | G10: 68 | H10: DIANA CAROLINA HERRAN ORJUELA | I10: INTERDI | J10: 81 10 15 00 81 10 15 00 80 10 16 00 | K10: CUMPLE | N10: 1 | O10: 44603 | P10: 44876 | Q10: 6813656930 | R10: 419982650 | T10: =+R10/Hoja1!B4 -> 419.98265 | U10: =+T10/P13 -> 4.3304878
B11: 5 | C11: FP- 407 de 2020 | D11: FONDO PAZ ( DEPARTAMENTO ADMINISTRATIVO DE LA PRESIDENCIA DE LA REPUBLICA ) | E11: FONDO PAZ ( DEPARTAMENTO ADMINISTRATIVO DE LA PRESIDENCIA DE LA REPUBLICA ) | F11: Interventoría Técnica, Financiera, Administrativa, Legal Ambiental para la construcción del parque infantil en la cabecera municipal de López de Micay, departamento del Cauca. ALCANCE: La Solicitud de Contratación, los Antecedentes, los términos de referencia y el Anexo Técnico, cuyo conocimiento y aceptación ratifican las partes con la suscripción de este contrato, se entienden incorporados en él, aun cuando éste no reproduzca su contenido. | G11: 72 | H11: DIANA CAROLINA HERRAN ORJUELA | I11: INTERDI | J11: 82 10 15 00 81 10 15 00 80 10 16 00 | K11: CUMPLE | N11: 1 | O11: 44518 | P11: 44227 | Q11: 49.189 | R11: 44695210 | T11: =+R11/Hoja1!B5 -> 49.195301 | U11: =T11/Hoja1!B5 -> 5.4148479e-05
B12: 4 | R12: =+N12*Q12 -> 0 | T12: =+R12/828116 -> 0
L13: P.O. | N13: 112500000 | P13: =+N13/N16 -> 96.982759 | Q13: % P.O. | R13: SMMLV | S13: SUMATORIA | T13: =SUM(T7:T12) -> 727.21846 | U13: =SUM(U7:U12) -> 6.9912263 | V13: HABILITADO
S15: % P.O. | T15: SMMLV
L16: SMMLV 2023 | N16: 1160000 | R16: 0.75 | S16: =+$N$13*R16 -> 84375000 | T16: =+S16/$N$16 -> 72.737069
R17: 1.2 | S17: =+$N$13*R17 -> 135000000 | T17: =+S17/$N$16 -> 116.37931
R18: 1.5 | S18: =+$N$13*R18 -> 168750000 | T18: =+S18/$N$16 -> 145.47414
F20: NOMBRE DE QUIEN CALIFICO FDLRUU
F21: xxxxx SOPORTE TÈCNICO

Sheet DIRECTOR PROP 2
A1: EVALUACIÓN HOJA DE VIDA PROFESIONAL PROPUESTOPROPONENTE 2.
A2: CARGO PROPUESTO: | D2: DIRECTOR DE INTERVENTORIA
A3: Nombre Completo | E3: CLARA LUZ JARAMILLO HENAO
A4: Profesión | E4: INGENIERO CIVIL
A5: Tarjeta Profesional | E5: 63202 – 59789 QND | F5: FOLIO
A6: Aporta carta de compromiso | E6: SI | F6: FOLIO
A7: Años dedicados al ejercicio de la profesión:
A9: II. ESTUDIOS
A10: FORMACION ACADEMICA Y EXPERIENCIA
A11: PREGRADO
A12: N° | B12: ESTABLECIMIENTO | E12: TITULO OBTENIDO | F12: FECHA DE GRADO
F13: DIA | G13: MES | H13: AÑO
A14: 1 | B14: UNIVERSIDAD DEL QUINDIO | E14: INGENIERO CIVIL | H14: 1996
A15: POSTGRADO
A16: N° | B16: ESTABLECIMIENTO | E16: TITULO OBTENIDO | F16: FECHA DE GRADO
F17: DIA | G17: MES | H17: AÑO
A18: 2 | B18: UNIVERSIDAD SANTO TOMAS | E18: ESPECIALISTA EN PATOLOGIA | G18: 4 | H18: 2013
A19: III. EXPERIENCIA ESPECIFICA
A20: EXPERIENCIA ESPECIFICA (Relacionar en orden cronológico, iniciando por el cargo actual
A22: N° | B22: ENTIDAD O FIRMA CONTRATANTE | D22: CARGO | E22: OBJETO DEL CONTRATO | F22: PERIODO LABORADO | H22: TIEMPO LAB (AÑOS) | I22: CUMPLE | K22: OBSERVACIONES
F23: FECHA INICIO | G23: FECHA TERMINACION
I24: SI | J24: NO
A25: 1 | B25: FEDERACION NACIONAL DE CAFETEROS | D25: DIRECTOR DE INTEVENTORIA | E25: INTERVENTORIA PARA EL MEJORAMIENTO ROVIRA SAN ANTONIO ZANJA HONDA, MUNICIPIO SAN ANTONIO- TOLIMA, CONSTRUCCION DORMITORIOS COLEGIO ALVARO MOLINA- DEPARTAMENTO DEL CHAPARRAL ( TOLIMA), MEJORAMIENTO INSTALACIONES COLEGIO JOSE MARIA CARBONELL - MUNICIPIO SAN | F25: 39675 | G25: 40252 | H25: =+(G25-F25)/30/12 -> 1.6027778 | I25: X
A26: 2 | B26: LA ORGANIZACIÓN INTERNACIONAL PARA LAS MIGRACIONES- OIM | D26: DIRECTOR DE INTEVENTORIA | E26: REALIZAR LA INTERVENTORÍA TÉCNICA, ADMINISTRATIVA Y FINANCIERA DE LOS DIAGNÓSTICOS Y MEJORAMIENTOS A LAS SEDES EDUCATIVAS UBICADAS EN LOS DIFERENTES DEPARTAMENTOS A NIVEL NACIONAL. | F26: 43294 | G26: 43738 | H26: =+(G26-F26)/30/12 -> 1.2333333 | I26: X
A27: 3 | B27: POLICIA NACIONAL | D27: DIRECTOR DE INTEVENTORIA | E27: INTERVENTORÍA TÉCNICO, ADMINISTRATIVA, FINANCIERA, LEGAL, AMBIENTAL Y SOCIAL PARA LA CONSTRUCCIÓN Y DOTACIÓN ESTACIÓN DE POLICÍA NIMAIMA- CUNDINAMARCA, A PRECIOS UNITARIOS FIJOS SIN FÓRMULA DE REAJUSTE | F27: 41764 | G27: 42052 | H27: =+(G27-F27)/30/12 -> 0.8 | I27: X
A28: 4 | B28: FINDETER | D28: DIRECTOR DE INTEVENTORIA | E28: “LA “INTERVENTORÍA TÉCNICA, ADMINISTRATIVA, FINANCIERA, CONTABLE, AMBIENTAL, SOCIAL Y JURÍDICA A LOS CONTRATOS ELABORACIÓN PARA LA ELABORACIÓN DE LOS DIAGNÓSTICOS, ESTUDIOS Y DISEÑOS TÉCNICOS, REHABILITACIÓN, RECONSTRUCCIÓN Y CONSTRUCCION DE LAS INFRAESTRUCTURAS CULTURALES DE LA ISLA DE PROVIDENCIA | F28: 44603 | G28: 44876 | H28: =+(G28-F28)/30/12 -> 0.75833333 | I28: X
A29: 5
A30: 6
A31: 7
A32: 8
A33: 9
A34: 10
A35: 11
A36: 12
H37: 4.25 | I37: AÑOS
A38: REQUISITO HABILITANTE
A39: PERFIL PROFESIONAL SOLICITADO | C39: CUMPLE/NO CUMPLE | F39: Experiencia General > seis (6) años en el ejercicio de la profesión, contados partir de la expedición de la tarjeta profesional. | H39: Experiencia especifica
A40: INGENIERO (A) CIVIL. Y/O ARQQUITECTO POSGRADO: EN CUALQUIER RAMA DE LA INGENIERIA | C40: CUMPLE
F41: 27 AÑOS | H41: Demostrar experiencia de dos (2) años, en proyectos como director o coordinador de Interventorías a la construcción de Edificios y /o mantenimiento de edificaciones institucionales y / o privadas
F42: CUMPLE | H42: CUMPLE
B45: ANGELICA MARIA SANCHEZ RODRIGUEZ SOPORTE TÈCNICO

Sheet RESIDENTE PROP2
A1: EVALUACIÓN HOJA DE VIDA PROFESIONAL PROPUESTO
A2: CARGO PROPUESTO: | D2: RESIDENTE DE INTERVENTORIA | E2: RESIDENTE DE INTERVENTORIA
A3: Nombre Completo | E3: GUIDO ALFREDO GONZALEZ GARCIA
A4: Profesión | E4: INGENIERO CIVIL
A5: Tarjeta Profesional | E5: 44202-405545 GJA | F5: FOLIO
A6: Aporta carta de compromiso | E6: SI | F6: FOLIO
A7: Años dedicados al ejercicio de la profesión:
A9: II. ESTUDIOS
A10: FORMACION ACADEMICA Y EXPERIENCIA
A11: PREGRADO
A12: N° | B12: ESTABLECIMIENTO | E12: TITULO OBTENIDO | F12: FECHA DE GRADO
F13: DIA | G13: MES | H13: AÑO
A14: 1 | B14: UNIVERSIDAD DE LA GUAJIRA | E14: INGENIERO CIVIL | H14: 2018
A15: POSTGRADO
A16: N° | B16: ESTABLECIMIENTO | E16: TITULO OBTENIDO | F16: FECHA DE GRADO
F17: DIA | G17: MES | H17: AÑO
E18: GERENCIA DE CONSTRUCCIONES | H18: 2023
A19: III. EXPERIENCIA ESPECIFICA
A20: EXPERIENCIA ESPECIFICA (Relacionar en orden cronológico, iniciando por el cargo actual
A22: N° | B22: ENTIDAD O FIRMA CONTRATANTE | D22: CARGO | E22: OBJETO DEL CONTRATO | F22: PERIODO LABORADO | H22: TIEMPO LAB (AÑOS) | I22: CUMPLE | K22: OBSERVACIONES
F23: FECHA INICIO | G23: FECHA TERMINACION
I24: SI | J24: NO
A25: 1 | B25: LA ORGANIZACIÓN INTERNACIONAL PARA LAS MIGRACIONES- OIM | D25: RESIDENTE DE INTERVENTORIA | E25: REALIZAR LA INTERVENTORÍA TÉCNICA, ADMINISTRATIVA Y FINANCIERA DE LOS DIAGNÓSTICOS Y MEJORAMIENTOS A LAS SEDES EDUCATIVAS UBICADAS EN LOS DIFERENTES DEPARTAMENTOS A NIVEL NACIONAL. | F25: 43371 | G25: 43524 | H25: =+(G25-F25)/30/12 -> 0.425 | I25: X
A26: 2 | B26: LA ORGANIZACIÓN INTERNACIONAL PARA LAS MIGRACIONES- OIM | D26: RESIDENTE DE INTERVENTORIA | E26: REALIZAR LA INTERVENTORÍA TÉCNICA, ADMINISTRATIVA Y FINANCIERA DE LOS DIAGNÓSTICOS Y MEJORAMIENTOS A LAS SEDES EDUCATIVAS UBICADAS EN LOS DIFERENTES DEPARTAMENTOS A NIVEL NACIONAL. | F26: 43529 | G26: 43738 | H26: =+(G26-F26)/30/12 -> 0.58055556 | I26: X
A27: 3 | B27: PATRIMONIO NATURAL FONDO PARA LA DIVERSIDAD Y ÁREAS PROTEGIDAS | D27: RESIDENTE DE INTERVENTORIA | E27: INTERVENTORIA TÉCNICA, ADMINISTRATIVA, FINACIERA Y AMBIENTAL A OBRAS DE INFRAESTRUCTURA DE EDIFICACIONES EN PROCESO DE CONTRATACION, PARA LAS AREAS PROTEGIDAS PRIORIZADAS DEL PROGRAMA AREAS PROTEGIDAS Y DIVERSIDAD BIOLOGICA FASE I EN LA DIRECCION TERRITORIAL CARIBE DE PARQUES NACIONALES NATURALES DE COLOMBIA. | F27: 43862 | G27: 44170 | H27: =+(G27-F27)/30/12 -> 0.85555556 | I27: X
A28: 4 | B28: FINDETER | D28: RESIDENTE DE INTERVENTORIA | E28: LA INTERVENTORIA TECNICA, ADMINISTRATIVA, FINANCIERA, CONTABLE, AMBIENTAL, SOCIAL Y JURIDICA DE LA CONSTRUCCION DEL PROYECTO DE LA NUEVA SEDE DE LA FISCALIA GENERAL DE LA NACION EN EL MUNICIPIO DE PROVIDENCIA, DEPARTAMENTO ARCHIPIELAGO DE SAN ANDRES, PROVIDENCIA Y SANTA CATALINA | F28: 44613 | G28: 44916 | H28: =+(G28-F28)/30/12 -> 0.84166667 | I28: X
A29: 5
A30: 6
A31: 7
A32: 8
A33: 9
A34: 10
A35: 11
A36: 12
H37: =SUM(H25:H36) -> 2.7027778 | I37: AÑOS
A38: REQUISITO HABILITANTE
A39: PERFIL PROFESIONAL SOLICITADO | C39: CUMPLE/NO CUMPLE | F39: Experiencia General > A 2 años | H39: Experiencia especifica
A40: INGENIERO Y /O ARQUITECTO/A. POSGRADO: EN CUALQUIER RAMA DE LA INGENIERIA | C40: CUMPLE/
F41: 5 AÑOS | H41: Demostrar mediante certificaciones, experiencia en un (1) año, en proyectos como residenter de Interventorías a la construcción de Edificios y /o mantenimiento de edificaciones institucionales y / o privadas. y mantenimiento de edificaciones institucionales y / o privadas.
F42: CUMPLE | H42: CUMPLE
B45: NOMBRE DE QUIEN CALIFICO FDLRUU xxxxx SOPORTE TÈCNICO

Sheet PROP 3
B1: EXPERIENCIA HABILITANTE DEL PROPONENTE :3, NOGALL SA
B2: FDLRUU CMA 005-2023 OBJETO: “REALIZAR LA INTERVENTORÍA TÉCNICA, ADMINISTRATIVA, LEGAL, FINANCIERA, SOCIAL, AMBIENTAL Y DE SEGURIDAD Y SALUD EN EL TRABAJO (SST), DEL CONTRATO DE OBRA PÚBLICA QUE TIENE POR OBJETO: CONTRATAR A PRECIOS UNITARIOS FIJOS, LAS OBRAS REFERENTES AL MANTENIMIENTO Y REPARACIONES LOCATIVAS DE LOS SALONES COMUNALES EN LA LOCALIDAD DE RAFAEL URIBE URIBE EN LA CIUDAD DE BOGOTA”, DEL PROCESO DERIVADO DE SELECCIÓN ABREVIDA SAMC 006-2023”
B3: 3.8.1 EXIGENCIA MÍNIMA DE LA EXPERIENCIA DEL PROPONENTE
B4: PROPONENTE: 3 NOGALL S.A:REP LEG: JORGE HERNANDO BELTRAN CATUMA
B5: No. | C5: No CONTRATO QUE SE PRESENTA EN LA CERTIFICACION. | D5: ENTIDAD CONTRATANTE | E5: CONTRATISTA QUE PRESENTA LA CERTIFICACION | F5: OBJETO DEL CONTRATO DE LA CERTIFICACION PRESENTADA. | G5: CONSECUTIVO RUP SI ES UN CONSORCIO SE PONDRÁN LOS CONSECUTIVOS DE CADA CONSORCIADO SI APLICA. | H5: INTEGRANTES DEL PROPONENTE PLURAL - % DE PARTICIPACION DE CADA INTEGRANTE EN LA CERTIFICACION PRESENTADA. | I5: CONSORCIADO QUE PRESENTA LA EXPERIENCIA EN EL CONTRATO O EN LA CERTIFICACION | J5: EXPERIENCIA GENERAL DEL PROPONENTE: | M5: EXPERIENCIA ESPECÍFICA DEL PROPONENTE: | N5: % PARTICIPACION | O5: FECHA DE INICIACION | P5: FECHA DE TERMINACION | Q5: VALOR TOTAL DEL CONTRATO | R5: PORCENTAJE PARTICIPACION EN PESOS COLOMBIANOS | S5: SMMLV QUE HABILITAN EN TOTAL 1 a 2 =75% 3 a 4 = 120% 5 a 6 = 150% | T5: SMMLV PROPONENTE REFERIDO AL AÑO EN QUE SE TERMINO EL CONTRATO. | U5: % DE SMMLV SOBRE EL P.O. | V5: OBSERVACION
J6: a. Debe estar inscrita y en firme en el RUP y cumplir con todos los códigos del Clasificador de Bienes y Servicios, así: 80101600-81101500-80101500 | K6: interventoría a construcción y/o terminación y/o ampliación y/o remodelación y/o reforzamiento y/o adecuación y/o mantenimiento y/o mejoramiento y/o modificación de edificaciones | L6: Los contratos aportados como experiencia válida y que corresponda a edificaciones debieron iniciar su ejecución luego de la expedición del Reglamento Colombiano de construcción Sismo Resistente – NSR-98., esto es, después del 09 de enero de 1998. 1 de los contratos relacionados como experiencia en edificaciones podrá haber iniciado ejecución antes del 09 de enero de 1998, fecha en cual se expidió la NSR-98. 1 único contrato para acreditar la experiencia solicitada, este deberá haber iniciado ejecución luego del 15 de julio de 2010, fecha en la cual entró en vigencia la NSR-10, y haya terminado su ejecución antes de la fecha del cierre del presente procedimiento de selección. Por lo menos uno (1) de los contratos validos aportados como experiencia debe haber iniciado ejecución con posteridad a la expedición de la NSR-10, el cual debió haberse ejecutado y terminado antes de la fecha del cierre del presente proceso de contratación | M6: Por lo menos uno (1) de los contratos válidos aportados como experiencia general deben contemplar un área intervenida o construida igual o superior al (50%) del total de metros cuadrados del proceso de selección, el cual corresponde a 725 M2 AREA A INTERVENIR]
B7: 1 | C7: 324 DE 2005 | D7: SECREATARIA DE EDUCACION MUNICIPIO DE BELLO | E7: NOGAALL PROYEC EU | F7: Interventoría Técnica para la construcción de aulas en la Institución Educativa Tomás Cadavid del Municipio de Bello. | G7: 15 | H7: ORLANDO ORDOÑEZ ROCHA 50% | I7: NOGAALL PROYEC EU | J7: 81 10 15 00 80 10 16 00 | K7: CUMPLE | L7: CUMPLE | M7: CUMPLE | N7: 1 | O7: 38684 | P7: 39031 | Q7: 38789000 | R7: =Q7*N7 -> 38789000 | S7: 1 a 2 = 72,34 3 a 4 = 116,38 5 a 6 = 145,47 | T7: =+R7/Hoja1!B20 -> 95.071078 | U7: =+T7/P15 -> 0.98028845 | X7: =1728.41*0.5 -> 864.205
H8: CONSULTAR CON PROFESIONALES Y CIA LTDA 25%
B9: 2 | C9: 1306 DE 2019 | D9: GOBERNACION DEL TOLIMA | E9: CONSORCIO EDIFICACIONES NTC | F9: INTERVENTORÍA TÉCNICA, ADMINISTRATIVA, FINANCIERA, CONTABLE, JURÍDICA Y AMBIENTAL AL PROYECTO DE CONSTRUCCIÓN MEGACOLEGIO BILBAO MUNICIPIO DE PLANADAS, TOLIMA | G9: 59 | H9: CONSORCIO EDIFICACIONES NTC 36% | I9: CONSORCIO EDIFICACIONES NTC | J9: 81 10 15 00 80 10 16 01 | K9: CUMPLE | L9: CUMPLE | M9: CUMPLE | N9: 0.36 | O9: 26/062/2019 | P9: 44303 | Q9: 794294763 | R9: =Q9*N9 -> 2.8594611e+08 | S9: 1 a 2 = 72,34 3 a 4 = 116,38 5 a 6 = 145,47 | T9: =+R9/Hoja1!B5 -> 314.7363 | U9: =+T9/P15 -> 3.245281
H10: TNM INGENIERIA S.AS. 34%
H11: GPM PROYECTOS DE INGENIERIA S.A.S | X11: =1050.76*0.51 -> 535.8876
B12: 3 | R12: =Q12*N12 -> 0 | T12: =+R12/Hoja1!B4 -> 0 | U12: =+T12/Hoja1!B4 -> 0 | X12: =2062.51*0.7 -> 1443.757
B13: 5 | R13: =+N13*Q13 -> 0 | T13: =+R13/Hoja1!B5 -> 0 | U13: =T13/Hoja1!B5 -> 0
B14: 4 | R14: =+N14*Q14 -> 0 | T14: =+R14/828116 -> 0 | X14: =+T14*2 -> 0
L15: P.O. | N15: 112500000 | P15: =+N15/N18 -> 96.982759 | Q15: % P.O. | R15: SMMLV | S15: SUMATORIA | T15: =SUM(T7:T14) -> 409.80738 | U15: =SUM(U7:U14) -> 4.2255694 | V15: HABILITADO
S17: % P.O. | T17: SMMLV
L18: SMMLV 2023 | N18: 1160000 | R18: 0.75 | S18: =+$N$15*R18 -> 84375000 | T18: =+S18/$N$18 -> 72.737069
R19: 1.2 | S19: =+$N$15*R19 -> 135000000 | T19: =+S19/$N$18 -> 116.37931
R20: 1.5 | S20: =+$N$15*R20 -> 168750000 | T20: =+S20/$N$18 -> 145.47414
F22: NOMBRE DE QUIEN CALIFICO FDLRUU
F23: xxxxx SOPORTE TÈCNICO

Sheet DIRECTOR PROP3
A1: EVALUACIÓN HOJA DE VIDA PROFESIONAL PROPUESTOPROPONENTE 2.
A2: CARGO PROPUESTO: | D2: DIRECTOR DE INTERVENTORIA
A3: Nombre Completo | E3: ARLEY MONTAÑEZ MENDEZ
A4: Profesión | E4: INGENIERO CIVIL
A5: Tarjeta Profesional | E5: 2520212790 | F5: FOLIO
A6: Aporta carta de compromiso | E6: SI | F6: FOLIO
A7: Años dedicados al ejercicio de la profesión:
A9: II. ESTUDIOS
A10: FORMACION ACADEMICA Y EXPERIENCIA
A11: PREGRADO
A12: N° | B12: ESTABLECIMIENTO | E12: TITULO OBTENIDO | F12: FECHA DE GRADO
F13: DIA | G13: MES | H13: AÑO
A14: 1 | B14: UNIVERSIDAD MILITAR NUEVA GRANADA | E14: INGENIERO CIVIL | F14: 28 | G14: 10 | H14: 2005
A15: POSTGRADO
A16: N° | B16: ESTABLECIMIENTO | E16: TITULO OBTENIDO | F16: FECHA DE GRADO
F17: DIA | G17: MES | H17: AÑO
A18: 2 | B18: UNIVERSIDAD INTERNACIONAL IBEROAMERICANA | E18: MAESTRIA EN DISEÑO Y DIRECCION DE PROYECTOS | F18: 31 | G18: 5 | H18: 2016
A19: III. EXPERIENCIA ESPECIFICA
A20: EXPERIENCIA ESPECIFICA (Relacionar en orden cronológico, iniciando por el cargo actual
A22: N° | B22: ENTIDAD O FIRMA CONTRATANTE | D22: CARGO | E22: OBJETO DEL CONTRATO | F22: PERIODO LABORADO | H22: TIEMPO LAB (AÑOS) | I22: CUMPLE | K22: OBSERVACIONES
F23: FECHA INICIO | G23: FECHA TERMINACION
I24: SI | J24: NO
A25: 1 | B25: MUNICIPIO DE OTANCHE | D25: DIRECTOR DE INTERVENTORIA | E25: INTERVENTORIA LEGAL, TÉCNICA, ADMINISTRATIVA, FINANCIERA Y AMBIENTAL A LA CONSTRUCCIÓN DEL CENTRO DE INTEGRACIÓN CIUDADANA EN EL MUNICIPIO DE OTANCHE - | F25: 42872 | G25: 43044 | H25: =+(G25-F25)/30/12 -> 0.47777778 | I25: X
A26: 2 | B26: FONPAZ | D26: DIRECTOR DE INTERVENTORIA | E26: REALIZAR LA INTERVENTORIA TECNICA, SOCIAL, ADMINISTRATIVA, JURIDICA, FINANCIERA Y CONTABLE A LOS PROYECTOS RESULTADO DE LOS CONTRATOS QUE TIENE POR OBJETO "ESTRUCTURAR, DISEÑAR, Y EJECUTAR LAS ACCIONES NECESARIAS PARA LA IMPLEMENTACIÓN DE LA ESTRATEGIA DE PROYECTOS DE PEQUEÑA INFRAESTRUCTURA SOCIAL Y COMUNITARIA "PIC" EN SU FASE II, ASI COMO EJECUTAR LAS ACCIONES DE FORTALECIMIENTO COMUNITARIO EN LOS TERRITORIOS DETERMINADOS POR LA ART" DE ACUERDO CON LAS ESPECIFICACIONES DETERMINADAS POR LA AGENCIA DE RENOVACIÓN DEL | F26: 43495 | G26: 43595 | H26: =+(G26-F26)/30/12 -> 0.27777778 | I26: X
A27: 3 | B27: SEC INTEGRACION SOCIAL | D27: DIRECTOR DE INTERVENTORIA | E27: REALIZAR LA INTERVENTORÍA TÉCNICA, FINANCIERA, CONTABLE, ADMINISTRATIVA, LEGAL, SOCIAL Y AMBIENTAL A LOS CONTRATOS QUE SE ADJUDIQUEN PARA REALIZAR LA OPTIMIZACIÓN DE LA INFRAESTRUCTURA DE LOS CENTROS, SEDES Y PREDIOS DONDE LA SECRETARÍA DISTRITAL DE INTEGRACIÓN SOCIAL PRESTA SUS SERVICIOS SOCIALES O REQUIERA DE SU INTERVENCIÓN, EN EL MARCO DE LA IMPLEMENTACIÓN DEL SISTEMA DISTRITAL DE CUIDADO. - | F27: 44607 | G27: 45097 | H27: =+(G27-F27)/30/12 -> 1.3611111 | I27: X
E28: EXPERIENCIA ESPECIFICA ADICIONAL | H28: =+(G28-F28)/30/12 -> 0
A29: 4 | B29: GOBERNACION DEL TOLIMA | D29: DIRECTOR DE INTERVENTORIA | E29: INTERVENTORIA TECNICA, ADMINISTRATIVA, FINANCIERA, CONTABLE, JURIDICA Y AMBIENTAL AL PROYECTO DE CONSTRUCCIÓN MEGACOLEGIO BILBAO, MUNICIPIO DE PLANADAS TOLIMA | F29: 43642 | G29: 43914 | H29: =+(G29-F29)/30/12 -> 0.75555556 | I29: X
A30: 5 | B30: SENA | D30: DIRECTOR DE INTERVENTORIA | E30: FINANCIERA, JURIDICA, CONTABLE Y AMBIENTAL, PARA EL MANTENIMIENTO PREDICTIVO, PREVENTIVO, CORRECTIVO, REPARACIONES Y MEJORAS LOCATIVAS A LAS INSTALACIONES DEL SERVICIO NACIONAL DE APRENDIZAJE SENA A NIVEL NACIONAL, MEDIANTE EL SISTEMA DE PRECIOS UNITARIOS FIJOS, SIN FÓRMULA DE REAJUSTE Y A MONTO AGOTABLE. | F30: 44053 | G30: 44545 | H30: =+(G30-F30)/30/12 -> 1.3666667 | I30: X
A31: 7
A32: 8
A33: 9
A34: 10
A35: 11
A36: 12
H37: =SUM(H25:H30) -> 4.2388889 | I37: AÑOS
A38: REQUISITO HABILITANTE
A39: PERFIL PROFESIONAL SOLICITADO | C39: CUMPLE/NO CUMPLE | F39: Experiencia General > seis (6) años en el ejercicio de la profesión, contados partir de la expedición de la tarjeta profesional. | H39: Experiencia especifica
A40: INGENIERO (A) CIVIL. Y/O ARQQUITECTO POSGRADO: EN CUALQUIER RAMA DE LA INGENIERIA | C40: CUMPLE
F41: 18 AÑOS | H41: Demostrar experiencia de dos (2) años, en proyectos como director o coordinador de Interventorías a la construcción de Edificios y /o mantenimiento de edificaciones institucionales y / o privadas
F42: CUMPLE | H42: CUMPLE
B45: ANGELICA MARIA SANCHEZ RODRIGUEZ SOPORTE TÈCNICO

Sheet RESIDENTE PROP 3
A1: EVALUACIÓN HOJA DE VIDA PROFESIONAL PROPUESTO
A2: CARGO PROPUESTO: | D2: RESIDENTE DE INTERVENTORIA | E2: RESIDENTE DE INTERVENTORIA
A3: Nombre Completo | E3: JORGE EDUARDO AGUIRRE GARZON
A4: Profesión | E4: ARQUITECTO
A5: Tarjeta Profesional | F5: FOLIO
A6: Aporta carta de compromiso | E6: SI | F6: FOLIO
A7: Años dedicados al ejercicio de la profesión:
A9: II. ESTUDIOS
A10: FORMACION ACADEMICA Y EXPERIENCIA
A11: PREGRADO
A12: N° | B12: ESTABLECIMIENTO | E12: TITULO OBTENIDO | F12: FECHA DE GRADO
F13: DIA | G13: MES | H13: AÑO
A14: 1 | B14: UNIVERSIDAD DE AMERICA | E14: ARQUITECTO | F14: 6 | G14: 9 | H14: 2002
A15: POSTGRADO
A16: N° | B16: ESTABLECIMIENTO | E16: TITULO OBTENIDO | F16: FECHA DE GRADO
F17: DIA | G17: MES | H17: AÑO
E18: GERENCIA DE CONSTRUCCIONES | H18: 2023
A19: III. EXPERIENCIA ESPECIFICA
A20: EXPERIENCIA ESPECIFICA (Relacionar en orden cronológico, iniciando por el cargo actual
A22: N° | B22: ENTIDAD O FIRMA CONTRATANTE | D22: CARGO | E22: OBJETO DEL CONTRATO | F22: PERIODO LABORADO | H22: TIEMPO LAB (AÑOS) | I22: CUMPLE | K22: OBSERVACIONES
F23: FECHA INICIO | G23: FECHA TERMINACION
I24: SI | J24: NO
A25: 1 | B25: SEC INTEGRACION SOCIAL | D25: RESIDENTE DE INTERVENTORIA | E25: REALIZAR LA INTERVENTORÍA TÉCNICA, FINANCIERA, CONTABLE, ADMINISTRATIVA, LEGAL, SOCIAL Y AMBIENTAL A LOS CONTRATOS QUE SE ADJUDIQUEN PARA REALIZAR LA OPTIMIZACIÓN DE LA INFRAESTRUCTURA DE LOS CENTROS, SEDES Y PREDIOS DONDE LA SECRETARÍA DISTRITAL DE INTEGRACIÓN SOCIAL PRESTA SUS SERVICIOS SOCIALES O REQUIERA DE SU INTERVENCIÓN, EN EL MARCO DE LA IMPLEMENTACIÓN DEL SISTEMA DISTRITAL DE CUIDADO. - | F25: 44607 | G25: 45169 | H25: =+(G25-F25)/30/12 -> 1.5611111 | I25: X
A26: 2 | B26: FINDETER | D26: RESIDENTE DE INTERVENTORIA | E26: INTERVENTORIA INTEGRAL (ADMINISTRATIVA, FINANCIERA, CONTABLE, AMBIENTAL, SOCIAL, JURIDICA Y TÉCNICA) DE LA ELABORACIÓN DE DIAGNÓSTICOS, ESTUDIOS TÉCNICOS, AJUSTES A DISEÑOS O DISEÑOS INTEGRALES, CONSTRUCCIÓN Y PUESTA EN FUNCIONAMIENTO DE LAS OBRAS DE INFRAESTRUCTURA EDUCATIVA· UBICADA EN EL | F26: 42614 | G26: 43676 | H26: =+(G26-F26)/30/12 -> 2.95 | I26: X
A27: 3
A28: 4
A29: 5
A30: 6
A31: 7
A32: 8
A33: 9
A34: 10
A35: 11
A36: 12
H37: =SUM(H25:H26) -> 4.5111111 | I37: AÑOS
A38: REQUISITO HABILITANTE
A39: PERFIL PROFESIONAL SOLICITADO | C39: CUMPLE/NO CUMPLE | F39: Experiencia General > A 2 años | H39: Experiencia especifica
A40: INGENIERO Y /O ARQUITECTO/A. POSGRADO: EN CUALQUIER RAMA DE LA INGENIERIA | C40: CUMPLE
F41: 21 AÑOS | H41: Demostrar mediante certificaciones, experiencia en un (1) año, en proyectos como residenter de Interventorías a la construcción de Edificios y /o mantenimiento de edificaciones institucionales y / o privadas. y mantenimiento de edificaciones institucionales y / o privadas.
F42: CUMPLE | H42: CUMPLE
B45: ANGELICA MARIA SANCHEZ RODRIGUEZ SOPORTE TÈCNICO

Sheet PROP 4
B1: EXPERIENCIA HABILITANTE DEL PROPONENTE : 4.LOS ROSALES CONSTRUCTORA INMOBILIARIA S.A.S.
B2: FDLRUU CMA 005-2023 OBJETO: “REALIZAR LA INTERVENTORÍA TÉCNICA, ADMINISTRATIVA, LEGAL, FINANCIERA, SOCIAL, AMBIENTAL Y DE SEGURIDAD Y SALUD EN EL TRABAJO (SST), DEL CONTRATO DE OBRA PÚBLICA QUE TIENE POR OBJETO: CONTRATAR A PRECIOS UNITARIOS FIJOS, LAS OBRAS REFERENTES AL MANTENIMIENTO Y REPARACIONES LOCATIVAS DE LOS SALONES COMUNALES EN LA LOCALIDAD DE RAFAEL URIBE URIBE EN LA CIUDAD DE BOGOTA”, DEL PROCESO DERIVADO DE SELECCIÓN ABREVIDA SAMC 006-2023”
B3: 3.8.1 EXIGENCIA MÍNIMA DE LA EXPERIENCIA DEL PROPONENTE
B4: PROPONENTE:4 SALES.REP LEGAL:CESAR ALFONSO JIMENEZ QUINTERO
B5: No. | C5: No CONTRATO QUE SE PRESENTA EN LA CERTIFICACION. | D5: ENTIDAD CONTRATANTE | E5: CONTRATISTA QUE PRESENTA LA CERTIFICACION | F5: OBJETO DEL CONTRATO DE LA CERTIFICACION PRESENTADA. | G5: CONSECUTIVO RUP SI ES UN CONSORCIO SE PONDRÁN LOS CONSECUTIVOS DE CADA CONSORCIADO SI APLICA. | H5: INTEGRANTES DEL PROPONENTE PLURAL - % DE PARTICIPACION DE CADA INTEGRANTE EN LA CERTIFICACION PRESENTADA. | I5: CONSORCIADO QUE PRESENTA LA EXPERIENCIA EN EL CONTRATO O EN LA CERTIFICACION | J5: EXPERIENCIA GENERAL DEL PROPONENTE: | M5: EXPERIENCIA ESPECÍFICA DEL PROPONENTE: | N5: % PARTICIPACION | O5: FECHA DE INICIACION | P5: FECHA DE TERMINACION | Q5: VALOR TOTAL DEL CONTRATO | R5: PORCENTAJE PARTICIPACION EN PESOS COLOMBIANOS | S5: SMMLV QUE HABILITAN EN TOTAL 1 a 2 =75% 3 a 4 = 120% 5 a 6 = 150% | T5: SMMLV PROPONENTE REFERIDO AL AÑO EN QUE SE TERMINO EL CONTRATO. | U5: % DE SMMLV SOBRE EL P.O. | V5: OBSERVACION
J6: a. Debe estar inscrita y en firme en el RUP y cumplir con todos los códigos del Clasificador de Bienes y Servicios, así: 80101600-81101500-80101500 | K6: interventoría a construcción y/o terminación y/o ampliación y/o remodelación y/o reforzamiento y/o adecuación y/o mantenimiento y/o mejoramiento y/o modificación de edificaciones | L6: Los contratos aportados como experiencia válida y que corresponda a edificaciones debieron iniciar su ejecución luego de la expedición del Reglamento Colombiano de construcción Sismo Resistente – NSR-98., esto es, después del 09 de enero de 1998. 1 de los contratos relacionados como experiencia en edificaciones podrá haber iniciado ejecución antes del 09 de enero de 1998, fecha en cual se expidió la NSR-98. 1 único contrato para acreditar la experiencia solicitada, este deberá haber iniciado ejecución luego del 15 de julio de 2010, fecha en la cual entró en vigencia la NSR-10, y haya terminado su ejecución antes de la fecha del cierre del presente procedimiento de selección. Por lo menos uno (1) de los contratos validos aportados como experiencia debe haber iniciado ejecución con posteridad a la expedición de la NSR-10, el cual debió haberse ejecutado y terminado antes de la fecha del cierre del presente proceso de contratación | M6: Por lo menos uno (1) de los contratos válidos aportados como experiencia general deben contemplar un área intervenida o construida igual o superior al (50%) del total de metros cuadrados del proceso de selección, el cual corresponde a 725 M2 AREA A INTERVENIR]
B7: 1 | C7: 81101500 | D7: LOS ROSALES CONSTRUCTORA INMOBILIARIA S.A.S. | E7: LOS ROSALES CONSTRUCTORA INMOBILIARIA S.A.S. | F7: ESTUDIO, DISEÑO, CONSTRUCCIÓN Y COMERCIALIZACIÓN DE DOCE (12) VIVIENDAS EN LA AGRUPACIÓN VILLAS DE BELÉN, UBICADO EN LA CALLE 35 No. 24-05 BARRIO BELÉN DEL MUNICIPIO DE CÚCUTA, CON SUS ZONAS DE PARQUEADEROS, ZONAS COMUNES, URBANISMO: ACUEDUCTO, ALCANTARILLADO, ALUMBRADO ELÉCTRICO, VÍAS Y DOTACIÓN COMUNAL INCLUYENDO MANO DE OBRA Y SUMINISTRO DE MATERIALES DE CONSTRUCCION PARA EL PROYECTO VILLAS DE BELÉN | G7: 2 | I7: LOS ROSALES CONSTRUCTORA INMOBILIARIA S.A.S. | J7: 81 10 15 00 80 10 16 00 | K7: CUMPLE | L7: CUMPLE | M7: CUMPLE | N7: 1 | O7: 41523 | P7: 41765 | Q7: 1086747200 | R7: =Q7*N7 -> 1086747200 | T7: =+R7/Hoja1!B12 -> 1764.2 | U7: =+T7/P13 -> 18.190862 | X7: =1728.41*0.5 -> 864.205
B9: 2 | R9: =Q9*N9 -> 0 | T9: =+R9/Hoja1!B15 -> 0 | U9: =+T9/Hoja1!B15 -> 0 | X9: =1050.76*0.51 -> 535.8876
B10: 3 | R10: =Q10*N10 -> 0 | T10: =+R10/Hoja1!B4 -> 0 | U10: =+T10/Hoja1!B4 -> 0 | X10: =2062.51*0.7 -> 1443.757
B11: 5 | R11: =+N11*Q11 -> 0 | T11: =+R11/Hoja1!B5 -> 0 | U11: =T11/Hoja1!B5 -> 0
B12: 4 | R12: =+N12*Q12 -> 0 | T12: =+R12/828116 -> 0 | X12: =+T12*2 -> 0
L13: P.O. | N13: 112500000 | P13: =+N13/N16 -> 96.982759 | Q13: % P.O. | R13: SMMLV | S13: SUMATORIA | T13: =SUM(T7:T12) -> 1764.2 | U13: =SUM(U7:U12) -> 18.190862 | V13: CUMPLE
S15: % P.O. | T15: SMMLV
L16: SMMLV 2023 | N16: 1160000 | R16: 0.75 | S16: =+$N$13*R16 -> 84375000 | T16: =+S16/$N$16 -> 72.737069
R17: 1.2 | S17: =+$N$13*R17 -> 135000000 | T17: =+S17/$N$16 -> 116.37931
R18: 1.5 | S18: =+$N$13*R18 -> 168750000 | T18: =+S18/$N$16 -> 145.47414
F21: ANGELICA MARIA SANCHEZ RODRIGUEZ SOPORTE TÈCNICO

Sheet DIRECTOR PROP4
A1: EVALUACIÓN HOJA DE VIDA PROFESIONAL PROPUESTOPROPONENTE 2.
A2: CARGO PROPUESTO: | D2: DIRECTOR DE INTERVENTORIA
A3: Nombre Completo | E3: CESAR ALFONSO JIMENEZ QUINTERO
A4: Profesión | E4: INGENIERO CIVIL
A5: Tarjeta Profesional | E5: 54202-094158 | F5: FOLIO
A6: Aporta carta de compromiso | E6: SI | F6: FOLIO
A7: Años dedicados al ejercicio de la profesión:
A9: II. ESTUDIOS
A10: FORMACION ACADEMICA Y EXPERIENCIA
A11: PREGRADO
A12: N° | B12: ESTABLECIMIENTO | E12: TITULO OBTENIDO | F12: FECHA DE GRADO
F13: DIA | G13: MES | H13: AÑO
A14: 1 | B14: UNIVERSIDAD FRANCISCO DE PAULA SANTANDER | E14: INGENIERO CIVIL | F14: 23 | G14: 8 | H14: 2002
A15: POSTGRADO
A16: N° | B16: ESTABLECIMIENTO | E16: TITULO OBTENIDO | F16: FECHA DE GRADO
F17: DIA | G17: MES | H17: AÑO
A18: 2 | B18: UNIVERSIDAD ISANTO TOMAS | E18: ESPECIALISTA EN GESTION TERRITORIAL Y AVALUOS | F18: 0 | G18: 2 | H18: 2002
A19: III. EXPERIENCIA ESPECIFICA
A20: EXPERIENCIA ESPECIFICA (Relacionar en orden cronológico, iniciando por el cargo actual
A22: N° | B22: ENTIDAD O FIRMA CONTRATANTE | D22: CARGO | E22: OBJETO DEL CONTRATO | F22: PERIODO LABORADO | H22: TIEMPO LAB (AÑOS) | I22: CUMPLE | K22: OBSERVACIONES
F23: FECHA INICIO | G23: FECHA TERMINACION
I24: SI | J24: NO
A25: 1 | B25: MUNICIPIO DE SAN JOSE DE CUCUTA | D25: DIRECTOR DE INTERVENTORIA | E25: REALIZAR LA INTERVENTORIA TECNICA DEL PROYECTO DE CONSTRUCCION DE LA NUEVA TERMINAL DE TRANSPORTE DE SAN JOSE DE CUCUTA | F25: 38456 | G25: 38517 | H25: =+(G25-F25)/30/12 -> 0.16944444 | I25: X
A26: 2 | B26: LOS ROSALES CONSTRUCTORA INMOBILIARIA | D26: DIRECTOR DE INTERVENTORIA | E26: Interventoría técnica y administrativa, para el proyecto reserva de Sienna 2, consistente en cuatro, (3) torres de cinco, (14) pisos cada una para un total de 222 apartamentos | F26: 42156 | G26: 42719 | H26: =+(G26-F26)/30/12 -> 1.5638889 | I26: X
A27: 3
A29: 4
A30: 5
A31: 7
A32: 8
A33: 9
A34: 10
A35: 11
A36: 12 | J36: X
H37: =SUM(H25:H30) -> 1.7333333 | I37: AÑOS
A38: REQUISITO HABILITANTE
A39: PERFIL PROFESIONAL SOLICITADO | C39: CUMPLE/NO CUMPLE | F39: Experiencia General > seis (6) años en el ejercicio de la profesión, contados partir de la expedición de la tarjeta profesional. | H39: Experiencia especifica
A40: INGENIERO (A) CIVIL. Y/O ARQQUITECTO POSGRADO: EN CUALQUIER RAMA DE LA INGENIERIA | C40: CUMPLE
F41: 21 AÑOS | H41: Demostrar experiencia de dos (2) años, en proyectos como director o coordinador de Interventorías a la construcción de Edificios y /o mantenimiento de edificaciones institucionales y / o privadas
F42: CUMPLE | H42: NO CUMPLE
B45: ANGELICA MARIA SANCHEZ RODRIGUEZ SOPORTE TÈCNICO

Sheet RESIDENTE PROP4
A1: EVALUACIÓN HOJA DE VIDA PROFESIONAL PROPUESTO
A2: CARGO PROPUESTO: | D2: RESIDENTE DE INTERVENTORIA | E2: RESIDENTE DE INTERVENTORIA
A3: Nombre Completo | E3: MYRIAM ZOHELIA JIMENEZ
A4: Profesión | E4: ARQUITECTA
A5: Tarjeta Profesional | E5: 4202-094158 | F5: FOLIO
A6: Aporta carta de compromiso | E6: NO | F6: FOLIO
A7: Años dedicados al ejercicio de la profesión: | E7: 14
A9: II. ESTUDIOS
A10: FORMACION ACADEMICA Y EXPERIENCIA
A11: PREGRADO
A12: N° | B12: ESTABLECIMIENTO | E12: TITULO OBTENIDO | F12: FECHA DE GRADO
F13: DIA | G13: MES | H13: AÑO
A14: 1 | B14: UNIVERSIDAD DE AMERICA | E14: ARQUITECTO | F14: 6 | G14: 9 | H14: 2008
A15: POSTGRADO
A16: N° | B16: ESTABLECIMIENTO | E16: TITULO OBTENIDO | F16: FECHA DE GRADO
F17: DIA | G17: MES | H17: AÑO
A19: III. EXPERIENCIA ESPECIFICA
A20: EXPERIENCIA ESPECIFICA (Relacionar en orden cronológico, iniciando por el cargo actual
A22: N° | B22: ENTIDAD O FIRMA CONTRATANTE | D22: CARGO | E22: OBJETO DEL CONTRATO | F22: PERIODO LABORADO | H22: TIEMPO LAB (AÑOS) | I22: CUMPLE | K22: OBSERVACIONES
F23: FECHA INICIO | G23: FECHA TERMINACION
I24: SI | J24: NO
A25: 1 | B25: GUTIERREZ DIAZ Y CIA LTDA | D25: RESIDENTE DE INTERVENTORIA | E25: INTERVENTORIA TECNICA ADMINISTRATIVA Y FINANCIERA CON CONTROL DE PRESUPUESTOS Y PROGRAMACION EN LA ETAPA DE DISEÑOS Y COORDINACION PARA LA CONSTRUCCION DEL CENTRO COMERCIAL LA COLINA PARQUE ARAUCO | F25: 42074 | G25: 42233 | H25: =+(G25-F25)/30/12 -> 0.44166667
A26: 2 | B26: GUTIERREZ DIAZ Y CIA LTDA | D26: RESIDENTE DE CONSULTORIA | E26: INTERVENTORIA TECNICA ADMINISTRATIVA Y FINANCIERA A LOS CONTRATOS DE EJECUCION DE LASOBRAS DE REPARACION,ADECUACION,Y MANTENIMIENTO DE LA INFRAESTRUCTURA FISICA DE LA AGRUPACION DE VICIENDA PORTAL DE CAOBOS PH | F26: 45051 | G26: 45078 | H26: =+(G26-F26)/30/12 -> 0.075
A27: 3
A28: 4
A29: 5
A30: 6
A31: 7
A32: 8
A33: 9
A34: 10
A35: 11
A36: 12
H37: =SUM(H25:H26) -> 0.51666667 | I37: AÑOS
A38: REQUISITO HABILITANTE
A39: PERFIL PROFESIONAL SOLICITADO | C39: CUMPLE/NO CUMPLE | F39: Experiencia General > A 2 años | H39: Experiencia especifica
A40: INGENIERO Y /O ARQUITECTO/A. POSGRADO: EN CUALQUIER RAMA DE LA INGENIERIA | C40: NO CUMPLE NO PRESENTA SOPORTE DE LA ESPECIALIZACIÓN
F41: =+E7 -> 14 | H41: Demostrar mediante certificaciones, experiencia en un (1) año, en proyectos como residenter de Interventorías a la construcción de Edificios y /o mantenimiento de edificaciones institucionales y / o privadas. y mantenimiento de edificaciones institucionales y / o privadas.
F42: CUMPLE | H42: NO CUMPLE
B45: NOMBRE DE QUIEN CALIFICO FDLRUU ANGELICA MARIA SANCHEZ RODRIGUEZ SOPORTE TÈCNICO

Sheet PROP 5
B1: EXPERIENCIA HABILITANTE DEL PROPONENTE : 5. JM INGENIERIA
B2: FDLRUU CMA 005-2023 OBJETO: “REALIZAR LA INTERVENTORÍA TÉCNICA, ADMINISTRATIVA, LEGAL, FINANCIERA, SOCIAL, AMBIENTAL Y DE SEGURIDAD Y SALUD EN EL TRABAJO (SST), DEL CONTRATO DE OBRA PÚBLICA QUE TIENE POR OBJETO: CONTRATAR A PRECIOS UNITARIOS FIJOS, LAS OBRAS REFERENTES AL MANTENIMIENTO Y REPARACIONES LOCATIVAS DE LOS SALONES COMUNALES EN LA LOCALIDAD DE RAFAEL URIBE URIBE EN LA CIUDAD DE BOGOTA”, DEL PROCESO DERIVADO DE SELECCIÓN ABREVIDA SAMC 006-2023”
B3: 3.8.1 EXIGENCIA MÍNIMA DE LA EXPERIENCIA DEL PROPONENTE
B4: PROPONENTE: 5 J.V.M INGENIERIA
B5: No. | C5: No CONTRATO QUE SE PRESENTA EN LA CERTIFICACION. | D5: ENTIDAD CONTRATANTE | E5: CONTRATISTA QUE PRESENTA LA CERTIFICACION | F5: OBJETO DEL CONTRATO DE LA CERTIFICACION PRESENTADA. | G5: CONSECUTIVO RUP SI ES UN CONSORCIO SE PONDRÁN LOS CONSECUTIVOS DE CADA CONSORCIADO SI APLICA. | H5: INTEGRANTES DEL PROPONENTE PLURAL - % DE PARTICIPACION DE CADA INTEGRANTE EN LA CERTIFICACION PRESENTADA. | I5: CONSORCIADO QUE PRESENTA LA EXPERIENCIA EN EL CONTRATO O EN LA CERTIFICACION | J5: EXPERIENCIA GENERAL DEL PROPONENTE: | M5: EXPERIENCIA ESPECÍFICA DEL PROPONENTE: | N5: % PARTICIPACION | O5: FECHA DE INICIACION | P5: FECHA DE TERMINACION | Q5: VALOR TOTAL DEL CONTRATO | R5: PORCENTAJE PARTICIPACION EN PESOS COLOMBIANOS | S5: SMMLV QUE HABILITAN EN TOTAL 1 a 2 =75% 3 a 4 = 120% 5 a 6 = 150% | T5: SMMLV PROPONENTE REFERIDO AL AÑO EN QUE SE TERMINO EL CONTRATO. | U5: % DE SMMLV SOBRE EL P.O. | V5: OBSERVACION
J6: a. Debe estar inscrita y en firme en el RUP y cumplir con todos los códigos del Clasificador de Bienes y Servicios, así: 80101600-81101500-80101500 | K6: interventoría a construcción y/o terminación y/o ampliación y/o remodelación y/o reforzamiento y/o adecuación y/o mantenimiento y/o mejoramiento y/o modificación de edificaciones | L6: Los contratos aportados como experiencia válida y que corresponda a edificaciones debieron iniciar su ejecución luego de la expedición del Reglamento Colombiano de construcción Sismo Resistente – NSR-98., esto es, después del 09 de enero de 1998. 1 de los contratos relacionados como experiencia en edificaciones podrá haber iniciado ejecución antes del 09 de enero de 1998, fecha en cual se expidió la NSR-98. 1 único contrato para acreditar la experiencia solicitada, este deberá haber iniciado ejecución luego del 15 de julio de 2010, fecha en la cual entró en vigencia la NSR-10, y haya terminado su ejecución antes de la fecha del cierre del presente procedimiento de selección. Por lo menos uno (1) de los contratos validos aportados como experiencia debe haber iniciado ejecución con posteridad a la expedición de la NSR-10, el cual debió haberse ejecutado y terminado antes de la fecha del cierre del presente proceso de contratación | M6: Por lo menos uno (1) de los contratos válidos aportados como experiencia general deben contemplar un área intervenida o construida igual o superior al (50%) del total de metros cuadrados del proceso de selección, el cual corresponde a 725 M2 AREA A INTERVENIR]
B7: 1 | C7: 0107-2010-000047 | D7: GOBERNACION DEL ATLANTICO/SECRETARIA DE EDUCACION | E7: CARLOS ARTURO VERGARA NEGRETE | F7: INTERVENTORIA TECNICA-ADMINISTRATIVA FINANCIERA Y AMBIENTAL DE LAS OBRAS CIVILES DE CONSTRUCCION DE 19 AULAS Y DOS BATERIAS SANITARIAS EN LA INSTITUCION EDUCATIVA NORMAL SUPERIRORMANATI DE CINCO AULAS, UNA BATERIA SANITARIA, 1 LABORATORIO EN LA INSTITUCION EDUCATIVA TECNICA,COMERCIAL DE SANTO TOMAS, 5 AULAS UNA BATERIA SANITARIA Y UN LABORATORIO EN LA INSTITUCION EDUCATIVA BACHILLERATO MUNICIPAL MIXTO DE PUERTO GIRALDO -PROVENZA EN EL DEPARTAMENTO DEL ATLANTICO. | G7: 5 | H7: CARLOS ARTURO VERGARA NEGRETE | I7: J&G INGENIERIA SAS | J7: 81 10 15 00 80 10 16 00 | K7: CUMPLE | L7: CUMPLE | M7: CUMPLE | N7: 1 | O7: 40352 | P7: 40831 | Q7: 199468960 | R7: =Q7*N7 -> 199468960 | T7: =+R7/Hoja1!B15 -> 372.42151 | U7: =+T7/P13 -> 3.8400796 | X7: =1728.41*0.5 -> 864.205
B9: 2 | C9: 086-2013 | D9: ALCALDIA MUNICIPAL SAN BERNARDO DEL VIENTO | E9: CARLOS ARTURO VERGARA NEGRETE | F9: INTERVENTORIA TECNICA ADMINISTRATIVA Y FINANCIERA A LAS OBRAS DE CONSTRUCCION Y DOTACION DEL CENTRO DE DESARROLLO INFANTIL DE CHIQUI Y ADECIUACION DEL HOGAR AGRUPADO 23 DE NOVIEMBRE DEL MUNICIPIO DE SAN BERNARDO DEL VIENTO CORDOBA | G9: 43 | H9: CARLOS ARTURO VERGARA NEGRETE | I9: J&G INGENIERIA SAS | J9: 81 10 15 00 80 10 16 00 | K9: CUMPLE | L9: CUMPLE | M9: CUMPLE | N9: 1 | O9: 41731 | P9: 41639 | Q9: 54509506 | R9: =Q9*N9 -> 54509506 | T9: =+R9/Hoja1!B13 -> 92.467355 | U9: =+T9/P13 -> 0.95344118 | X9: =1050.76*0.51 -> 535.8876
B10: 3 | R10: =Q10*N10 -> 0 | T10: =+R10/Hoja1!B4 -> 0 | U10: =+T10/Hoja1!B4 -> 0 | X10: =2062.51*0.7 -> 1443.757
B11: 5 | R11: =+N11*Q11 -> 0 | T11: =+R11/Hoja1!B5 -> 0 | U11: =T11/Hoja1!B5 -> 0
B12: 4 | R12: =+N12*Q12 -> 0 | T12: =+R12/828116 -> 0 | X12: =+T12*2 -> 0
L13: P.O. | N13: 112500000 | P13: =+N13/N16 -> 96.982759 | Q13: % P.O. | R13: SMMLV | S13: SUMATORIA | T13: =SUM(T7:T12) -> 464.88886 | U13: =SUM(U7:U12) -> 4.7935207 | V13: HABILITADO
S15: % P.O. | T15: SMMLV
L16: SMMLV 2023 | N16: 1160000 | R16: 0.75 | S16: =+$N$13*R16 -> 84375000 | T16: =+S16/$N$16 -> 72.737069
R17: 1.2 | S17: =+$N$13*R17 -> 135000000 | T17: =+S17/$N$16 -> 116.37931
R18: 1.5 | S18: =+$N$13*R18 -> 168750000 | T18: =+S18/$N$16 -> 145.47414
F20: NOMBRE DE QUIEN CALIFICO FDLRUU
F21: ANGELICA MARIA SANCHEZ RODRIGUEZ SOPORTE TÈCNICO

Sheet DIRECTOR PROP5
A1: EVALUACIÓN HOJA DE VIDA PROFESIONAL PROPUESTOPROPONENTE 2.
A2: CARGO PROPUESTO: | D2: DIRECTOR DE INTERVENTORIA
A3: Nombre Completo | E3: ALEXANDER PALACIO RODRIGUEZ
A4: Profesión | E4: ARQUITECTO
A5: Tarjeta Profesional | E5: A23232001-11036554 CNA | F5: FOLIO
A6: Aporta carta de compromiso | E6: SI | F6: FOLIO
A7: Años dedicados al ejercicio de la profesión:
A9: II. ESTUDIOS
A10: FORMACION ACADEMICA Y EXPERIENCIA
A11: PREGRADO
A12: N° | B12: ESTABLECIMIENTO | E12: TITULO OBTENIDO | F12: FECHA DE GRADO
F13: DIA | G13: MES | H13: AÑO
A14: 1 | B14: UNIVERSIDAD DEL SINU | E14: ARQUITECTO | F14: 23 | G14: 8 | H14: 2002
A15: POSTGRADO
A16: N° | B16: ESTABLECIMIENTO | E16: TITULO OBTENIDO | F16: FECHA DE GRADO
F17: DIA | G17: MES | H17: AÑO
A18: 2 | B18: UNIVERSIDAD ISANTO TOMAS | E18: ESPECIALISTA EN GESTION TERRITORIAL Y AVALUOS | F18: 0 | G18: 2 | H18: 2002
A19: III. EXPERIENCIA ESPECIFICA
A20: EXPERIENCIA ESPECIFICA (Relacionar en orden cronológico, iniciando por el cargo actual
A22: N° | B22: ENTIDAD O FIRMA CONTRATANTE | D22: CARGO | E22: OBJETO DEL CONTRATO | F22: PERIODO LABORADO | H22: TIEMPO LAB (AÑOS) | I22: CUMPLE | K22: OBSERVACIONES
F23: FECHA INICIO | G23: FECHA TERMINACION
I24: SI | J24: NO
A25: 1 | B25: ALCALDIA LOCAL DE USME | D25: DIRECTOR DE INTERVENTORIA | E25: REALIZAR LA CONTINUACION DE LA INTERVENTORIA TECNICA, ADMINISTRATIVA, TECNICA Y FINANCIERA DEL CONTRATO DE OBRA 185-FDL-2015 QUE TIENE POR OBJETO LA CONSTRUCCION DE LA NUEVA SEDE ADMINISTRATIVA DE LA ALCALDIA LOCAL DE USME | F25: 43196 | G25: 43763 | H25: =+(G25-F25)/30/12 -> 1.575 | I25: X
A26: 2 | B26: ALCALDIA DE MEDELLIN | D26: DIRECTOR DE INTERVENTORIA | E26: INTERVENTORIA TECNICA ADMINISTRATIVA ,FINANCIERA, JURIDICA Y AMBIENTAL PARA LA CONSTRUCCION DEL CENTRO DE INNOVACION MAESTRO | F26: 42597 | G26: 43173 | H26: =+(G26-F26)/30/12 -> 1.6 | I26: X
A27: 3
A29: 4
A30: 5
A31: 7
A32: 8
A33: 9
A34: 10
A35: 11
A36: 12 | J36: X
H37: =SUM(H25:H30) -> 3.175 | I37: AÑOS
A38: REQUISITO HABILITANTE
A39: PERFIL PROFESIONAL SOLICITADO | C39: CUMPLE/NO CUMPLE | F39: Experiencia General > seis (6) años en el ejercicio de la profesión, contados partir de la expedición de la tarjeta profesional. | H39: Experiencia especifica
A40: INGENIERO (A) CIVIL. Y/O ARQQUITECTO POSGRADO: EN CUALQUIER RAMA DE LA INGENIERIA | C40: CUMPLE
F41: 21 AÑOS | H41: Demostrar experiencia de dos (2) años, en proyectos como director o coordinador de Interventorías a la construcción de Edificios y /o mantenimiento de edificaciones institucionales y / o privadas
F42: CUMPLE | H42: CUMPLE
B45: ANGELICA MARIA SANCHEZ RODRIGUEZ SOPORTE TÈCNICO

Sheet RESIDENTE PROP5
A1: EVALUACIÓN HOJA DE VIDA PROFESIONAL PROPUESTO
A2: CARGO PROPUESTO: | D2: RESIDENTE DE INTERVENTORIA | E2: RESIDENTE DE INTERVENTORIA
A3: Nombre Completo | E3: ANTONIO JOSE ARDILA GALINDO
A4: Profesión | E4: INGENIERO CIVIL
A5: Tarjeta Profesional | E5: 22202-246584 | F5: FOLIO
A6: Aporta carta de compromiso | E6: SI | F6: FOLIO
A7: Años dedicados al ejercicio de la profesión:
A9: II. ESTUDIOS
A10: FORMACION ACADEMICA Y EXPERIENCIA
A11: PREGRADO
A12: N° | B12: ESTABLECIMIENTO | E12: TITULO OBTENIDO | F12: FECHA DE GRADO
F13: DIA | G13: MES | H13: AÑO
A14: 1 | B14: UNIVERSIDAD DEL SINU | E14: INGENIERO CIVIL | F14: 9 | G14: 11 | H14: 2012
A15: POSTGRADO
A16: N° | B16: ESTABLECIMIENTO | E16: TITULO OBTENIDO | F16: FECHA DE GRADO
F17: DIA | G17: MES | H17: AÑO
B18: UNIVERSIDAD DEL SINU | E18: ESPECIALISTA EN GENRENCIA Y DIRECCION DE OBRA | F18: 24 | G18: 11 | H18: 2016
A19: III. EXPERIENCIA ESPECIFICA
A20: EXPERIENCIA ESPECIFICA (Relacionar en orden cronológico, iniciando por el cargo actual
A22: N° | B22: ENTIDAD O FIRMA CONTRATANTE | D22: CARGO | E22: OBJETO DEL CONTRATO | F22: PERIODO LABORADO | H22: TIEMPO LAB (AÑOS) | I22: CUMPLE | K22: OBSERVACIONES
F23: FECHA INICIO | G23: FECHA TERMINACION
I24: SI | J24: NO
A25: 1 | B25: MUNICIPIO DE MONTELIBANO-KAREN PEREZ NISPERUZA | D25: RESIDENTE DE INTERVENTORIA | E25: REALIZAR LA INTERVENTORÍA TÉCNICA, FINANCIERA, CONTABLE, ADMINISTRATIVA, LEGAL, SOCIAL Y AMBIENTAL A LOS CONTRATOS QUE SE ADJUDIQUEN PARA REALIZAR LA OPTIMIZACIÓN DE LA INFRAESTRUCTURA DE LOS CENTROS, SEDES Y PREDIOS DONDE LA SECRETARÍA DISTRITAL DE INTEGRACIÓN SOCIAL PRESTA SUS SERVICIOS SOCIALES O REQUIERA DE SU INTERVENCIÓN, EN EL MARCO DE LA IMPLEMENTACIÓN DEL SISTEMA DISTRITAL DE CUIDADO. - | F25: 42403 | G25: 42761 | H25: =+(G25-F25)/30/12 -> 0.99444444
A26: 2 | B26: SECRETARIA DE EDUCACION DEL DISTRITO-CARLOS VERGARA NEGRETE | D26: RESIDENTE DE INTERVENTORIA | E26: INTREVENTORIA TECNICA,ADMINISTRATIVA Y FINANCIERA PARA LA ELABORACION DE LOS ESTUDIOS Y DISSEÑOS REQUERIDOS, PARA LA OBTENCION DE LAS LICENCIAS DE CONSTRUCCION Y/ O URBANISMO EN CUALQUIERA DE SUS MODALIDADES, JUNTO CON LOS PERMISOS Y APROBACIONES NECESARIOS, ASI COMO LA EJECUCION DE LAS OBRAS DERIVADAS DE LOS DISEÑOS PARA UN COLEGIO UBICADO EN EL PREDIO MIRANDELA CPF 1164L, EN LA CIUDAD DE BOGOTA | F26: 43074 | G26: 43110 | H26: =+(G26-F26)/30/12 -> 0.1
A27: 3
A28: 4
A29: 5
A30: 6
A31: 7
A32: 8
A33: 9
A34: 10
A35: 11
A36: 12
H37: =SUM(H25:H26) -> 1.0944444 | I37: AÑOS
A38: REQUISITO HABILITANTE
A39: PERFIL PROFESIONAL SOLICITADO | C39: CUMPLE/NO CUMPLE | F39: Experiencia General > A 2 años | H39: Experiencia especifica
A40: INGENIERO Y /O ARQUITECTO/A. POSGRADO: EN CUALQUIER RAMA DE LA INGENIERIA | C40: CUMPLE
F41: 11 AÑOS | H41: Demostrar mediante certificaciones, experiencia en un (1) año, en proyectos como residenter de Interventorías a la construcción de Edificios y /o mantenimiento de edificaciones institucionales y / o privadas. y mantenimiento de edificaciones institucionales y / o privadas.
F42: CUMPLE | H42: CUMPLE
B45: NOMBRE DE QUIEN CALIFICO FDLRUU ANGELICA MARIA SANCHEZ RODRIGUEZ SOPORTE TÈCNICO

Sheet PROP6
B1: EXPERIENCIA HABILITANTE DEL PROPONENTE : 6 .R&M CONSTRUCCIONES E INTERVENTORIAS S.A.S
B2: FDLRUU CMA 005-2023 OBJETO: “REALIZAR LA INTERVENTORÍA TÉCNICA, ADMINISTRATIVA, LEGAL, FINANCIERA, SOCIAL, AMBIENTAL Y DE SEGURIDAD Y SALUD EN EL TRABAJO (SST), DEL CONTRATO DE OBRA PÚBLICA QUE TIENE POR OBJETO: CONTRATAR A PRECIOS UNITARIOS FIJOS, LAS OBRAS REFERENTES AL MANTENIMIENTO Y REPARACIONES LOCATIVAS DE LOS SALONES COMUNALES EN LA LOCALIDAD DE RAFAEL URIBE URIBE EN LA CIUDAD DE BOGOTA”, DEL PROCESO DERIVADO DE SELECCIÓN ABREVIDA SAMC 006-2023”
B3: 3.8.1 EXIGENCIA MÍNIMA DE LA EXPERIENCIA DEL PROPONENTE
B4: PROPONENTE: 6R&M CONSTRUCCIONES E INTERVENTORIAS S.A.S
B5: No. | C5: No CONTRATO QUE SE PRESENTA EN LA CERTIFICACION. | D5: ENTIDAD CONTRATANTE | E5: CONTRATISTA QUE PRESENTA LA CERTIFICACION | F5: OBJETO DEL CONTRATO DE LA CERTIFICACION PRESENTADA. | G5: CONSECUTIVO RUP SI ES UN CONSORCIO SE PONDRÁN LOS CONSECUTIVOS DE CADA CONSORCIADO SI APLICA. | H5: INTEGRANTES DEL PROPONENTE PLURAL - % DE PARTICIPACION DE CADA INTEGRANTE EN LA CERTIFICACION PRESENTADA. | I5: CONSORCIADO QUE PRESENTA LA EXPERIENCIA EN EL CONTRATO O EN LA CERTIFICACION | J5: EXPERIENCIA GENERAL DEL PROPONENTE: | M5: EXPERIENCIA ESPECÍFICA DEL PROPONENTE: | N5: % PARTICIPACION | O5: FECHA DE INICIACION | P5: FECHA DE TERMINACION | Q5: VALOR TOTAL DEL CONTRATO | R5: PORCENTAJE PARTICIPACION EN PESOS COLOMBIANOS | S5: SMMLV QUE HABILITAN EN TOTAL 1 a 2 =75% 3 a 4 = 120% 5 a 6 = 150% | T5: SMMLV PROPONENTE REFERIDO AL AÑO EN QUE SE TERMINO EL CONTRATO. | U5: % DE SMMLV SOBRE EL P.O. | V5: OBSERVACION
J6: a. Debe estar inscrita y en firme en el RUP y cumplir con todos los códigos del Clasificador de Bienes y Servicios, así: 80101600-81101500-80101500 | K6: interventoría a construcción y/o terminación y/o ampliación y/o remodelación y/o reforzamiento y/o adecuación y/o mantenimiento y/o mejoramiento y/o modificación de edificaciones | L6: Los contratos aportados como experiencia válida y que corresponda a edificaciones debieron iniciar su ejecución luego de la expedición del Reglamento Colombiano de construcción Sismo Resistente – NSR-98., esto es, después del 09 de enero de 1998. 1 de los contratos relacionados como experiencia en edificaciones podrá haber iniciado ejecución antes del 09 de enero de 1998, fecha en cual se expidió la NSR-98. 1 único contrato para acreditar la experiencia solicitada, este deberá haber iniciado ejecución luego del 15 de julio de 2010, fecha en la cual entró en vigencia la NSR-10, y haya terminado su ejecución antes de la fecha del cierre del presente procedimiento de selección. Por lo menos uno (1) de los contratos validos aportados como experiencia debe haber iniciado ejecución con posteridad a la expedición de la NSR-10, el cual debió haberse ejecutado y terminado antes de la fecha del cierre del presente proceso de contratación | M6: Por lo menos uno (1) de los contratos válidos aportados como experiencia general deben contemplar un área intervenida o construida igual o superior al (50%) del total de metros cuadrados del proceso de selección, el cual corresponde a 725 M2 AREA A INTERVENIR]
B7: 1 | C7: 397 DE 2020 | D7: ALCALDIA DE USME | E7: R&M CONSTRUCCIONES E INTERVENTORIAS SAS | F7: REALIZAR LA INTERVENTORIA TECNICA, ADMINISTRATIVA, FINANCIERA, SOCIAL, CONTABLE, AMBIENTAL Y JURIDICA AL CONTRATO QUE TIENE POR OBJETO “REALIZAR LA ADECUACION Y MANTENIMIENTO DE JARDINES INFANTILES UBICADOS EN LA LOCALIDAD DE USME EN BOGOTA D.C. PERTENECIENTES A LA SECRETARIA DISTRITAL DE INTEGRACION SOCIAL | G7: 241 | I7: R&M CONSTRUCCIONES E INTERVENTORIAS SAS | J7: 801016,811015,8010 15 | K7: CUMPLE | L7: CUMPLE | M7: CUMPLE | N7: 1 | O7: 44214 | P7: 44364 | Q7: 62409550 | R7: =Q7*N7 -> 62409550 | S7: 1 a 2 = 72,34 3 a 4 = 116,38 5 a 6 = 145,47 | T7: =+R7/Hoja1!B5 -> 68.693191 | U7: =+T7/P13 -> 0.70830312 | X7: =1728.41*0.5 -> 864.205
B9: 2 | C9: 425-2016 | D9: ALCALDIA MUNICPAL DE LA CALERA | E9: R&M CONSTRUCCIONES E INTERVENTORIAS SAS | F9: INTERVENTORÍA TÉCNICA, ADMINISTRATIVA, FINANCIERA Y AMBIENTAL PARA LA CONSTRUCCION DEL CENTRO DE INTEGRACION CIUDADANA EN EL COMPLEJO DEPORTIVO UBICADO EN EL BARRIO LA PORTADA DEL MUNICIPIO DE LA CALERA CUNDINAMARCA | G9: 162 | I9: R&M CONSTRUCCIONES E INTERVENTORIAS SAS | J9: 801016,811015,8010 15 | K9: CUMPLE | L9: CUMPLE | M9: CUMPLE | N9: 1 | O9: 42669 | P9: 42978 | Q9: 93103920 | R9: =Q9*N9 -> 93103920 | T9: =+R9/Hoja1!B9 -> 126.20547 | U9: =+T9/P13 -> 1.3013186 | X9: =1050.76*0.51 -> 535.8876
B10: 3 | C10: 12890-2015 | D10: SECRETARIA DE INTEGRACION SOCIAL | E10: R&M CONSTRUCCIONES E INTERVENTORIAS SAS | F10: INTERVENTORIA TÉCNICA, FINANCIERA, ADMINISTRATIVA, LEGAL, SOCIAL Y AMBIENTAL AL CONTRATO QUE SE ADJUDIQUE PARA REALIZAR LAS OBRAS DE DEMOLICIÓN PARCIAL, AMPLIACIÓN, ADECUACIÓN Y REFORZAMIENTO ESTRUCTURAL PARA EL JARDÍN INFANTIL VILLA CRISTINA UBICADO EN LA LOCALIDAD DE ENGATIVA EN LA CIUDAD DE BOGOTA D.C | G10: 148 | I10: R&M CONSTRUCCIONES E INTERVENTORIAS SAS | J10: 801016,811015,8010 15 | K10: CUMPLE | L10: CUMPLE | M10: CUMPLE | N10: 1 | O10: 42339 | P10: 42694 | Q10: 202111041 | R10: =Q10*N10 -> 202111041 | T10: =+R10/Hoja1!B10 -> 293.1461 | U10: =+T10/P13 -> 3.022662 | X10: =2062.51*0.7 -> 1443.757
B11: 5 | R11: =+N11*Q11 -> 0 | T11: =+R11/Hoja1!B5 -> 0 | U11: =T11/Hoja1!B5 -> 0
B12: 4 | R12: =+N12*Q12 -> 0 | T12: =+R12/828116 -> 0 | X12: =+T12*2 -> 0
L13: P.O. | N13: 112500000 | P13: =+N13/N16 -> 96.982759 | Q13: % P.O. | R13: SMMLV | S13: SUMATORIA | T13: =SUM(T7:T12) -> 488.04476 | U13: =SUM(U7:U12) -> 5.0322837 | V13: CUMPLE
S15: % P.O. | T15: SMMLV
L16: SMMLV 2023 | N16: 1160000 | R16: 0.75 | S16: =+$N$13*R16 -> 84375000 | T16: =+S16/$N$16 -> 72.737069
R17: 1.2 | S17: =+$N$13*R17 -> 135000000 | T17: =+S17/$N$16 -> 116.37931
R18: 1.5 | S18: =+$N$13*R18 -> 168750000 | T18: =+S18/$N$16 -> 145.47414
F20: NOMBRE DE QUIEN CALIFICO FDLRUU
F21: ANGELICA MARIA SANCHEZ RODRIGUEZ SOPORTE TÈCNICO

Sheet DIRECTOR PROP 6
A1: EVALUACIÓN HOJA DE VIDA PROFESIONAL PROPUESTOPROPONENTE 2.
A2: CARGO PROPUESTO: | D2: DIRECTOR DE INTERVENTORIA
A3: Nombre Completo
A4: Profesión
A5: Tarjeta Profesional | F5: FOLIO
A6: Aporta carta de compromiso | F6: FOLIO
A7: Años dedicados al ejercicio de la profesión:
A9: II. ESTUDIOS
A10: FORMACION ACADEMICA Y EXPERIENCIA
A11: PREGRADO
A12: N° | B12: ESTABLECIMIENTO | E12: TITULO OBTENIDO | F12: FECHA DE GRADO
F13: DIA | G13: MES | H13: AÑO
A14: 1
A15: POSTGRADO
A16: N° | B16: ESTABLECIMIENTO | E16: TITULO OBTENIDO | F16: FECHA DE GRADO
F17: DIA | G17: MES | H17: AÑO
A18: 2
A19: III. EXPERIENCIA ESPECIFICA
A20: EXPERIENCIA ESPECIFICA (Relacionar en orden cronológico, iniciando por el cargo actual
A22: N° | B22: ENTIDAD O FIRMA CONTRATANTE | D22: CARGO | E22: OBJETO DEL CONTRATO | F22: PERIODO LABORADO | H22: TIEMPO LAB (AÑOS) | I22: CUMPLE | K22: OBSERVACIONES
F23: FECHA INICIO | G23: FECHA TERMINACION
I24: SI | J24: NO
A25: 1
A26: 2
A27: 3
A29: 4
A30: 5
A31: 7
A32: 8
A33: 9
A34: 10
A35: 11
A36: 12 | J36: X
I37: AÑOS
A38: REQUISITO HABILITANTE
A39: PERFIL PROFESIONAL SOLICITADO | C39: CUMPLE/NO CUMPLE | F39: Experiencia General > seis (6) años en el ejercicio de la profesión, contados partir de la expedición de la tarjeta profesional. | H39: Experiencia especifica
A40: INGENIERO (A) CIVIL. Y/O ARQQUITECTO POSGRADO: EN CUALQUIER RAMA DE LA INGENIERIA | C40: NO CUMPLE NO PRESENTA SOPORTE PARA VERIFICAR EL CUMPLIMIENTO DEL PERFIL
H41: Demostrar experiencia de dos (2) años, en proyectos como director o coordinador de Interventorías a la construcción de Edificios y /o mantenimiento de edificaciones institucionales y / o privadas
F42: NO CUMPLE | H42: NO CUMPLE
F43: NO PRESENTAN FORMATO DE RELACION DE LA EXPERIENCIA ESPECIFICA NI RELACIONA AL PROFESIONAL DE CARGO DE DIRECTOR
B45: ANGELICA MARIA SANCHEZ RODRIGUEZ SOPORTE TÈCNICO

Sheet RESID PROP6
A1: EVALUACIÓN HOJA DE VIDA PROFESIONAL PROPUESTO
A2: CARGO PROPUESTO: | D2: RESIDENTE DE INTERVENTORIA | E2: RESIDENTE DE INTERVENTORIA
A3: Nombre Completo
A4: Profesión
A5: Tarjeta Profesional | F5: FOLIO
A6: Aporta carta de compromiso | F6: FOLIO
A7: Años dedicados al ejercicio de la profesión:
A9: II. ESTUDIOS
A10: FORMACION ACADEMICA Y EXPERIENCIA
A11: PREGRADO
A12: N° | B12: ESTABLECIMIENTO | E12: TITULO OBTENIDO | F12: FECHA DE GRADO
F13: DIA | G13: MES | H13: AÑO
A14: 1
A15: POSTGRADO
A16: N° | B16: ESTABLECIMIENTO | E16: TITULO OBTENIDO | F16: FECHA DE GRADO
F17: DIA | G17: MES | H17: AÑO
A19: III. EXPERIENCIA ESPECIFICA
A20: EXPERIENCIA ESPECIFICA (Relacionar en orden cronológico, iniciando por el cargo actual
A22: N° | B22: ENTIDAD O FIRMA CONTRATANTE | D22: CARGO | E22: OBJETO DEL CONTRATO | F22: PERIODO LABORADO | H22: TIEMPO LAB (AÑOS) | I22: CUMPLE | K22: OBSERVACIONES
F23: FECHA INICIO | G23: FECHA TERMINACION
I24: SI | J24: NO
A25: 1
A26: 2
A27: 3
A28: 4
A29: 5
A30: 6
A31: 7
A32: 8
A33: 9
A34: 10
A35: 11
A36: 12
H37: =SUM(H25:H26) -> 0 | I37: MESES
A38: REQUISITO HABILITANTE
A39: PERFIL PROFESIONAL SOLICITADO | C39: CUMPLE/NO CUMPLE | F39: Experiencia General > A 2 años | H39: Experiencia especifica
A40: INGENIERO Y /O ARQUITECTO/A. POSGRADO: EN CUALQUIER RAMA DE LA INGENIERIA | C40: NO CUMPLE NO PRESENTA SOPORTE PARA VERIFICAR EL CUMPLIMIENTO DEL PERFIL
H41: Demostrar mediante certificaciones, experiencia en un (1) año, en proyectos como residenter de Interventorías a la construcción de Edificios y /o mantenimiento de edificaciones institucionales y / o privadas. y mantenimiento de edificaciones institucionales y / o privadas.
F42: NO CUMPLE | H42: NO CUMPLE
F43: NO PRESENTAN FORMATO DE RELACION DE LA EXPERIENCIA ESPECIFICA NI RELACIONA AL PROFESIONAL DE CARGO DE DIRECTOR
B45: NOMBRE DE QUIEN CALIFICO FDLRUU xxxxx SOPORTE TÈCNICO

Sheet PROP 7
B1: EXPERIENCIA HABILITANTE DEL PROPONENTE :7.CONSORCIO SALONES 47
B2: FDLRUU CMA 005-2023 OBJETO: “REALIZAR LA INTERVENTORÍA TÉCNICA, ADMINISTRATIVA, LEGAL, FINANCIERA, SOCIAL, AMBIENTAL Y DE SEGURIDAD Y SALUD EN EL TRABAJO (SST), DEL CONTRATO DE OBRA PÚBLICA QUE TIENE POR OBJETO: CONTRATAR A PRECIOS UNITARIOS FIJOS, LAS OBRAS REFERENTES AL MANTENIMIENTO Y REPARACIONES LOCATIVAS DE LOS SALONES COMUNALES EN LA LOCALIDAD DE RAFAEL URIBE URIBE EN LA CIUDAD DE BOGOTA”, DEL PROCESO DERIVADO DE SELECCIÓN ABREVIDA SAMC 006-2023”
B3: 3.8.1 EXIGENCIA MÍNIMA DE LA EXPERIENCIA DEL PROPONENTE
B4: PROPONENTE: 7 CON SALONES 47
B5: No. | C5: No CONTRATO QUE SE PRESENTA EN LA CERTIFICACION. | D5: ENTIDAD CONTRATANTE | E5: CONTRATISTA QUE PRESENTA LA CERTIFICACION | F5: OBJETO DEL CONTRATO DE LA CERTIFICACION PRESENTADA. | G5: CONSECUTIVO RUP SI ES UN CONSORCIO SE PONDRÁN LOS CONSECUTIVOS DE CADA CONSORCIADO SI APLICA. | H5: INTEGRANTES DEL PROPONENTE PLURAL - % DE PARTICIPACION DE CADA INTEGRANTE EN LA CERTIFICACION PRESENTADA. | I5: CONSORCIADO QUE PRESENTA LA EXPERIENCIA EN EL CONTRATO O EN LA CERTIFICACION | J5: EXPERIENCIA GENERAL DEL PROPONENTE: | M5: EXPERIENCIA ESPECÍFICA DEL PROPONENTE: | N5: % PARTICIPACION | O5: FECHA DE INICIACION | P5: FECHA DE TERMINACION | Q5: VALOR TOTAL DEL CONTRATO | R5: PORCENTAJE PARTICIPACION EN PESOS COLOMBIANOS | S5: SMMLV QUE HABILITAN EN TOTAL 1 a 2 =75% 3 a 4 = 120% 5 a 6 = 150% | T5: SMMLV PROPONENTE REFERIDO AL AÑO EN QUE SE TERMINO EL CONTRATO. | U5: % DE SMMLV SOBRE EL P.O. | V5: OBSERVACION
J6: a. Debe estar inscrita y en firme en el RUP y cumplir con todos los códigos del Clasificador de Bienes y Servicios, así: 80101600-81101500-80101500 | K6: interventoría a construcción y/o terminación y/o ampliación y/o remodelación y/o reforzamiento y/o adecuación y/o mantenimiento y/o mejoramiento y/o modificación de edificaciones | L6: Los contratos aportados como experiencia válida y que corresponda a edificaciones debieron iniciar su ejecución luego de la expedición del Reglamento Colombiano de construcción Sismo Resistente – NSR-98., esto es, después del 09 de enero de 1998. 1 de los contratos relacionados como experiencia en edificaciones podrá haber iniciado ejecución antes del 09 de enero de 1998, fecha en cual se expidió la NSR-98. 1 único contrato para acreditar la experiencia solicitada, este deberá haber iniciado ejecución luego del 15 de julio de 2010, fecha en la cual entró en vigencia la NSR-10, y haya terminado su ejecución antes de la fecha del cierre del presente procedimiento de selección. Por lo menos uno (1) de los contratos validos aportados como experiencia debe haber iniciado ejecución con posteridad a la expedición de la NSR-10, el cual debió haberse ejecutado y terminado antes de la fecha del cierre del presente proceso de contratación | M6: Por lo menos uno (1) de los contratos válidos aportados como experiencia general deben contemplar un área intervenida o construida igual o superior al (50%) del total de metros cuadrados del proceso de selección, el cual corresponde a 725 M2 AREA A INTERVENIR]
B7: 1 | C7: 3683-2015 | D7: BOGOTA DISTRITO CAPITAL / SECRETARIA DE EDUCACION DISTRITAL | E7: OTRA - ACCIONISTA GRUPO G&B S.A.S. | F7: INTEVENTORÍA TÉCNICA ADMINISTRATIVA Y FINANCIERA DE LAS OBRAS DE ADECUACIÓN, MEJORAMIENTO LOCATIVO Y MANTENIMIENTO CORRECTIVO DE LA INFRAESTRUCTURA EN GENERAL DE LOS ESTABLECIMIENTOS EDUCATIVOS DEL DISTRITO CAPITAL. | G7: 126 | H7: ALICIA CAJIAO PAREJA 55% | I7: ARQUITECTURA GB S.A.S. | J7: 811015 | K7: CUMPLE | L7: CUMPLE | M7: CUMPLE | N7: 1 | O7: 42353 | P7: 42763 | Q7: 153566600 | R7: =Q7*N7 -> 153566600 | T7: =+R7/Hoja1!B9 -> 208.16465 | U7: =+T7/P15 -> 2.1464088 | X7: =1728.41*0.5 -> 864.205
H8: JUAN SEBASTIAN GARCIA 35%
H9: GRUPO G&B LTDA 10%
B10: 2 | C10: 628031-2016 | D10: ALCALDIA MAYOR DE BOGOTA D.C - SECRETARIA DE EDUCACION | F10: INTERVENTORÍA TÉCNICA, ADMINSTRATIVA, JURÍDICA, AMBIENTAL Y FINANCIERA AL CONTRATO DE AMPLIACION DE LA INFRAESTRUCTURA EDUCATIVA DEL COLEGIO MARSELLA CPF 817, MEDIANTE LA EJECUCIÓN DE LOS OBRAS DEL MÓDULO DE PRIMERA INFANCIA, UBICADO EN LA LOCALIDAD DE KENNEDY, DE ACUERDO CON LOS PLANOS, ESPECIFICACIONES Y CANTIDADES DE OBRA ENTREGADAS POR LA SED | G10: 154 | H10: PROMOTORA DE VALORES S.AS 60% | I10: GB10 CONSULTORES S.A.S. | J10: 801016 811015 801015 | K10: CUMPLE | L10: CUMPLE | M10: CUMPLE | N10: 0.6 | O10: 43469 | P10: 43704 | Q10: 186924010 | R10: 240557013 | T10: =+R10/Hoja1!B7 -> 290.4871 | U10: =+T10/P15 -> 2.9952447
H11: JCB INGENIERIA S.A.S 40% | X11: =1050.76*0.51 -> 535.8876
B12: 3 | R12: =Q12*N12 -> 0 | T12: =+R12/Hoja1!B4 -> 0 | U12: =+T12/Hoja1!B4 -> 0 | X12: =2062.51*0.7 -> 1443.757
B13: 5 | R13: =+N13*Q13 -> 0 | T13: =+R13/Hoja1!B5 -> 0 | U13: =T13/Hoja1!B5 -> 0
B14: 4 | R14: =+N14*Q14 -> 0 | T14: =+R14/828116 -> 0 | X14: =+T14*2 -> 0
L15: P.O. | N15: 112500000 | P15: =+N15/N18 -> 96.982759 | Q15: % P.O. | R15: SMMLV | S15: SUMATORIA | T15: =SUM(T7:T14) -> 498.65175 | U15: =SUM(U7:U14) -> 5.1416536 | V15: CUMPLE
S17: % P.O. | T17: SMMLV
L18: SMMLV 2023 | N18: 1160000 | R18: 0.75 | S18: =+$N$15*R18 -> 84375000 | T18: =+S18/$N$18 -> 72.737069
R19: 1.2 | S19: =+$N$15*R19 -> 135000000 | T19: =+S19/$N$18 -> 116.37931
R20: 1.5 | S20: =+$N$15*R20 -> 168750000 | T20: =+S20/$N$18 -> 145.47414
F22: NOMBRE DE QUIEN CALIFICO FDLRUU
F23: ANGELICA MARIA SANCHEZ RODRIGUEZ SOPORTE TÈCNICO

Sheet DIRECTOR PROP7
A1: EVALUACIÓN HOJA DE VIDA PROFESIONAL PROPUESTOPROPONENTE 2.
A2: CARGO PROPUESTO: | D2: DIRECTOR DE INTERVENTORIA
A3: Nombre Completo | E3: JAVIER ALFONSO MORA DAZA
A4: Profesión | E4: INGENIERO CIVIL
A5: Tarjeta Profesional | E5: 15202-113702 | F5: FOLIO
A6: Aporta carta de compromiso | E6: SI | F6: FOLIO
A7: Años dedicados al ejercicio de la profesión:
A9: II. ESTUDIOS
A10: FORMACION ACADEMICA Y EXPERIENCIA
A11: PREGRADO
A12: N° | B12: ESTABLECIMIENTO | E12: TITULO OBTENIDO | F12: FECHA DE GRADO
F13: DIA | G13: MES | H13: AÑO
A14: 1 | B14: UNIVERSIDAD PEDAGOGICA Y TECNOLOGICA DE COLOMBIA | E14: INGENIERO CIVIL | F14: 14 | G14: 10 | H14: 2004
A15: POSTGRADO
A16: N° | B16: ESTABLECIMIENTO | E16: TITULO OBTENIDO | F16: FECHA DE GRADO
F17: DIA | G17: MES | H17: AÑO
A18: 2 | B18: UNIVERSIDAD CATOLICA DE COLOMBIA | E18: ESPECIALISTA EN GERENCIA DE OBRA | F18: 15 | G18: 3 | H18: 2013
A19: III. EXPERIENCIA ESPECIFICA
A20: EXPERIENCIA ESPECIFICA (Relacionar en orden cronológico, iniciando por el cargo actual
A22: N° | B22: ENTIDAD O FIRMA CONTRATANTE | D22: CARGO | E22: OBJETO DEL CONTRATO | F22: PERIODO LABORADO | H22: TIEMPO LAB (AÑOS) | I22: CUMPLE | K22: OBSERVACIONES
F23: FECHA INICIO | G23: FECHA TERMINACION
I24: SI | J24: NO
A25: 1 | B25: Instituto Nacional Penitenciaria y Carcelario - INPEC Grupo G&B LTDA | D25: DIRECTOR DE INTERVENTORIA | E25: INTERVENTORÍA TÉCNICA ADMINISTRATIVA Y CONTABLE PARA LA ADECUACIÓN, MEJORAMIENTO, MANTENIMIENTO Y REDISTRIBUCCIÓN DE LA INFRAESTRUCTURA FISICA DE LAS INSTALACIONES INTERNAS, ÁEREAS DE APOYO Y EXTERNAS DEL ESTABLECIMIENTO PENITENCIARÍO Y CARCELARIO DE PALMIRA | F25: 39266 | G25: 39444 | H25: 5.93
A26: 2 | B26: SE HOSPITAL NUESTRA SEÑOIRA DE FATIMA - SUAZA - HUILA CONSORCIO HJ-MAC 16 | D26: DIRECTOR DE INTERVENTORIA | E26: INTERVENTORIA TECNICA, ADMINISTRATIVA Y FINANCIERA DEL CONTRATO DE "CONSTRUCCION DE OBRA NUEVA DE LA ESE HOSPITAL NUESTRA SEÑOIRA DE FATIMA - SUAZA - HUILA" | F26: 42383 | G26: 43963 | H26: 24
A27: 3
A29: 4
A30: 5
A31: 7
A32: 8
A33: 9
A34: 10
A35: 11
A36: 12 | J36: X
H37: 3 | I37: AÑOS
A38: REQUISITO HABILITANTE
A39: PERFIL PROFESIONAL SOLICITADO | C39: CUMPLE/NO CUMPLE | F39: Experiencia General > seis (6) años en el ejercicio de la profesión, contados partir de la expedición de la tarjeta profesional. | H39: Experiencia especifica
A40: INGENIERO (A) CIVIL. Y/O ARQQUITECTO POSGRADO: EN CUALQUIER RAMA DE LA INGENIERIA | C40: CUMPLE
F41: 19 AÑOS | H41: Demostrar experiencia de dos (2) años, en proyectos como director o coordinador de Interventorías a la construcción de Edificios y /o mantenimiento de edificaciones institucionales y / o privadas
F42: CUMPLE | H42: CUMPLE
B45: ANGELICA MARIA SANCHEZ RODRIGUEZ SOPORTE TÈCNICO

Sheet RESID PROP 7
A1: EVALUACIÓN HOJA DE VIDA PROFESIONAL PROPUESTO
A2: CARGO PROPUESTO: | D2: RESIDENTE DE INTERVENTORIA | E2: RESIDENTE DE INTERVENTORIA
A3: Nombre Completo | E3: IVONNE CONSTANZA ZABALA COLMENARES
A4: Profesión | E4: INGENIERIA CIVIL
A5: Tarjeta Profesional | E5: 25202-12376 | F5: FOLIO
A6: Aporta carta de compromiso | E6: SI | F6: FOLIO
A7: Años dedicados al ejercicio de la profesión:
A9: II. ESTUDIOS
A10: FORMACION ACADEMICA Y EXPERIENCIA
A11: PREGRADO
A12: N° | B12: ESTABLECIMIENTO | E12: TITULO OBTENIDO | F12: FECHA DE GRADO
F13: DIA | G13: MES | H13: AÑO
A14: 1 | B14: UNIVERSIDAD DE LA SALLE | E14: INGENIERO CIVIL | F14: 17 | G14: 6 | H14: 1983
A15: POSTGRADO
A16: N° | B16: ESTABLECIMIENTO | E16: TITULO OBTENIDO | F16: FECHA DE GRADO
F17: DIA | G17: MES | H17: AÑO
B18: ESCUELA COLOMBIANA DE INGENIERIA JULIO GARAVITO | E18: ESPECIALISTA EN RECURSOS HIDRAULICOS Y MEDIO09 12AMBIENTE | F18: 9 | G18: 12 | H18: 2008
A19: III. EXPERIENCIA ESPECIFICA
A20: EXPERIENCIA ESPECIFICA (Relacionar en orden cronológico, iniciando por el cargo actual
A22: N° | B22: ENTIDAD O FIRMA CONTRATANTE | D22: CARGO | E22: OBJETO DEL CONTRATO | F22: PERIODO LABORADO | H22: TIEMPO LAB (AÑOS) | I22: CUMPLE | K22: OBSERVACIONES
F23: FECHA INICIO | G23: FECHA TERMINACION
I24: SI | J24: NO
A25: 1 | B25: CAFESALUD - Grupo G&B LTDA | D25: RESIDENTE DE INTERVENTORIA | E25: REALIZACION DE LA INTERVENTORIA TECNICA, ADMINISTRATIVA Y FINANCIERA DE LA CONSTRUCCION DE LOS CENTROS DE ATENCION FAMILIAR INTEGRAL, “CAFI RESTREPO”, “CAFI PUENTE ARANDA”, “CAFI VENECIA”, “CAFI CEMES CHAPINERO”, “CAFI CALLE 100”, “CAFI PEREIRA”, “CAFI BUCARAMANGA”, “CAFI CARTAGENA”, “CAFI IBAGUE”, DEL CENTRO MEDICO DIAGNOSTICO, DE LAS OFICINAS DE CARTAGENA, CUCUTA, IBAGUE, MEDELLIN, PEREIRA, Y DE LAS OFICINAS DE PRESIDENCIA. | F25: 36678 | G25: 37225 | H25: 18.23 | I25: X
A26: 2 | B26: AGENCIA LOGISTICA DE LAS FUERZAS MILITARES - Grupo G&B LTDA | D26: RESIDENTE DE INTERVENTORIA | E26: INTERVENTORIA TECNICA, FINANCIERA Y ADMINISTRATIVA PARA LA CONSTRUCCION DE LA SEGUNDA ETAPA DEL ALOJAMIENTO DE TROPA PARA EL BATALLON DE Nº48 - PROCER MANUEL RODRIGUEZ TORICES EN SANTA ROSA SUR - BOLIVAR | F26: 41009 | G26: 41232 | H26: 7.43 | I26: X
A27: 3
A28: 4
A29: 5
A30: 6
A31: 7
A32: 8
A33: 9
A34: 10
A35: 11
A36: 12
H37: =SUM(H25:H26) -> 25.66 | I37: MESES
A38: REQUISITO HABILITANTE
A39: PERFIL PROFESIONAL SOLICITADO | C39: CUMPLE/NO CUMPLE | F39: Experiencia General > A 2 años | H39: Experiencia especifica
A40: INGENIERO Y /O ARQUITECTO/A. POSGRADO: EN CUALQUIER RAMA DE LA INGENIERIA | C40: CUMPLE/
F41: 20 AÑOS | H41: Demostrar mediante certificaciones, experiencia en un (1) año, en proyectos como residenter de Interventorías a la construcción de Edificios y /o mantenimiento de edificaciones institucionales y / o privadas. y mantenimiento de edificaciones institucionales y / o privadas.
F42: CUMPLE | H42: CUMPLE
B45: NOMBRE DE QUIEN CALIFICO FDLRUU ANGELICA MARIA SANCHEZ RODRIGUEZ SOPORTE TÈCNICO

Sheet PROP 8
B1: EXPERIENCIA HABILITANTE DEL PROPONENTE 8 CONSORCIO CONSULTORES 9010
B2: FDLRUU CMA 005-2023 OBJETO: “REALIZAR LA INTERVENTORÍA TÉCNICA, ADMINISTRATIVA, LEGAL, FINANCIERA, SOCIAL, AMBIENTAL Y DE SEGURIDAD Y SALUD EN EL TRABAJO (SST), DEL CONTRATO DE OBRA PÚBLICA QUE TIENE POR OBJETO: CONTRATAR A PRECIOS UNITARIOS FIJOS, LAS OBRAS REFERENTES AL MANTENIMIENTO Y REPARACIONES LOCATIVAS DE LOS SALONES COMUNALES EN LA LOCALIDAD DE RAFAEL URIBE URIBE EN LA CIUDAD DE BOGOTA”, DEL PROCESO DERIVADO DE SELECCIÓN ABREVIDA SAMC 006-2023”
B3: 3.8.1 EXIGENCIA MÍNIMA DE LA EXPERIENCIA DEL PROPONENTE
B4: PROPONENTE 8: CONSORCIO CONSULTORES 9010
B5: No. | C5: No CONTRATO QUE SE PRESENTA EN LA CERTIFICACION. | D5: ENTIDAD CONTRATANTE | E5: CONTRATISTA QUE PRESENTA LA CERTIFICACION | F5: OBJETO DEL CONTRATO DE LA CERTIFICACION PRESENTADA. | G5: CONSECUTIVO RUP SI ES UN CONSORCIO SE PONDRÁN LOS CONSECUTIVOS DE CADA CONSORCIADO SI APLICA. | H5: INTEGRANTES DEL PROPONENTE PLURAL - % DE PARTICIPACION DE CADA INTEGRANTE EN LA CERTIFICACION PRESENTADA. | I5: CONSORCIADO QUE PRESENTA LA EXPERIENCIA EN EL CONTRATO O EN LA CERTIFICACION | J5: EXPERIENCIA GENERAL DEL PROPONENTE: | M5: EXPERIENCIA ESPECÍFICA DEL PROPONENTE: | N5: % PARTICIPACION | O5: FECHA DE INICIACION | P5: FECHA DE TERMINACION | Q5: VALOR TOTAL DEL CONTRATO | R5: PORCENTAJE PARTICIPACION EN PESOS COLOMBIANOS | S5: SMMLV QUE HABILITAN EN TOTAL 1 a 2 =75% 3 a 4 = 120% 5 a 6 = 150% | T5: SMMLV PROPONENTE REFERIDO AL AÑO EN QUE SE TERMINO EL CONTRATO. | U5: % DE SMMLV SOBRE EL P.O. | V5: OBSERVACION
J6: a. Debe estar inscrita y en firme en el RUP y cumplir con todos los códigos del Clasificador de Bienes y Servicios, así: 80101600-81101500-80101500 | K6: interventoría a construcción y/o terminación y/o ampliación y/o remodelación y/o reforzamiento y/o adecuación y/o mantenimiento y/o mejoramiento y/o modificación de edificaciones | L6: Los contratos aportados como experiencia válida y que corresponda a edificaciones debieron iniciar su ejecución luego de la expedición del Reglamento Colombiano de construcción Sismo Resistente – NSR-98., esto es, después del 09 de enero de 1998. 1 de los contratos relacionados como experiencia en edificaciones podrá haber iniciado ejecución antes del 09 de enero de 1998, fecha en cual se expidió la NSR-98. 1 único contrato para acreditar la experiencia solicitada, este deberá haber iniciado ejecución luego del 15 de julio de 2010, fecha en la cual entró en vigencia la NSR-10, y haya terminado su ejecución antes de la fecha del cierre del presente procedimiento de selección. Por lo menos uno (1) de los contratos validos aportados como experiencia debe haber iniciado ejecución con posteridad a la expedición de la NSR-10, el cual debió haberse ejecutado y terminado antes de la fecha del cierre del presente proceso de contratación | M6: Por lo menos uno (1) de los contratos válidos aportados como experiencia general deben contemplar un área intervenida o construida igual o superior al (50%) del total de metros cuadrados del proceso de selección, el cual corresponde a [725 M2 AREA A INTERVENIR]
B7: 1 | C7: CO1.PCCNTR.274962 5 | D7: Secretaría de Educación del Distrito | E7: CONSORCIO SED C&I. | F7: Interventoría integral a las obras de adecuación, mejoramiento y atención de emergencias de las instituciones educativas y sedes administrativas a cargo de la secretaria de educación distrital para garantizar la prestación del servicio educativo | G7: 90 | H7: CELQO S.A.S. 75%, INGEPLAN 25% | I7: INGEPLAN.CO | J7: 811015 | K7: CUMPLE | L7: CUMPLE | M7: CUMPLE | N7: 0.25 | O7: 44470 | P7: 45046 | Q7: =2498.58*[1]Hoja1!B3 -> 2898352800 | R7: =Q7*N7 -> 724588200 | T7: =+R7/+[1]Hoja1!B3 -> 624.645 | U7: =+T7/$P$12 -> 6.440784 | X7: =1728.41*0.5 -> 864.205
B8: 2 | C8: 2201087 | D8: ENTERRITORIO | E8: CONSORCIO CENTRO DE COMERCIALIZACION | F8: Interventoría técnica, administrativa, financiera, ambiental y de control social, legal y presupuestal para la construcción centro de comercialización agropecuaria del municipio de Puerres departamento de Nariño | G8: 75 | H8: INGEPLAN.CO SAS 49% CELQO SAS 51% | I8: INGEPLAN.CO | J8: 811015 | K8: CUMPLE | N8: 0.49 | O8: 44403 | P8: 44742 | Q8: =336*[1]Hoja1!B4 -> 336000000 | R8: =Q8*N8 -> 164640000 | T8: =+R8/+[1]Hoja1!B4 -> 164.64 | U8: =+T8/$P$12 -> 1.6976213 | X8: =1050.76*0.51 -> 535.8876
B9: 3 | C9: N..A | D9: Banco Agrario de Colombia | E9: MUR PROYECTO LTDA | F9: Interventoría (mejoramiento) en los aspectos técnicos, administrativos y contables del proyecto denominado "resguardo de pastas" municipio de Aldana, departamento de Nariño" | G9: 9 | I9: INGEPLAN.CO | J9: 811015 | K9: CUMPLE | N9: 1 | O9: 37021 | P9: 37424 | R9: =Q9*N9 -> 0 | T9: =+R9/+[1]Hoja1!B5 -> 0 | U9: =+T9/$P$12 -> 0 | V9: ESTA EXPERIENCIA NO SE TIENE EN CUENTA POR QUE EL CONTRATO FUE SUSCRITO CON MUR PROYECTO LTDA, EL CUAL NO HACE PARTE DE LA CONFORMACIÓN DEL CONSORCIO CONSULTORES 9010 | X9: =2062.51*0.7 -> 1443.757
B10: 5 | R10: =+N10*Q10 -> 0 | S10: 1 a 2 = 1319,76 3 a 4 = 2111,62 5 a 6 = 2639,52 | T10: =+R10/828116 -> 0 | U10: =(T10/#REF!) -> #REF!
B11: 6 | R11: =+N11*Q11 -> 0 | S11: 1 a 2 = 1319,76 3 a 4 = 2111,62 5 a 6 = 2639,52 | T11: =+R11/828116 -> 0 | U11: =(T11/#REF!) -> #REF! | X11: =+T11*2 -> 0
L12: P.O. | N12: 112500000 | P12: =+N12/N15 -> 96.982759 | Q12: % P.O. | R12: SMMLV | S12: SUMATORIA | T12: =SUM(T7:T11) -> 789.285 | U12: =SUM(U7:U9) -> 8.1384053 | V12: CUMPLE
S14: % P.O. | T14: SMMLV
L15: SMMLV 2023 | N15: 1160000 | R15: 0.75 | S15: =+$N$12*R15 -> 84375000 | T15: =+S15/$N$15 -> 72.737069
R16: 1.2 | S16: =+$N$12*R16 -> 135000000 | T16: =+S16/$N$15 -> 116.37931
R17: 1.5 | S17: =+$N$12*R17 -> 168750000 | T17: =+S17/$N$15 -> 145.47414
F19: NOMBRE DE QUIEN CALIFICO FDLRUU
F20: ANGELICA SANCHEZ SOPORTE TÈCNICO

Sheet DIRECTOR PROP8
A1: EVALUACIÓN HOJA DE VIDA PROFESIONAL PROPUESTO
A2: CARGO PROPUESTO: | D2: DIRECTOR DE INTERVENTORIA
A3: Nombre Completo | E3: Olga Lucia Torres Camargo
A4: Profesión | E4: Ingenieria Civil
A5: Tarjeta Profesional | E5: 25202-76472 | F5: FOLIO
A6: Aporta carta de compromiso | F6: FOLIO
A7: Años dedicados al ejercicio de la profesión: | E7: 25
A9: II. ESTUDIOS
A10: FORMACION ACADEMICA Y EXPERIENCIA
A11: PREGRADO
A12: N° | B12: ESTABLECIMIENTO | E12: TITULO OBTENIDO | F12: FECHA DE GRADO
F13: DIA | G13: MES | H13: AÑO
A14: 1 | B14: Universidad Catolica de Colombia | E14: Ingenieria Civil | F14: 18 | G14: 2 | H14: 1998
A15: POSTGRADO
A16: N° | B16: ESTABLECIMIENTO | E16: TITULO OBTENIDO | F16: FECHA DE GRADO
F17: DIA | G17: MES | H17: AÑO
A18: 2
A19: III. EXPERIENCIA ESPECIFICA
A20: EXPERIENCIA ESPECIFICA (Relacionar en orden cronológico, iniciando por el cargo actual
A22: N° | B22: ENTIDAD O FIRMA CONTRATANTE | D22: CARGO | E22: OBJETO DEL CONTRATO | F22: PERIODO LABORADO | H22: TIEMPO LAB (AÑOS) | I22: CUMPLE | K22: OBSERVACIONES
F23: FECHA INICIO | G23: FECHA TERMINACION
I24: SI | J24: NO
A25: 1 | B25: Alcaldía Municipal de Chipaque | D25: Director de Interventoria | E25: Interventoría técnica, administrativa y financiera de la construcción de la escuela cerezos chiquitos del municipio de Chipaque Cundinamarca. | F25: 39279 | G25: 39527 | H25: =+(G25-F25)/30/12 -> 0.68888889 | I25: X
A26: 2 | B26: Consorcio Buenaventura Inter 2021 | C26: Consorcio Buenaventura Inter 2021 | D26: Director de Interventoria | E26: Interventoría técnica, administrativa, financiera, ambiental y de control presupuestal para la construcción de cubierta de las canchas deportivas exteriores, graderías y urbanismos en el proyecto en la I.E. San Antonio (Buenaventura) | F26: 44403 | G26: 44589 | H26: =+(G26-F26)/30/12 -> 0.51666667 | I26: X
A27: 3 | B27: Consorcio SED C&I | C27: Consorcio SED C&I | D27: Director de Interventoria | E27: Interventoría integral a las obras de adecuación, mejoramiento y atención de emergencias de las instituciones educativas y sedes administrativas a cargo de la secretaria de educación distrital para garantizar la prestación del servicio educativo.” GRUPO 7 KENNEDY – FONTIBÓN” | F27: 44684 | G27: 44942 | H27: =+(G27-F27)/30/12 -> 0.71666667 | I27: X
A28: 4 | B28: PROMCIVILES | C28: PROMCIVILES | D28: Director de Interventoria | E28: lnterventoría técnica, administrativa, financiera, contable, jurídica y ambiental a: (i) construcción de la estación de bomberos bellavista; (ii) realizar el mantenimiento predictivo, preventivo, correctivo, adecuaciones y mejoras a las instalaciones de las dependencias de la unidad administrativa especial cuerpo oficial de bomberos de Bogotá D.C. y, (iii) estudios, diseños, y obras de la estación de bomberos las ferias. | F28: 43983 | G28: 44352 | H28: =+(G28-F28)/30/12 -> 1.025 | I28: X
A29: 5 | B29: Terminal de Transportes de Manizales | C29: Terminal de Transportes de Manizales | D29: Director de Interventoria | E29: Contratar la Interventoria Tecnica, administrativa y financiera de los contratos de obra de: Adecuación de baño, tasa de uso y cocina y la Construcción de Cuarto de Basuras de la Terminal de Transporte de Manizales S.A. | F29: 41808 | G29: 42024 | H29: =+(G29-F29)/30/12 -> 0.6 | I29: X
A30: 6 | B30: Alcaldía Municipal de Chipaque | C30: Alcaldía Municipal de Chipaque | D30: Director de Interventoria | E30: Interventoria Tecnica, Administrativa y Financiera de la Construcción de Veinticinco de Unidades Sanitarias Municipio de Chipaque | F30: 39291 | G30: 39444 | H30: =+(G30-F30)/30/12 -> 0.425 | I30: X
H31: =SUM(H25:H30) -> 3.9722222 | I31: AÑOS
A32: REQUISITO HABILITANTE
A33: PERFIL PROFESIONAL SOLICITADO | C33: CUMPLE/NO CUMPLE | F33: Experiencia General > seis (6) años en el ejercicio de la profesión, contados partir de la expedición de la tarjeta profesional. | H33: Experiencia especifica
A34: INGENIERO (A) CIVIL. Y/O ARQQUITECTO POSGRADO: EN CUALQUIER RAMA DE LA INGENIERIA | C34: NO CUMPLE NO PRESENTA SOPORTE DEL POSGRADO
F35: =+E7 -> 25 | H35: Demostrar experiencia de dos (2) años, en proyectos como director o coordinador de Interventorías a la construcción de Edificios y /o mantenimiento de edificaciones institucionales y / o privadas
F36: CUMPLE | H36: CUMPLE
B39: NOMBRE DE QUIEN CALIFICO FDLRUU ANGELICA SANCHEZ SOPORTE TÈCNICO

Sheet RESIDENTE PROP8
A1: EVALUACIÓN HOJA DE VIDA PROFESIONAL PROPUESTO
A2: CARGO PROPUESTO: | D2: RESIDENTE DE INTERVENTORIA | E2: RESIDENTE DE INTERVENTORIA
A3: Nombre Completo | E3: Luz Solange Valbuena Torres
A4: Profesión | E4: Arquitecta
A5: Tarjeta Profesional | E5: A25192003-52824887 | F5: FOLIO
A6: Aporta carta de compromiso | F6: FOLIO
A7: Años dedicados al ejercicio de la profesión: | E7: 20
A9: II. ESTUDIOS
A10: FORMACION ACADEMICA Y EXPERIENCIA
A11: PREGRADO
A12: N° | B12: ESTABLECIMIENTO | E12: TITULO OBTENIDO | F12: FECHA DE GRADO
F13: DIA | G13: MES | H13: AÑO
A14: 1 | B14: Universidad La Gran Colombia | E14: Arquitecta | F14: 37 | G14: 3 | H14: 2003
A15: POSTGRADO
A16: N° | B16: ESTABLECIMIENTO | E16: TITULO OBTENIDO | F16: FECHA DE GRADO
F17: DIA | G17: MES | H17: AÑO
B18: Universidad Catolica | E18: Especialista en gerencia de obras | F18: 24 | G18: 9 | H18: 2020
A19: III. EXPERIENCIA ESPECIFICA
A20: EXPERIENCIA ESPECIFICA (Relacionar en orden cronológico, iniciando por el cargo actual
A22: N° | B22: ENTIDAD O FIRMA CONTRATANTE | D22: CARGO | E22: OBJETO DEL CONTRATO | F22: PERIODO LABORADO | H22: TIEMPO LAB (AÑOS) | I22: CUMPLE | K22: OBSERVACIONES
F23: FECHA INICIO | G23: FECHA TERMINACION
I24: SI | J24: NO
A25: 1 | E25: Interventoría técnica, administrativa, financiera y jurídica a las obras de construcción y mejoramiento del conservatorio la favorita | F25: 43108 | G25: 43590 | H25: =+(G25-F25)/30/12 -> 1.3388889 | I25: X
A26: 2 | E26: Interventoría técnico administrativa, financiera, legal, ambiental y social para la construcción y dotación primera fase estaciones de policía en el departamento de Cundinamarca a precios unitarios fijos sin fórmula de reajuste | F26: 41764 | G26: 41930 | H26: =+(G26-F26)/30/12 -> 0.46111111 | I26: X
A27: 3 | E27: Realizar la Interventoría Técnica, Administrativa y Financiera para los contratos de diseño y Construcción de Jardines Infantiles en diferentes localidades del distrito Capital partiendo del esquema básico y programa requerido entregado por la secretaria de educación frente a Institución educativa Marsella de Bogotá D.C. | F27: 42423 | G27: 42551 | H27: =+(G27-F27)/30/12 -> 0.35555556 | I27: X
A28: 4
A29: 5
A30: 6
A31: 7
A32: 8
A33: 9
A34: 10
A35: 11
A36: 12
H37: =SUM(H35:H36) -> 0 | I37: AÑOS
A38: REQUISITO HABILITANTE
A39: PERFIL PROFESIONAL SOLICITADO | C39: CUMPLE/NO CUMPLE | F39: Experiencia General > A 2 años | H39: Experiencia especifica
A40: INGENIERO Y /O ARQUITECTO/A. POSGRADO: EN CUALQUIER RAMA DE LA INGENIERIA | C40: CUMPLE
F41: =+E7 -> 20 | H41: Demostrar mediante certificaciones, experiencia en un (1) año, en proyectos como residenter de Interventorías a la construcción de Edificios y /o mantenimiento de edificaciones institucionales y / o privadas. y mantenimiento de edificaciones institucionales y / o privadas.
F42: CUMPLE | H42: CUMPLE
B45: NOMBRE DE QUIEN CALIFICO FDLRUU ANGELICA SANCHEZ SOPORTE TÈCNICO

Sheet PROP 9
B1: EXPERIENCIA HABILITANTE DEL PROPONENTE 9 CONSORCIO RAFAEL URIBE
B2: FDLRUU CMA 005-2023 OBJETO: “REALIZAR LA INTERVENTORÍA TÉCNICA, ADMINISTRATIVA, LEGAL, FINANCIERA, SOCIAL, AMBIENTAL Y DE SEGURIDAD Y SALUD EN EL TRABAJO (SST), DEL CONTRATO DE OBRA PÚBLICA QUE TIENE POR OBJETO: CONTRATAR A PRECIOS UNITARIOS FIJOS, LAS OBRAS REFERENTES AL MANTENIMIENTO Y REPARACIONES LOCATIVAS DE LOS SALONES COMUNALES EN LA LOCALIDAD DE RAFAEL URIBE URIBE EN LA CIUDAD DE BOGOTA”, DEL PROCESO DERIVADO DE SELECCIÓN ABREVIDA SAMC 006-2023”
B3: 3.8.1 EXIGENCIA MÍNIMA DE LA EXPERIENCIA DEL PROPONENTE
B4: PROPONENTE: 9 CONSORCIO RAFAEL URIBE
B5: No. | C5: No CONTRATO QUE SE PRESENTA EN LA CERTIFICACION. | D5: ENTIDAD CONTRATANTE | E5: CONTRATISTA QUE PRESENTA LA CERTIFICACION | F5: OBJETO DEL CONTRATO DE LA CERTIFICACION PRESENTADA. | G5: CONSECUTIVO RUP SI ES UN CONSORCIO SE PONDRÁN LOS CONSECUTIVOS DE CADA CONSORCIADO SI APLICA. | H5: INTEGRANTES DEL PROPONENTE PLURAL - % DE PARTICIPACION DE CADA INTEGRANTE EN LA CERTIFICACION PRESENTADA. | I5: CONSORCIADO QUE PRESENTA LA EXPERIENCIA EN EL CONTRATO O EN LA CERTIFICACION | J5: EXPERIENCIA GENERAL DEL PROPONENTE: | M5: EXPERIENCIA ESPECÍFICA DEL PROPONENTE: | N5: % PARTICIPACION | O5: FECHA DE INICIACION | P5: FECHA DE TERMINACION | Q5: VALOR TOTAL DEL CONTRATO | R5: PORCENTAJE PARTICIPACION EN PESOS COLOMBIANOS | S5: SMMLV QUE HABILITAN EN TOTAL 1 a 2 =75% 3 a 4 = 120% 5 a 6 = 150% | T5: SMMLV PROPONENTE REFERIDO AL AÑO EN QUE SE TERMINO EL CONTRATO. | U5: % DE SMMLV SOBRE EL P.O. | V5: OBSERVACION
J6: a. Debe estar inscrita y en firme en el RUP y cumplir con todos los códigos del Clasificador de Bienes y Servicios, así: 80101600-81101500-80101500 | K6: interventoría a construcción y/o terminación y/o ampliación y/o remodelación y/o reforzamiento y/o adecuación y/o mantenimiento y/o mejoramiento y/o modificación de edificaciones | L6: Los contratos aportados como experiencia válida y que corresponda a edificaciones debieron iniciar su ejecución luego de la expedición del Reglamento Colombiano de construcción Sismo Resistente – NSR-98., esto es, después del 09 de enero de 1998. 1 de los contratos relacionados como experiencia en edificaciones podrá haber iniciado ejecución antes del 09 de enero de 1998, fecha en cual se expidió la NSR-98. 1 único contrato para acreditar la experiencia solicitada, este deberá haber iniciado ejecución luego del 15 de julio de 2010, fecha en la cual entró en vigencia la NSR-10, y haya terminado su ejecución antes de la fecha del cierre del presente procedimiento de selección. Por lo menos uno (1) de los contratos validos aportados como experiencia debe haber iniciado ejecución con posteridad a la expedición de la NSR-10, el cual debió haberse ejecutado y terminado antes de la fecha del cierre del presente proceso de contratación | M6: Por lo menos uno (1) de los contratos válidos aportados como experiencia general deben contemplar un área intervenida o construida igual o superior al (50%) del total de metros cuadrados del proceso de selección, el cual corresponde a [725 M2 AREA A INTERVENIR]
B7: 1 | C7: 0651-2017 | D7: SECRETARÍA DISTRITAL DE SEGURIDAD, CONVIVENCIA Y JUSTICIA DE BOGOTÁ DC | E7: CONSORCIO JMS | F7: LA INTERVENTORÍA TÉCNICA, ADMINISTRATIVA, JURÍDICA, FINANIERA Y AMBIENTAL AL CONTRATO DE OBRA PÚBLICA MEDIANTE El QUE SE REALICE LA CONSTRUCCIÓN DE LOS COMANDOS DE ACCIÓN INMEDIATA (CAi) BRITALIA, PERDOMO Y USME DE LA CIUDAD DE BOGOTÁ. | G7: 5 RUP JMS INGENEIRÍA Y ARQUITECTURA SAS BIC 101 RUP JOSÉ MARÍA SIERRA CARRASQUILLA | I7: CONSORCIO JMS | J7: 801016 - 811015 | K7: CUMPLE | L7: CUMPLE | M7: CUMPLE | N7: 1 | O7: 22/08/20017 | P7: 43315 | Q7: 110286219 | T7: =+R7/689455 -> 0 | U7: =+T7/$P$16 -> 0 | V7: NO PRESENTA LA CONFORMACIÓN DELCONSORCIO JMS | X7: =1728.41*0.5 -> 864.205
B8: 2 | C8: 1182-2022 | D8: DEPARTAMENTO DEL HUILA | E8: CONSORCIO EDIFICACIONES | F8: INTERVENTORÍA TECNICA, ADMINISTRATIVA, FINANCIERA Y AMBIENTAL AL CONTRATO DE OBRA CUYO OBJETO ES: REALIZAR MANTENIMIENTO, ADECUACIONES Y REPARACIONES LOCATIVAS EN DIFERENTES SEDES Y EDIFICIO CENTRAL DEL DEPARTAMENTO DEL HUILA | G8: 44 RUP JMS INGENIERÍA Y RQUITECTURA SAS BIC 108 RUP JOSÉ MARÍA SIERRA CARRASQUILLA | I8: CONSORCIO EDIFICACIONES | J8: 801016 - 811015 | N8: 1 | O8: 44727 | P8: 44927 | Q8: 181582072 | T8: =+R8/689455 -> 0 | U8: =+T8/$P$16 -> 0 | V8: NO PRESENTA LA CONFORMACIÓN CONSORCIO EDIFICACIONES
B9: 3 | C9: 393-2019 | D9: BOGOTÁ DC - ALCALDÍA LOCAL DE SUBA | E9: JMS INGENIERÍA Y ARQUITECTURA SAS BIC | F9: REALIZAR LA INTERVENTORÍA TÉCNICA, ADMINISTRATIVA, LEGAL, FINANCIERA, CONTABLE, SEGURIDAD Y SALUD EN EL TRABAJO, SOCIAL Y AMBIENTAL PARA EL CONTRATO DE OBRA PÚBLICA 333 DE 2018 -CONTRATO DE INTERVENTORÍA NO 393 DE 2019 | G9: 33 RUP JMS INGENIERÍA Y ARQUITECTURA SAS BIC | I9: JMS INGENIERÍA Y ARQUITECTURA SAS BIC | J9: 801016 - 811015 | N9: 1 | O9: 44496 | P9: 44707 | Q9: 105906624 | R9: =Q9*N9 -> 105906624 | T9: =+R9/+[1]Hoja1!B4 -> 105.90662 | U9: =+T9/$P$16 -> 1.092015
B10: 4 | C10: 032-2015 | D10: FISCALIA GENERAL DE LA NACIÓN | E10: CONSORCIO JMS 2015 | F10: Realizar la interventoría administrativa, técnica y financiera sobre las obras de mantenimiento y adecuaciones locativas para la Sede Manuel Gaona Cruz, ubicado en la Carrera 33 No 18-33, de Bogotá. D.C, de la Fiscalía General de la Nació | G10: 91 RUP JMS INGENIERÍA Y ARQUITECTURA SAS BIC 87 RUP JOSÉ MARÍA SIERRA CARRASQUILLA | H10: JMS INGENIERÍA Y ARQUITECTURA SAS 95% JOSE MARIA SIERRA 5% | I10: CONSORCIO JMS 2015 | J10: 801016 - 811015 | N10: 1 | O10: 42228 | P10: 42350 | Q10: 70736587 | R10: =Q10*N10 -> 70736587 | T10: =+R10/+[1]Hoja1!B11 -> 109.77976 | U10: =+T10/$P$16 -> 1.1319513
B11: 5 | D11: IGLESIA LA LUZ DEL MUNDO | E11: JOSÉ MARÍA SIERRA CARRASQUILLA | F11: ESTUDIOS Y DISEÑOS DEL PROYECTO INTEGRAL DEL LOTE LOCALIZADO EN EL MUNICIPIO DE ZIPAQUIRA, VEREDA SAN JORGE, DEPARTAMENTO DE CUNDINAMARCA CON UN AREA TOTAL DE 50.667.08 M2. INCLUYÓ LEVANTAMIENTOS TOPOGRAFICOS CORRESPONDIENTES A LA PLANIMENTRIA Y ALTRIMETRIA, ESTUDIOS DE SUELOS Y LABORATORIOS, ESTUDIO DE TRÁNSITO VEHICULAR Y PEATONAL PARA LOS DISEÑOS DE VIAS INTERNAS Y SENDEROS PEATONALES, DISEÑOS ARQUITECTÓNICOS DE TEMPLO PRINCIPAL 1.850M2, SALÓN DE REUNIONES Y CONVENCIONES 450 M2, AULAS DE CLASES 102 M2, CENTRO COMUNITARIO 780 M2, CASA PASTORAL 1. 388 M2, CASA PASTORAL 2. 790 M2, AREAS RECREODEPORTIVAS 700 M2, DISEÑOS ESTRUCTURALES, DISEÑOS ELECTRICOS DE EDIFICACIONES Y EXTERIORES, DISEÑOS HIDROSANITARIOS DE EDIFICACIONES EXTERIORES, DISEÑO DE REDES ELÉCTRICAS DE BT Y MT, DISEÑOS PAISAJISTICOS Y PLAN DE MANEJO AMBIENTAL. INTERVENTORIA TÉCNICA, ADMINISTRATIVA, JURÍDICA, FINANCIERA Y AMBIENTAL DE LA CONSTRUCCION DE VIAS INTERNAS Y SENDEROS PEATONALES 3.820 M2, SALÓN DE REUNIONES Y CONVENCIONES 450 M2, AULAS DE CLASES 102 M2, CENTRO COMUNITARIO 780 M2, CASA PASTORAL 1. 388 M2, AREAS RECREODEPORTIVAS 700 M2. INSTALACIONES Y REDES DE LAS AREAS CONSTRUIDAS. | G11: 68 RUP JOSÉ MARÍA SIERRA CARRASQUILLA | I11: JOSÉ MARÍA SIERRA CARRASQUILLA | J11: 801016 - 811015 | N11: 1 | O11: 40852 | P11: 41273 | Q11: 385000000 | R11: =Q11*N11 -> 385000000 | T11: =+R11/+[1]Hoja1!B14 -> 679.3718 | U11: =+T11/$P$16 -> 7.0050781
B12: 6 | R12: =Q12*N12 -> 0 | T12: =+R12/689455 -> 0 | U12: =+T12/$P$16 -> 0 | X12: =1050.76*0.51 -> 535.8876
R13: =Q13*N13 -> 0 | T13: =+R13/828116 -> 0 | U13: =+T13/$P$16 -> 0 | X13: =2062.51*0.7 -> 1443.757
B14: 5 | R14: =+N14*Q14 -> 0 | S14: 1 a 2 = 1319,76 3 a 4 = 2111,62 5 a 6 = 2639,52 | T14: =+R14/828116 -> 0 | U14: =(T14/#REF!) -> #REF!
B15: 6 | R15: =+N15*Q15 -> 0 | S15: 1 a 2 = 1319,76 3 a 4 = 2111,62 5 a 6 = 2639,52 | T15: =+R15/828116 -> 0 | U15: =(T15/#REF!) -> #REF! | X15: =+T15*2 -> 0
L16: P.O. | N16: 112500000 | P16: =+N16/N19 -> 96.982759 | Q16: % P.O. | R16: SMMLV | S16: SUMATORIA | T16: =SUM(T7:T15) -> 895.05818 | U16: =SUM(U7:U13) -> 9.2290444 | V16: CUMPLE
S18: % P.O. | T18: SMMLV
L19: SMMLV 2023 | N19: 1160000 | R19: 0.75 | S19: =+$N$16*R19 -> 84375000 | T19: =+S19/$N$19 -> 72.737069
R20: 1.2 | S20: =+$N$16*R20 -> 135000000 | T20: =+S20/$N$19 -> 116.37931
R21: 1.5 | S21: =+$N$16*R21 -> 168750000 | T21: =+S21/$N$19 -> 145.47414
F23: NOMBRE DE QUIEN CALIFICO FDLRUU
F24: xxxxx SOPORTE TÈCNICO

Sheet DIRECTOR PROP 9
A1: EVALUACIÓN HOJA DE VIDA PROFESIONAL PROPUESTO
A2: CARGO PROPUESTO: | D2: DIRECTOR DE INTERVENTORIA
A3: Nombre Completo | E3: JOSÉ MARÍA SIERRA CARRASQUILLA
A4: Profesión | E4: Ingenieria Civil
A5: Tarjeta Profesional | E5: 2520200537 CND | F5: FOLIO
A6: Aporta carta de compromiso | E6: 44 | F6: FOLIO
A7: Años dedicados al ejercicio de la profesión:
A9: II. ESTUDIOS
A10: FORMACION ACADEMICA Y EXPERIENCIA
A11: PREGRADO
A12: N° | B12: ESTABLECIMIENTO | E12: TITULO OBTENIDO | F12: FECHA DE GRADO
F13: DIA | G13: MES | H13: AÑO
A14: 1 | B14: UNIVERSIDAD GRAN COLOMBIA | E14: Ingenieria Civil | F14: 28 | G14: 11 | H14: 1979
A15: POSTGRADO
A16: N° | B16: ESTABLECIMIENTO | E16: TITULO OBTENIDO | F16: FECHA DE GRADO
F17: DIA | G17: MES | H17: AÑO
A18: 2 | B18: CORPORACION UNIVERSITARIA UNITER | E18: ESPECIALISTA EN GERENCIA DE PROYECTOS | F18: 19 | G18: 3 | H18: 21
A19: III. EXPERIENCIA ESPECIFICA
A20: EXPERIENCIA ESPECIFICA (Relacionar en orden cronológico, iniciando por el cargo actual
A22: N° | B22: ENTIDAD O FIRMA CONTRATANTE | D22: CARGO | E22: OBJETO DEL CONTRATO | F22: PERIODO LABORADO | H22: TIEMPO LAB (AÑOS) | I22: CUMPLE | K22: OBSERVACIONES
F23: FECHA INICIO | G23: FECHA TERMINACION
I24: SI | J24: NO
A25: 1 | B25: IGLESIA LA LUZ DEL MUNDO | D25: Director de Interventoria | E25: INTERVENTORÍA PARA LA CONSTRUCCIÓN, MANTENIMIENTO DE VARIAS EDIFICACIONES A NIVEL NACIONAL | F25: 39814 | G25: 41364 | H25: 4.3055556 | I25: X
A26: 2 | B26: FISCALIA GENERAL DE LA NACIÓN | C26: Consorcio Buenaventura Inter 2021 | D26: Director de Interventoria | E26: NTERVENTORÍA TECNICA, ADMINISTRATIVA Y FINANCIERA SOBRE LAS OBRAS DE MANTENIMIENTO Y ADECUACIONES LOCATIVAS PARA LA SEDE MANUEL GAONA CRUZ, UBICADO EN LA CARRERA 33 #18-33 EN BOGOTÁ D.C | F26: 42228 | G26: 42350 | H26: 0.33888889 | I26: X
H31: 4.6444444 | I31: AÑOS
A32: REQUISITO HABILITANTE
A33: PERFIL PROFESIONAL SOLICITADO | C33: CUMPLE/NO CUMPLE | F33: Experiencia General > seis (6) años en el ejercicio de la profesión, contados partir de la expedición de la tarjeta profesional. | H33: Experiencia especifica
A34: INGENIERO (A) CIVIL. Y/O ARQQUITECTO POSGRADO: EN CUALQUIER RAMA DE LA INGENIERIA | C34: CUMPLE
F35: 44 | H35: Demostrar experiencia de dos (2) años, en proyectos como director o coordinador de Interventorías a la construcción de Edificios y /o mantenimiento de edificaciones institucionales y / o privadas
F36: CUMPLE | H36: CUMPLE
B39: NOMBRE DE QUIEN CALIFICO FDLRUU ANGELICA SANCHEZ SOPORTE TÈCNICO

Sheet RESIDENTE PROP 9
A1: EVALUACIÓN HOJA DE VIDA PROFESIONAL PROPUESTO
A2: CARGO PROPUESTO: | D2: RESIDENTE DE INTERVENTORIA | E2: RESIDENTE DE INTERVENTORIA
A3: Nombre Completo | E3: AGAPITO SIERRA CARRASQUILLA
A4: Profesión | E4: Arquitecta
A5: Tarjeta Profesional | E5: A25192003-52824887 | F5: FOLIO
A6: Aporta carta de compromiso | F6: FOLIO
A7: Años dedicados al ejercicio de la profesión: | E7: 46
A9: II. ESTUDIOS
A10: FORMACION ACADEMICA Y EXPERIENCIA
A11: PREGRADO
A12: N° | B12: ESTABLECIMIENTO | E12: TITULO OBTENIDO | F12: FECHA DE GRADO
F13: DIA | G13: MES | H13: AÑO
A14: 1 | B14: UNIVERSIDAD LA GRAN COLOMBIA | E14: INGENIERO CIVIL | F14: 18 | G14: 11 | H14: 1977
A15: POSTGRADO
A16: N° | B16: ESTABLECIMIENTO | E16: TITULO OBTENIDO | F16: FECHA DE GRADO
F17: DIA | G17: MES | H17: AÑO
B18: UNIVERSIDAD LIBRE | E18: GERENCIA AMBIENTAL | F18: 16 | G18: 7 | H18: 2004
A19: III. EXPERIENCIA ESPECIFICA
A20: EXPERIENCIA ESPECIFICA (Relacionar en orden cronológico, iniciando por el cargo actual
A22: N° | B22: ENTIDAD O FIRMA CONTRATANTE | D22: CARGO | E22: OBJETO DEL CONTRATO | F22: PERIODO LABORADO | H22: TIEMPO LAB (AÑOS) | I22: CUMPLE | K22: OBSERVACIONES
F23: FECHA INICIO | G23: FECHA TERMINACION
I24: SI | J24: NO
A25: 1 | B25: IGLESIA LA LUZ DEL MUNDO | D25: RESIDENTE DE INTERVENTORIA | E25: INTERVENTORÍA PARA LA CONSTRUCCIÓN, MANTENIMIENTO DE VARIAS EDIFICACIONES A NIVEL NACIONAL | F25: 39814 | G25: 41364 | H25: =+(G25-F25)/30/12 -> 4.3055556 | I25: X
A26: 2 | B26: FISCALIA GENERAL DE LA NACIÓN | D26: RESIDENTE DE INTERVENTORIA | E26: INTERVENTORÍA TECNICA,ADMINISTRATIVA Y FINANCIERA SOBRE LAS OBRAS DE MANTENIMIENTO Y ADECUACIONES LOCATIVAS PARA LA SEDE MANUEL GAONA CRUZ, UBICADO EN LA CARRERA 33 #18-33 EN BOGOTÁ D.C | F26: 42228 | G26: 42350 | H26: =+(G26-F26)/30/12 -> 0.33888889 | I26: X
A27: 3
A28: 4
A29: 5
A30: 6
A31: 7
A32: 8
A33: 9
A34: 10
A35: 11
A36: 12
H37: =SUM(H25:H36) -> 4.6444444 | I37: AÑOS
A38: REQUISITO HABILITANTE
A39: PERFIL PROFESIONAL SOLICITADO | C39: CUMPLE/NO CUMPLE | F39: Experiencia General > A 2 años | H39: Experiencia especifica
A40: INGENIERO Y /O ARQUITECTO/A. POSGRADO: EN CUALQUIER RAMA DE LA INGENIERIA | C40: CUMPLE
F41: =+E7 -> 46 | H41: Demostrar mediante certificaciones, experiencia en un (1) año, en proyectos como residenter de Interventorías a la construcción de Edificios y /o mantenimiento de edificaciones institucionales y / o privadas. y mantenimiento de edificaciones institucionales y / o privadas.
F42: CUMPLE | H42: CUMPLE
B45: NOMBRE DE QUIEN CALIFICO FDLRUU ANGELICA SANCHEZ SOPORTE TÈCNICO

Sheet PROP 10
B1: EXPERIENCIA HABILITANTE DEL PROPONENTE 10 CONSORCIO CAMINOS 2021
B2: FDLRUU CMA 005-2023 OBJETO: “REALIZAR LA INTERVENTORÍA TÉCNICA, ADMINISTRATIVA, LEGAL, FINANCIERA, SOCIAL, AMBIENTAL Y DE SEGURIDAD Y SALUD EN EL TRABAJO (SST), DEL CONTRATO DE OBRA PÚBLICA QUE TIENE POR OBJETO: CONTRATAR A PRECIOS UNITARIOS FIJOS, LAS OBRAS REFERENTES AL MANTENIMIENTO Y REPARACIONES LOCATIVAS DE LOS SALONES COMUNALES EN LA LOCALIDAD DE RAFAEL URIBE URIBE EN LA CIUDAD DE BOGOTA”, DEL PROCESO DERIVADO DE SELECCIÓN ABREVIDA SAMC 006-2023”
B3: 3.8.1 EXIGENCIA MÍNIMA DE LA EXPERIENCIA DEL PROPONENTE
B4: PROPONENTE: 10 CONSORCIO CAMINOS 2021
B5: No. | C5: No CONTRATO QUE SE PRESENTA EN LA CERTIFICACION. | D5: ENTIDAD CONTRATANTE | E5: CONTRATISTA QUE PRESENTA LA CERTIFICACION | F5: OBJETO DEL CONTRATO DE LA CERTIFICACION PRESENTADA. | G5: CONSECUTIVO RUP SI ES UN CONSORCIO SE PONDRÁN LOS CONSECUTIVOS DE CADA CONSORCIADO SI APLICA. | H5: INTEGRANTES DEL PROPONENTE PLURAL - % DE PARTICIPACION DE CADA INTEGRANTE EN LA CERTIFICACION PRESENTADA. | I5: CONSORCIADO QUE PRESENTA LA EXPERIENCIA EN EL CONTRATO O EN LA CERTIFICACION | J5: EXPERIENCIA GENERAL DEL PROPONENTE: | M5: EXPERIENCIA ESPECÍFICA DEL PROPONENTE: | N5: % PARTICIPACION | O5: FECHA DE INICIACION | P5: FECHA DE TERMINACION | Q5: VALOR TOTAL DEL CONTRATO | R5: PORCENTAJE PARTICIPACION EN PESOS COLOMBIANOS | S5: SMMLV QUE HABILITAN EN TOTAL 1 a 2 =75% 3 a 4 = 120% 5 a 6 = 150% | T5: SMMLV PROPONENTE REFERIDO AL AÑO EN QUE SE TERMINO EL CONTRATO. | U5: % DE SMMLV SOBRE EL P.O. | V5: OBSERVACION
J6: a. Debe estar inscrita y en firme en el RUP y cumplir con todos los códigos del Clasificador de Bienes y Servicios, así: 80101600-81101500-80101500 | K6: interventoría a construcción y/o terminación y/o ampliación y/o remodelación y/o reforzamiento y/o adecuación y/o mantenimiento y/o mejoramiento y/o modificación de edificaciones | L6: Los contratos aportados como experiencia válida y que corresponda a edificaciones debieron iniciar su ejecución luego de la expedición del Reglamento Colombiano de construcción Sismo Resistente – NSR-98., esto es, después del 09 de enero de 1998. 1 de los contratos relacionados como experiencia en edificaciones podrá haber iniciado ejecución antes del 09 de enero de 1998, fecha en cual se expidió la NSR-98. 1 único contrato para acreditar la experiencia solicitada, este deberá haber iniciado ejecución luego del 15 de julio de 2010, fecha en la cual entró en vigencia la NSR-10, y haya terminado su ejecución antes de la fecha del cierre del presente procedimiento de selección. Por lo menos uno (1) de los contratos validos aportados como experiencia debe haber iniciado ejecución con posteridad a la expedición de la NSR-10, el cual debió haberse ejecutado y terminado antes de la fecha del cierre del presente proceso de contratación | M6: Por lo menos uno (1) de los contratos válidos aportados como experiencia general deben contemplar un área intervenida o construida igual o superior al (50%) del total de metros cuadrados del proceso de selección, el cual corresponde a [725 M2 AREA A INTERVENIR]
B7: 1 | C7: 144 del 30/10/07 | D7: SUPÉRINTENDENCIA DE NOTARIADO Y REGISTRO | E7: CONSORCIO SNR | F7: Interventoría técnica y administrativa control de costos y control de programación, de los contratos de obra resultantes de la Licitación publica 04 y la adquisición de muebles Licitación Publica 05 de 2007 para algunas oficinas de registro de Instrumentos Públicosdel País o de las invitaciones publicas que de estas se deriven en caso de que fueren declaradas desiertas parcial o totalmente según el pliego de condiciones, y la propuesta del contratista cuales forman parte integral de este contrato | G7: 54 - PABLO MAURICIO CASTRO AVILA | H7: JORGE ALVARO SANCHEZ 40% CODEOBRAS LTDA 20% PABLO MAURICIO CASTRO 40% | I7: PABLO MAURICIO CASTRO AVILA | J7: 80101600 / 81101500 / 80101500 | K7: CUMPLE | L7: CUMPLE | M7: CUMPLE | N7: 0.4 | O7: 39405 | P7: 39565 | Q7: 445369356 | R7: =Q7*N7 -> 1.7814774e+08 | T7: =+R7/+[1]Hoja1!B18 -> 386.01894 | U7: =+T7/$P$16 -> 3.9802842 | X7: =1728.41*0.5 -> 864.205
B8: 2 | C8: 044-2004 | D8: CONSEJO SUPERIOR DE LA JUDICATURA | E8: PABLO MAURICIO CASTRO AVILA | F8: Interventoría técnica, administrativa, financiera y contable de la ejecución de las obras necesarias para construcción de la II Etapa del Palacio de Justicia de Cúcuta - Norte de Santander | G8: 43 - PABLO MAURICIO CASTRO AVILA | I8: PABLO MAURICIO CASTRO AVILA | J8: 80101600 / 81101500 / 80101500 | K8: CUMPLE | N8: 1 | O8: 38288 | P8: 38698 | Q8: 261050186 | R8: =Q8*N8 -> 261050186 | T8: =+R8/+[1]Hoja1!B21 -> 684.2731 | U8: =+T8/$P$16 -> 7.0556159
B9: 3 | C9: 3526 de 2009 | D9: UNIVERSIDAD NACIONAL ABIERTA Y A DISTANCIA - UNAD | E9: FUNDACION CAMINOS INTEGRALES - FUNCAMINOS | F9: Realizar la interventoría técnica, Administrativa y Contable a los Diseños y obras de construcción del Jardín lnfantil Portal de Ia Localidad de Fontibón en desarrollo de Ia licitación publica UEL-SDIS-LP_x0002_2008 celebrado con Ia Secretaria Distrital de lntegración Social – SDlS. | G9: 6 - FUNDACION CAMINOS INTEGRALES | I9: FUNDACION CAMINOS INTEGRALES | J9: 80101600 / 81101500 / 80101500 | K9: CUMPLE | N9: 1 | O9: 39933 | P9: 41242 | Q9: 212962339 | R9: =Q9*N9 -> 212962339 | T9: =+R9/+[1]Hoja1!B14 -> 375.79379 | U9: =+T9/$P$16 -> 3.8748515
B10: 4 | C10: 161 DE 2017 | D10: USPEC | E10: CONSORCIO CAMINOS | F10: INTERVENTORÍA TÉCNICA, ADMINISTRATIVA Y FINANCIERA PARA EL PROYECTO DE FORTALECIMIENTO DE LA INFRAESTRUCTURA FÍSICA DE LOS ESTABLECIMIENTOS DE RECLUSIÓN DEL ORDEN NACIONAL –ERON- A CARGO DEL INPEC” | G10: 30 - FUNDACION CAMINOS INTEGRALES 86 - PABLO MAURICIO CASTRO AVILA | J10: 80101600 / 81101500 / 80101500 | K10: CUMPLE | N10: 1 | O10: 43133 | P10: 43742 | Q10: 1032764742 | R10: =Q10*N10 -> 1032764742 | U10: =+T10/$P$16 -> 0
B11: 5
B12: 6 | X12: =1050.76*0.51 -> 535.8876
X13: =2062.51*0.7 -> 1443.757
B14: 5
B15: 6 | X15: =+T15*2 -> 0
L16: P.O. | N16: 112500000 | P16: =+N16/N19 -> 96.982759 | Q16: % P.O. | R16: SMMLV | S16: SUMATORIA | T16: =SUM(T7:T15) -> 1446.0858 | U16: =SUM(U7:U15) -> 14.910752 | V16: CUMPLE
S18: % P.O. | T18: SMMLV
L19: SMMLV 2023 | N19: 1160000 | R19: 0.75 | S19: =+$N$16*R19 -> 84375000 | T19: =+S19/$N$19 -> 72.737069
R20: 1.2 | S20: =+$N$16*R20 -> 135000000 | T20: =+S20/$N$19 -> 116.37931
R21: 1.5 | S21: =+$N$16*R21 -> 168750000 | T21: =+S21/$N$19 -> 145.47414
F23: NOMBRE DE QUIEN CALIFICO FDLRUU ANGELICA SANCHEZ SOPORTE TÈCNICO

Sheet DIRECTOR PROP 10
A1: EVALUACIÓN HOJA DE VIDA PROFESIONAL PROPUESTO
A2: CARGO PROPUESTO: | D2: DIRECTOR DE INTERVENTORIA
A3: Nombre Completo | E3: : EDGAR AUGUSTO REVELO AVILA
A4: Profesión | E4: Ingenieria Civil
A5: Tarjeta Profesional | E5: 25202-63557 | F5: FOLIO
A6: Aporta carta de compromiso | F6: FOLIO
A7: Años dedicados al ejercicio de la profesión: | E7: 27
A9: II. ESTUDIOS
A10: FORMACION ACADEMICA Y EXPERIENCIA
A11: PREGRADO
A12: N° | B12: ESTABLECIMIENTO | E12: TITULO OBTENIDO | F12: FECHA DE GRADO
F13: DIA | G13: MES | H13: AÑO
A14: 1 | B14: PONTIFICIA UNIVERSIDAD JAVERIANA | E14: Ingenieria Civil | F14: 12 | G14: 12 | H14: 1996
A15: POSTGRADO
A16: N° | B16: ESTABLECIMIENTO | E16: TITULO OBTENIDO | F16: FECHA DE GRADO
F17: DIA | G17: MES | H17: AÑO
A18: 2 | B18: UNIVERSIDAD DEL CAUCA | E18: INGENIERIA DE LA CONSTRUCCIÓN | F18: 20 | G18: 6 | H18: 2003
A19: III. EXPERIENCIA ESPECIFICA
A20: EXPERIENCIA ESPECIFICA (Relacionar en orden cronológico, iniciando por el cargo actual
A22: N° | B22: ENTIDAD O FIRMA CONTRATANTE | D22: CARGO | E22: OBJETO DEL CONTRATO | F22: PERIODO LABORADO | H22: TIEMPO LAB (AÑOS) | I22: CUMPLE | K22: OBSERVACIONES
F23: FECHA INICIO | G23: FECHA TERMINACION
I24: SI | J24: NO
A25: 1 | B25: PABLO MAURICIO CASTRO AVILA (CONSEJO SUPERIOR DE LA JUDICATURA) | D25: DIRECTOR DE INTERVENTORIA | E25: Interventoría técnica, administrativa, financiera y contable de la ejecución de las obras necesarias para construcción de la II Etapa del Palacio de Justicia de Cúcuta - Norte de Santander | F25: 38288 | G25: 38698 | H25: =+(G25-F25)/30/12 -> 1.1388889 | I25: X
A26: 2 | D26: DIRECTOR DE INTERVENTORIA | E26: Interventoria tecnica, administrtaiva, economica y ambiental a las obras de construccion de la tercera etapa del Hogar Infantil Carrusel de la Alegria Bosa Naranjos, localidad de Bosa | F26: 39493 | G26: 39872 | H26: =+(G26-F26)/30/12 -> 1.0527778 | I26: X
B27: FUNDACION CAMINOS INTEGRALES (Asociación Panamericana de Instituciones de Crédito Educativo – APICE) | D27: DIRECTOR DE INTERVENTORIA | E27: INTERVENTORIA TECNICA, ADMINISTRATIVA, JURIDICA Y FINANCIERA DEL CONTRATO DEMOLICION, ESTUDIOS Y DISEÑOS Y CONSTRUCCION DEL CDI DEL BARRIO COMPARTIR DEL MUNICIPIO DE SOACHA | F27: 42003 | G27: 42419 | H27: =+(G27-F27)/30/12 -> 1.1555556 | I27: X
B28: PABLO MAURICIO CASTRO AVILA (SUPERINTENDENCIA DE NOTARIADO Y REGISTRO) | D28: DIRECTOR DE INTERVENTORIA | E28: INTERVENTORÍA TÉCNICA, ADMINISTRATIVA, FINANCIERA, LEGAL, CONTROL DE COSTOS Y CONTROL DE PROGRAMACIÓN A LAS OBRAS DE REPOSICIÓN Y ADECUACIÓN DE 15 OFICINAS DE REGISTRO DE INSTRUMENTOS PÚBLICOS A NIVEL NACIONAL | F28: 42639 | G28: 42850 | H28: =+(G28-F28)/30/12 -> 0.58611111 | I28: X
B29: CONSORCIO CAMINOS (USPEC) | D29: DIRECTOR DE INTERVENTORIA | E29: INTERVENTORIA TECNICA, ADMINISTRATIVA Y FINANCIERA PARA EL FORTALECIMIENTO DE LA INFRAESTRUCTURA FÍSICA DE LOS ESTABLECIMIENTOS DE RECLUSIÓN DEL ORDEN NACIONAL –ERON- A CARGO DEL INPEC | F29: 43138 | G29: 43570 | H29: =+(G29-F29)/30/12 -> 1.2 | I29: X
B30: PABLO MAURICIO CASTRO AVILA (USPEC) | D30: DIRECTOR DE INTERVENTORIA | E30: INTERVENTORÍA TÉCNICA, ADMINISTRATIVA, CONTABLE, JURÌDICA Y FINANCIERA PARA LAS OBRAS DE MANTENIMIENTO GENERAL RECURRENTE DE LA INFRAESTRUCTURA FÍSICA DEL PRIMER GRUPO DE ATENCIÓN EN LOS ERON A CARGO DEL INPEC – GRUPO 11 ESTABLECIMIENTOS EPMSCAS VALLEDUPAR, EPMSC RIOHACHA, EPMSC AGUACHICA | F30: 43871 | G30: 44179 | H30: =+(G30-F30)/30/12 -> 0.85555556 | I30: X
B31: CONSORCIO CAMINOS 2021 (SUPERINTENDENCIA DE NOTARIADO Y REGISTRO) | E31: Innterventoría técnica, administrativa, financiera, legal, ambiental, control de costos y control de programación para las obras de mantenimiento, adecuación y mejoramiento de inmuebles donde funcionan las oficinas de registro de instrumentos públicos a nivel nacional divida en agrupaciones | F31: 44482 | G31: 44632 | H31: =+(G31-F31)/30/12 -> 0.41666667 | I31: X
H33: =SUM(H25:H32) -> 6.4055556 | I33: AÑOS
A34: REQUISITO HABILITANTE
A35: PERFIL PROFESIONAL SOLICITADO | C35: CUMPLE/NO CUMPLE | F35: Experiencia General > seis (6) años en el ejercicio de la profesión, contados partir de la expedición de la tarjeta profesional. | H35: Experiencia especifica
A36: INGENIERO (A) CIVIL. Y/O ARQQUITECTO POSGRADO: EN CUALQUIER RAMA DE LA INGENIERIA | C36: CUMPLE
F37: =+E7 -> 27 | H37: Demostrar experiencia de dos (2) años, en proyectos como director o coordinador de Interventorías a la construcción de Edificios y /o mantenimiento de edificaciones institucionales y / o privadas
F38: CUMPLE | H38: CUMPLE
B41: NOMBRE DE QUIEN CALIFICO FDLRUU ANGELICA SANCHEZ SOPORTE TÈCNICO

Sheet RESIDENTE PROP 10
A1: EVALUACIÓN HOJA DE VIDA PROFESIONAL PROPUESTO
A2: CARGO PROPUESTO: | D2: RESIDENTE DE INTERVENTORIA | E2: RESIDENTE DE INTERVENTORIA
A3: Nombre Completo | E3: WILLIAM CICERON TORDECILLA
A4: Profesión | E4: INGENIERO CIVIL
A5: Tarjeta Profesional | E5: N°22202-097112 COR | F5: FOLIO
A6: Aporta carta de compromiso | F6: FOLIO
A7: Años dedicados al ejercicio de la profesión: | E7: 20
A9: II. ESTUDIOS
A10: FORMACION ACADEMICA Y EXPERIENCIA
A11: PREGRADO
A12: N° | B12: ESTABLECIMIENTO | E12: TITULO OBTENIDO | F12: FECHA DE GRADO
F13: DIA | G13: MES | H13: AÑO
A14: 1 | B14: PONTIFICA UNIVERSIDAD BOLIVARIAN | E14: INGENIERO CIVIL | F14: 20 | G14: 3 | H14: 2003
A15: POSTGRADO
A16: N° | B16: ESTABLECIMIENTO | E16: TITULO OBTENIDO | F16: FECHA DE GRADO
F17: DIA | G17: MES | H17: AÑO
B18: UNIVERSIDAD DEL SINU | E18: ESPECIALISTA EN VIAS Y TRANSPORTE | G18: 12 | H18: 2014
A19: III. EXPERIENCIA ESPECIFICA
A20: EXPERIENCIA ESPECIFICA (Relacionar en orden cronológico, iniciando por el cargo actual
A22: N° | B22: ENTIDAD O FIRMA CONTRATANTE | D22: CARGO | E22: OBJETO DEL CONTRATO | F22: PERIODO LABORADO | H22: TIEMPO LAB (AÑOS) | I22: CUMPLE | K22: OBSERVACIONES
F23: FECHA INICIO | G23: FECHA TERMINACION
I24: SI | J24: NO
A25: 1 | B25: PABLO MAURICIO CASTRO AVILA (CONSEJO SUPERIOR DE LA JUDICATURA) | D25: RESIDENTE DE INTERVENTORIA | E25: Interventoría técnica, administrativa, financiera y contable de la ejecución de las obras necesarias para construcción de la II Etapa del Palacio de Justicia de Cúcuta - Norte de Santander | F25: 38288 | G25: 38698 | H25: =+(G25-F25)/30/12 -> 1.1388889 | I25: X
A26: 2 | B26: CONSORCIO INTERCAI (FONDO DE VIGILANCIA Y SEGURIDAD DE BOGOTA) | D26: RESIDENTE DE INTERVENTORIA | E26: INTERVENTORIA TECNICA, ADMINISTRATIVA Y FINANCIERA PARA EJECUTAR LOS ESTUDIOS PREVIOS Y DISEÑOS DETALLADOS PARA LA REALIZACION DE LAS OBRAS CIVILES, TRAMITAR Y OBTENER APROBACION DE LICENCIAS, CONSTRUCCION, FABRICACION, MONTAJE Y PUESTA EN MARCHA DE LOS BLOQUES QUE CORRESPONDEN A LOS ALOJAMIENTOS Y EL COMEDOR DE LA ESCUELA DE FORMACION DE PATRULLEROS DE LA POLICIA METROPOLITANA DE BOGOTA Y LA CONSTRUCCION DE (6) CAI’S EN LA CUIDAD DE BOGOTA | F26: 40549 | G26: 40903 | H26: =+(G26-F26)/30/12 -> 0.98333333 | I26: X
A27: 3 | B27: PABLO MAURICIO CASTRO AVILA (FUERZA AEREA COLOMBIANA) | D27: RESIDENTE DE INTERVENTORIA | E27: Interventoría técnica, financiera y administrativa, para la obra pública “Estudios, diseños, construcción, adecuación y ampliación del edificio de la Dirección de contrainteligencia y centro de protección de datos en la base Aérea BG (H) Camilo Daza Álvarez ubicada en Bogotá D.C.- Cundinamarca | F27: 40931 | G27: 41266 | H27: =+(G27-F27)/30/12 -> 0.93055556 | I27: X
A28: 4 | B28: PABLO MAURICIO CASTRO AVILA (SUPERINTENDENCIA DE NOTARIADO Y REGISTRO) | D28: RESIDENTE DE INTERVENTORIA | E28: INTERVENTORÍA TÉCNICA, ADMINISTRATIVA, FINANCIERA, LEGAL, CONTROL DE COSTOS Y CONTROL DE PROGRAMACIÓN A LAS OBRAS DE REPOSICIÓN Y ADECUACIÓN DE 15 OFICINAS DE REGISTRO DE INSTRUMENTOS PÚBLICOS A NIVEL NACIONAL | F28: 42639 | G28: 42850 | H28: =+(G28-F28)/30/12 -> 0.58611111 | I28: X
A29: 5 | B29: CONSORCIO CAMINOS (USPEC) | D29: RESIDENTE DE INTERVENTORIA | E29: INTERVENTORIA TECNICA, ADMINISTRATIVA Y FINANCIERA PARA EL FORTALECIMIENTO DE LA INFRAESTRUCTURA FÍSICA DE LOS ESTABLECIMIENTOS DE RECLUSIÓN DEL ORDEN NACIONAL –ERON- A CARGO DEL INPEC | F29: 43138 | G29: 43570 | H29: =+(G29-F29)/30/12 -> 1.2 | I29: X
A30: 6 | B30: PABLO MAURICIO CASTRO AVILA (USPEC) | D30: RESIDENTE DE INTERVENTORIA | E30: INTERVENTORÍA TÉCNICA, ADMINISTRATIVA, CONTABLE, JURÌDICA Y FINANCIERA PARA LAS OBRAS DE MANTENIMIENTO GENERAL RECURRENTE DE LA INFRAESTRUCTURA FÍSICA DEL PRIMER GRUPO DE ATENCIÓN EN LOS ERON A CARGO DEL INPEC – GRUPO 11 ESTABLECIMIENTOS EPMSCAS VALLEDUPAR, EPMSC RIOHACHA, EPMSC AGUACHICA | F30: 43871 | G30: 44179 | H30: =+(G30-F30)/30/12 -> 0.85555556
A31: 7 | H31: =+(G31-F31)/30/12 -> 0
A32: 8
A33: 9
A34: 10
A35: 11
A36: 12
H37: =SUM(H25:H36) -> 5.6944444 | I37: AÑOS
A38: REQUISITO HABILITANTE
A39: PERFIL PROFESIONAL SOLICITADO | C39: CUMPLE/NO CUMPLE | F39: Experiencia General > A 2 años | H39: Experiencia especifica
A40: INGENIERO Y /O ARQUITECTO/A. POSGRADO: EN CUALQUIER RAMA DE LA INGENIERIA | C40: CUMPLE
F41: =+E7 -> 20 | H41: Demostrar mediante certificaciones, experiencia en un (1) año, en proyectos como residenter de Interventorías a la construcción de Edificios y /o mantenimiento de edificaciones institucionales y / o privadas. y mantenimiento de edificaciones institucionales y / o privadas.
F42: CUMPLE | H42: CUMPLE
B45: NOMBRE DE QUIEN CALIFICO FDLRUU ANGELICA SANCHEZ SOPORTE TÈCNICO

Sheet PROP 11
B1: EXPERIENCIA HABILITANTE DEL PROPONENTE 11. CONSORCIO INTER 2L 2023
B2: FDLRUU CMA 005-2023 OBJETO: “REALIZAR LA INTERVENTORÍA TÉCNICA, ADMINISTRATIVA, LEGAL, FINANCIERA, SOCIAL, AMBIENTAL Y DE SEGURIDAD Y SALUD EN EL TRABAJO (SST), DEL CONTRATO DE OBRA PÚBLICA QUE TIENE POR OBJETO: CONTRATAR A PRECIOS UNITARIOS FIJOS, LAS OBRAS REFERENTES AL MANTENIMIENTO Y REPARACIONES LOCATIVAS DE LOS SALONES COMUNALES EN LA LOCALIDAD DE RAFAEL URIBE URIBE EN LA CIUDAD DE BOGOTA”, DEL PROCESO DERIVADO DE SELECCIÓN ABREVIDA SAMC 006-2023”
B3: 3.8.1 EXIGENCIA MÍNIMA DE LA EXPERIENCIA DEL PROPONENTE
B4: PROPONENTE: 11. CONSORCIO INTER 2L 2023
B5: No. | C5: No CONTRATO QUE SE PRESENTA EN LA CERTIFICACION. | D5: ENTIDAD CONTRATANTE | E5: CONTRATISTA QUE PRESENTA LA CERTIFICACION | F5: OBJETO DEL CONTRATO DE LA CERTIFICACION PRESENTADA. | G5: CONSECUTIVO RUP SI ES UN CONSORCIO SE PONDRÁN LOS CONSECUTIVOS DE CADA CONSORCIADO SI APLICA. | H5: INTEGRANTES DEL PROPONENTE PLURAL - % DE PARTICIPACION DE CADA INTEGRANTE EN LA CERTIFICACION PRESENTADA. | I5: CONSORCIADO QUE PRESENTA LA EXPERIENCIA EN EL CONTRATO O EN LA CERTIFICACION | J5: EXPERIENCIA GENERAL DEL PROPONENTE: | M5: EXPERIENCIA ESPECÍFICA DEL PROPONENTE: | N5: % PARTICIPACION | O5: FECHA DE INICIACION | P5: FECHA DE TERMINACION | Q5: VALOR TOTAL DEL CONTRATO | R5: PORCENTAJE PARTICIPACION EN PESOS COLOMBIANOS | S5: SMMLV QUE HABILITAN EN TOTAL 1 a 2 =75% 3 a 4 = 120% 5 a 6 = 150% | T5: SMMLV PROPONENTE REFERIDO AL AÑO EN QUE SE TERMINO EL CONTRATO. | U5: % DE SMMLV SOBRE EL P.O. | V5: OBSERVACION
J6: a. Debe estar inscrita y en firme en el RUP y cumplir con todos los códigos del Clasificador de Bienes y Servicios, así: 80101600-81101500-80101500 | K6: interventoría a construcción y/o terminación y/o ampliación y/o remodelación y/o reforzamiento y/o adecuación y/o mantenimiento y/o mejoramiento y/o modificación de edificaciones | L6: Los contratos aportados como experiencia válida y que corresponda a edificaciones debieron iniciar su ejecución luego de la expedición del Reglamento Colombiano de construcción Sismo Resistente – NSR-98., esto es, después del 09 de enero de 1998. 1 de los contratos relacionados como experiencia en edificaciones podrá haber iniciado ejecución antes del 09 de enero de 1998, fecha en cual se expidió la NSR-98. 1 único contrato para acreditar la experiencia solicitada, este deberá haber iniciado ejecución luego del 15 de julio de 2010, fecha en la cual entró en vigencia la NSR-10, y haya terminado su ejecución antes de la fecha del cierre del presente procedimiento de selección. Por lo menos uno (1) de los contratos validos aportados como experiencia debe haber iniciado ejecución con posteridad a la expedición de la NSR-10, el cual debió haberse ejecutado y terminado antes de la fecha del cierre del presente proceso de contratación | M6: Por lo menos uno (1) de los contratos válidos aportados como experiencia general deben contemplar un área intervenida o construida igual o superior al (50%) del total de metros cuadrados del proceso de selección, el cual corresponde a [725 M2 AREA A INTERVENIR]
B7: 1 | C7: 001-192- 2015 | D7: AGENCIA LOGISTICA DE LAS FUERZAS MILITARES | E7: CONSORCIO SAN GABRIEL | F7: CONTRATAR LA INTERVENTORÍA TÉCNICA, FINANCIERA, JURÍDICA, ADMINISTRATIVA Y AMBIENTAL PARA LA CONSTRUCCION DE LA SEGUNDA ETAPA DEL EDIFICIO DE AULAS PARA LA ESCUELA SUPERIOR DE GUERRA UBICADA EN EL CANTON NORTE EN LA CIUDAD DE BOGOTA. | G7: 43 | H7: YOHAN BERMUDEZ PARRA 20% CSI CONSTRUCCIONES SERVICIOS E INGENIERIA EU 70% FEDERICO GARCIA ARBELAEZ 10% | I7: 2L PROYECTOS IBP INGENIERIA | J7: 811015 801016 | K7: CUMPLE | L7: CUMPLE | M7: CUMPLE | N7: 0.9 | O7: 42285 | P7: 42765 | Q7: 557263567 | R7: =Q7*N7 -> 5.0153721e+08 | T7: =+R7/+[1]Hoja1!B9 -> 679.85042 | U7: =+T7/$P$16 -> 7.0100132 | X7: =1728.41*0.5 -> 864.205
B8: 2 | C8: 848 DE 2017 | D8: CENAC | E8: CONSORCIO BUENAVISTA | F8: INTERVENTORÍA TÉCNICA, ADMINISTRATIVA, FINANCIERA, AMBIENTAL, JURÍDICA Y CONTABLE AL CONTRATO DE OBRA ACTIVIDADES CONSTRUCTIVAS PARA LAS INSTALACIONES PARA EL CENTRO DE ARMAS COMBINADAS FUERTE MILITAR DE BUENAVISTA - GUAJIRA (CONSTRUCCIÓN DE HANGARES Y PATIO DE MANIOBRAS - PARQUEO) | G8: 277 | H8: YOHAN BERMUDEZ PARRA 99% CSI CONSTRUCCIONES SERVICIOS E INGENIERIA EU 1% | I8: 2L PROYECTOS IBP INGENIERIA | J8: 811015 801016 | K8: CUMPLE | N8: 1 | O8: 43146 | P8: 43449 | Q8: 4.2865942e+08 | R8: =Q8*N8 -> 4.2865942e+08 | T8: =+R8/+[1]Hoja1!B8 -> 548.68967 | U8: =+T8/$P$16 -> 5.6576002
B9: 3 | C9: 335 DE 2014 | D9: GOBERNACIÓN DE SANTANDER | E9: CSI CONSTRUCCIONES SERVICIOS E INGENIERIA | F9: INTERVENTORÍA A LA CONSTRUCCION SEGUNDA FASE CENTRO DE SALUD CHIPATÁ, SANTANDER | G9: 23 | H9: CSI CONSTRUCCIONES SERVICIOS E INGENIERIA | I9: 2L PROYECTOS | J9: 811015 801016 | K9: CUMPLE | N9: 1 | O9: 41809 | P9: 42260 | Q9: 41281500 | R9: =Q9*N9 -> 41281500 | T9: =+R9/+[1]Hoja1!B11 -> 64.066889 | U9: =+T9/$P$16 -> 0.66060081
B10: 4 | L10: =2280000*0.4 -> 912000
B11: 5
B12: 6 | X12: =1050.76*0.51 -> 535.8876
X13: =2062.51*0.7 -> 1443.757
B14: 5
B15: 6 | T15: =+R15/828116 -> 0 | X15: =+T15*2 -> 0
L16: P.O. | N16: 112500000 | P16: =+N16/N19 -> 96.982759 | Q16: % P.O. | R16: SMMLV | S16: SUMATORIA | T16: =SUM(T7:T15) -> 1292.607 | U16: =SUM(U7:U15) -> 13.328214 | V16: CUMPLE
S18: % P.O. | T18: SMMLV
L19: SMMLV 2023 | N19: 1160000 | R19: 0.75 | S19: =+$N$16*R19 -> 84375000 | T19: =+S19/$N$19 -> 72.737069
R20: 1.2 | S20: =+$N$16*R20 -> 135000000 | T20: =+S20/$N$19 -> 116.37931
R21: 1.5 | S21: =+$N$16*R21 -> 168750000 | T21: =+S21/$N$19 -> 145.47414
F23: NOMBRE DE QUIEN CALIFICO FDLRUU ANGELICA SANCHEZ SOPORTE TÈCNICO

Sheet DIRECTOR PROP 11
A1: EVALUACIÓN HOJA DE VIDA PROFESIONAL PROPUESTO
A2: CARGO PROPUESTO: | D2: DIRECTOR DE INTERVENTORIA
A3: Nombre Completo
A4: Profesión
A5: Tarjeta Profesional | F5: FOLIO
A6: Aporta carta de compromiso | F6: FOLIO
A7: Años dedicados al ejercicio de la profesión:
A9: II. ESTUDIOS
A10: FORMACION ACADEMICA Y EXPERIENCIA
A11: PREGRADO
A12: N° | B12: ESTABLECIMIENTO | E12: TITULO OBTENIDO | F12: FECHA DE GRADO
F13: DIA | G13: MES | H13: AÑO
A14: 1 | B14: PONTIFICIA UNIVERSIDAD JAVERIANA | E14: Ingenieria Civil | F14: 12 | G14: 12 | H14: 1996
A15: POSTGRADO
A16: N° | B16: ESTABLECIMIENTO | E16: TITULO OBTENIDO | F16: FECHA DE GRADO
F17: DIA | G17: MES | H17: AÑO
A18: 2 | B18: UNIVERSIDAD DEL CAUCA | E18: INGENIERIA DE LA CONSTRUCCIÓN | F18: 20 | G18: 6 | H18: 2003
A19: III. EXPERIENCIA ESPECIFICA
A20: EXPERIENCIA ESPECIFICA (Relacionar en orden cronológico, iniciando por el cargo actual
A22: N° | B22: ENTIDAD O FIRMA CONTRATANTE | D22: CARGO | E22: OBJETO DEL CONTRATO | F22: PERIODO LABORADO | H22: TIEMPO LAB (AÑOS) | I22: CUMPLE | K22: OBSERVACIONES
F23: FECHA INICIO | G23: FECHA TERMINACION
I24: SI | J24: NO
A25: 1 | H25: =+(G25-F25)/30/12 -> 0
A26: 2 | H26: =+(G26-F26)/30/12 -> 0
H27: =+(G27-F27)/30/12 -> 0
H28: =+(G28-F28)/30/12 -> 0
H29: =+(G29-F29)/30/12 -> 0
H30: =+(G30-F30)/30/12 -> 0
H31: =+(G31-F31)/30/12 -> 0
H33: =SUM(H25:H32) -> 0 | I33: AÑOS
A34: REQUISITO HABILITANTE
A35: PERFIL PROFESIONAL SOLICITADO | C35: CUMPLE/NO CUMPLE | F35: Experiencia General > seis (6) años en el ejercicio de la profesión, contados partir de la expedición de la tarjeta profesional. | H35: Experiencia especifica
A36: INGENIERO (A) CIVIL. Y/O ARQQUITECTO POSGRADO: EN CUALQUIER RAMA DE LA INGENIERIA | C36: NO CUMPLE NO PRESENTA SOPORTE PARA VERIFICAR EL CUMPLIMIENTO DEL PERFIL
H37: Demostrar experiencia de dos (2) años, en proyectos como director o coordinador de Interventorías a la construcción de Edificios y /o mantenimiento de edificaciones institucionales y / o privadas
F38: NO CUMPLE | H38: NO CUMPLE
F39: NO PRESENTAN FORMATO DE RELACION DE LA EXPERIENCIA ESPECIFICA NI RELACIONA AL PROFESIONAL DE CARGO DE DIRECTOR
B41: NOMBRE DE QUIEN CALIFICO FDLRUU ANGELICA SANCHEZ SOPORTE TÈCNICO

Sheet RESIDENTE PROP 11
A1: EVALUACIÓN HOJA DE VIDA PROFESIONAL PROPUESTO
A2: CARGO PROPUESTO: | D2: RESIDENTE DE INTERVENTORIA | E2: RESIDENTE DE INTERVENTORIA
A3: Nombre Completo
A4: Profesión
A5: Tarjeta Profesional | F5: FOLIO
A6: Aporta carta de compromiso | F6: FOLIO
A7: Años dedicados al ejercicio de la profesión:
A9: II. ESTUDIOS
A10: FORMACION ACADEMICA Y EXPERIENCIA
A11: PREGRADO
A12: N° | B12: ESTABLECIMIENTO | E12: TITULO OBTENIDO | F12: FECHA DE GRADO
F13: DIA | G13: MES | H13: AÑO
A14: 1 | B14: PONTIFICA UNIVERSIDAD BOLIVARIAN | E14: INGENIERO CIVIL | F14: 20 | G14: 3 | H14: 2003
A15: POSTGRADO
A16: N° | B16: ESTABLECIMIENTO | E16: TITULO OBTENIDO | F16: FECHA DE GRADO
F17: DIA | G17: MES | H17: AÑO
B18: UNIVERSIDAD DEL SINU | E18: ESPECIALISTA EN VIAS Y TRANSPORTE | G18: 12 | H18: 2014
A19: III. EXPERIENCIA ESPECIFICA
A20: EXPERIENCIA ESPECIFICA (Relacionar en orden cronológico, iniciando por el cargo actual
A22: N° | B22: ENTIDAD O FIRMA CONTRATANTE | D22: CARGO | E22: OBJETO DEL CONTRATO | F22: PERIODO LABORADO | H22: TIEMPO LAB (AÑOS) | I22: CUMPLE | K22: OBSERVACIONES
F23: FECHA INICIO | G23: FECHA TERMINACION
I24: SI | J24: NO
A25: 1 | H25: =+(G25-F25)/30/12 -> 0
A26: 2 | H26: =+(G26-F26)/30/12 -> 0
A27: 3 | H27: =+(G27-F27)/30/12 -> 0
A28: 4 | H28: =+(G28-F28)/30/12 -> 0
A29: 5 | H29: =+(G29-F29)/30/12 -> 0
A30: 6 | H30: =+(G30-F30)/30/12 -> 0
A31: 7 | H31: =+(G31-F31)/30/12 -> 0
A32: 8
A33: 9
A34: 10
A35: 11
A36: 12
H37: =SUM(H25:H36) -> 0 | I37: AÑOS
A38: REQUISITO HABILITANTE
A39: PERFIL PROFESIONAL SOLICITADO | C39: CUMPLE/NO CUMPLE | F39: Experiencia General > A 2 años | H39: Experiencia especifica
A40: INGENIERO Y /O ARQUITECTO/A. POSGRADO: EN CUALQUIER RAMA DE LA INGENIERIA | C40: NO CUMPLE NO PRESENTA SOPORTE PARA VERIFICAR EL CUMPLIMIENTO DEL PERFIL
F41: =+E7 -> 0 | H41: Demostrar mediante certificaciones, experiencia en un (1) año, en proyectos como residenter de Interventorías a la construcción de Edificios y /o mantenimiento de edificaciones institucionales y / o privadas. y mantenimiento de edificaciones institucionales y / o privadas.
F42: NO CUMPLE | H42: NO CUMPLE
F43: NO PRESENTAN FORMATO DE RELACION DE LA EXPERIENCIA ESPECIFICA NI RELACIONA AL PROFESIONAL DE CARGO DE DIRECTOR
B45: NOMBRE DE QUIEN CALIFICO FDLRUU ANGELICA SANCHEZ SOPORTE TÈCNICO

Sheet PROP 12
B1: EXPERIENCIA HABILITANTE DEL PROPONENTE 12. CABA INTERVENTORIA SAS
B2: FDLRUU CMA 005-2023 OBJETO: “REALIZAR LA INTERVENTORÍA TÉCNICA, ADMINISTRATIVA, LEGAL, FINANCIERA, SOCIAL, AMBIENTAL Y DE SEGURIDAD Y SALUD EN EL TRABAJO (SST), DEL CONTRATO DE OBRA PÚBLICA QUE TIENE POR OBJETO: CONTRATAR A PRECIOS UNITARIOS FIJOS, LAS OBRAS REFERENTES AL MANTENIMIENTO Y REPARACIONES LOCATIVAS DE LOS SALONES COMUNALES EN LA LOCALIDAD DE RAFAEL URIBE URIBE EN LA CIUDAD DE BOGOTA”, DEL PROCESO DERIVADO DE SELECCIÓN ABREVIDA SAMC 006-2023”
B3: 3.8.1 EXIGENCIA MÍNIMA DE LA EXPERIENCIA DEL PROPONENTE
B4: PROPONENTE: 12. CABA INTERVENTORIA SAS
B5: No. | C5: No CONTRATO QUE SE PRESENTA EN LA CERTIFICACION. | D5: ENTIDAD CONTRATANTE | E5: CONTRATISTA QUE PRESENTA LA CERTIFICACION | F5: OBJETO DEL CONTRATO DE LA CERTIFICACION PRESENTADA. | G5: CONSECUTIVO RUP SI ES UN CONSORCIO SE PONDRÁN LOS CONSECUTIVOS DE CADA CONSORCIADO SI APLICA. | H5: INTEGRANTES DEL PROPONENTE PLURAL - % DE PARTICIPACION DE CADA INTEGRANTE EN LA CERTIFICACION PRESENTADA. | I5: CONSORCIADO QUE PRESENTA LA EXPERIENCIA EN EL CONTRATO O EN LA CERTIFICACION | J5: EXPERIENCIA GENERAL DEL PROPONENTE: | M5: EXPERIENCIA ESPECÍFICA DEL PROPONENTE: | N5: % PARTICIPACION | O5: FECHA DE INICIACION | P5: FECHA DE TERMINACION | Q5: VALOR TOTAL DEL CONTRATO | R5: PORCENTAJE PARTICIPACION EN PESOS COLOMBIANOS | S5: SMMLV QUE HABILITAN EN TOTAL 1 a 2 =75% 3 a 4 = 120% 5 a 6 = 150% | T5: SMMLV PROPONENTE REFERIDO AL AÑO EN QUE SE TERMINO EL CONTRATO. | U5: % DE SMMLV SOBRE EL P.O. | V5: OBSERVACION
J6: a. Debe estar inscrita y en firme en el RUP y cumplir con todos los códigos del Clasificador de Bienes y Servicios, así: 80101600-81101500-80101500 | K6: interventoría a construcción y/o terminación y/o ampliación y/o remodelación y/o reforzamiento y/o adecuación y/o mantenimiento y/o mejoramiento y/o modificación de edificaciones | L6: Los contratos aportados como experiencia válida y que corresponda a edificaciones debieron iniciar su ejecución luego de la expedición del Reglamento Colombiano de construcción Sismo Resistente – NSR-98., esto es, después del 09 de enero de 1998. 1 de los contratos relacionados como experiencia en edificaciones podrá haber iniciado ejecución antes del 09 de enero de 1998, fecha en cual se expidió la NSR-98. 1 único contrato para acreditar la experiencia solicitada, este deberá haber iniciado ejecución luego del 15 de julio de 2010, fecha en la cual entró en vigencia la NSR-10, y haya terminado su ejecución antes de la fecha del cierre del presente procedimiento de selección. Por lo menos uno (1) de los contratos validos aportados como experiencia debe haber iniciado ejecución con posteridad a la expedición de la NSR-10, el cual debió haberse ejecutado y terminado antes de la fecha del cierre del presente proceso de contratación | M6: Por lo menos uno (1) de los contratos válidos aportados como experiencia general deben contemplar un área intervenida o construida igual o superior al (50%) del total de metros cuadrados del proceso de selección, el cual corresponde a [725 M2 AREA A INTERVENIR]
B7: 1 | C7: 4649 de 2021 | D7: MINISTERIO DE CULTURA | E7: INFRA-CULTURAL | F7: Realizar la interventoría Técnica, Administrativa, Financiera, Contable, Económico, Ambiental, industrial y aseguramiento de calidad para los contratos de obra cuyo objeto es: “realizar la interventoría técnica, administrativa, financiera, contable, económico, ambiental, industrial y aseguramiento de calidad para los contratos de obra cuyo objeto es : “realizar por el sistema de precios unitarios fijos, la construcción de las casas de cultura de los municipios de tausa del departamento de Cundinamarca, Cajamarca del departamento de Tolima y sacama del departamento de Casanare | G7: 101 | H7: GEAGOR SAS 50% CLEMENTE ALFREDO BUITRAGO 50% | I7: CLEMENTE ALFREDO BUITRAGO SAS-CABA INTERVENTORÍA SAS | J7: 80101600 81101500 | K7: CUMPLE | L7: CUMPLE | M7: CUMPLE | N7: 0.5 | O7: 44545 | P7: 44788 | Q7: 3.5834036e+08 | R7: =Q7*N7 -> 1.7917018e+08 | T7: =+R7/+[1]Hoja1!B4 -> 179.17018 | U7: =+T7/$P$16 -> 1.8474436 | X7: =1728.41*0.5 -> 864.205
B8: 2 | C8: 0834 DE 2016 | D8: CENTRAL ADMINISTRATIVA Y CONTABLE ESPECIALIZADA CENAC INGENIEROS | E8: CONSORCIO DELTA | F8: REALIZAR LA INTERVENTORIA TÉCNICA, ADMINISTRATIVA, FINANCIERA, AMBIENTAL, JURÍDICA Y CONTABLE AL CONTRATO DE OBRA RESULTANTE DEL PROCESO DE LICITACIÓN NO 142 ESPECIALIZADA DE INGENIEROS - 2016, CUYO OBJETO ES: "REALIZARLA PRIMERA ETAPA DE MANTENIMIENTO Y ADECUACIÓN DE LAS AULAS DE INSTRUCCIÓN UBICADAS EN EL CANTÓN NORTE - CIUDAD DE BOGOTÁ D.C | G8: 72 | H8: INPLAYCO LTDA 50% CLEMENTE ALFREDO BUITRAGO 50% | I8: CLEMENTE ALFREDO BUITRAGO SAS-CABA INTERVENTORÍA SAS | J8: 80101600 81101500 | K8: CUMPLE | N8: 0.5 | O8: 42709 | P8: 43074 | Q8: 3.5285856e+08 | R8: =Q8*N8 -> 1.7642928e+08 | T8: =+R8/+[1]Hoja1!B9 -> 239.15578 | U8: =+T8/$P$16 -> 2.4659618
B9: 3
B10: 4 | L10: =2280000*0.4 -> 912000
B11: 5
B12: 6 | X12: =1050.76*0.51 -> 535.8876
X13: =2062.51*0.7 -> 1443.757
B14: 5
B15: 6 | X15: =+T15*2 -> 0
L16: P.O. | N16: 112500000 | P16: =+N16/N19 -> 96.982759 | Q16: % P.O. | R16: SMMLV | S16: SUMATORIA | T16: =SUM(T7:T15) -> 418.32596 | U16: =SUM(U7:U15) -> 4.3134054 | V16: CUMPLE
S18: % P.O. | T18: SMMLV
L19: SMMLV 2023 | N19: 1160000 | R19: 0.75 | S19: =+$N$16*R19 -> 84375000 | T19: =+S19/$N$19 -> 72.737069
R20: 1.2 | S20: =+$N$16*R20 -> 135000000 | T20: =+S20/$N$19 -> 116.37931
R21: 1.5 | S21: =+$N$16*R21 -> 168750000 | T21: =+S21/$N$19 -> 145.47414
F23: NOMBRE DE QUIEN CALIFICO FDLRUU ANGELICA SANCHEZ SOPORTE TÈCNICO

Sheet DIRECTOR PROP 12
A1: EVALUACIÓN HOJA DE VIDA PROFESIONAL PROPUESTO
A2: CARGO PROPUESTO: | D2: DIRECTOR DE INTERVENTORIA
A3: Nombre Completo | E3: DIANA PATRICIA RAMÍREZ ZABALA
A4: Profesión | E4: INGENIERA CIVIL
A5: Tarjeta Profesional | E5: 25202-086045 | F5: FOLIO
A6: Aporta carta de compromiso | F6: FOLIO
A7: Años dedicados al ejercicio de la profesión: | E7: 24
A9: II. ESTUDIOS
A10: FORMACION ACADEMICA Y EXPERIENCIA
A11: PREGRADO
A12: N° | B12: ESTABLECIMIENTO | E12: TITULO OBTENIDO | F12: FECHA DE GRADO
F13: DIA | G13: MES | H13: AÑO
A14: 1 | B14: Universidad de la Salle | E14: Ingenieria Civil | F14: 26 | G14: 2 | H14: 1999
A15: POSTGRADO
A16: N° | B16: ESTABLECIMIENTO | E16: TITULO OBTENIDO | F16: FECHA DE GRADO
F17: DIA | G17: MES | H17: AÑO
A18: 2 | B18: FUNDACION DE UNIVERSIDAD DE AMERICA | E18: ESPECIALISTA EN GERENCIAS DE EMPRESAS CONSTRUCTORAS | F18: 7 | G18: 6 | H18: 2013
A19: III. EXPERIENCIA ESPECIFICA
A20: EXPERIENCIA ESPECIFICA (Relacionar en orden cronológico, iniciando por el cargo actual
A22: N° | B22: ENTIDAD O FIRMA CONTRATANTE | D22: CARGO | E22: OBJETO DEL CONTRATO | F22: PERIODO LABORADO | H22: TIEMPO LAB (AÑOS) | I22: CUMPLE | K22: OBSERVACIONES
F23: FECHA INICIO | G23: FECHA TERMINACION
I24: SI | J24: NO
A25: 1 | B25: INSTITUTO COLOMBIANO DE BIENESTAR FAMILIAR - CLEMENTE ALFREDO BUITRAGO AMARILLO | D25: DIRECTOR DE INTERVENTORIA | E25: NTERVENTORIA TÉCNICA, ADMINISTRATIVA, FINANCIERA Y CONTABLE A LA CONSTRUCCIÓN DE TRES HOGARES MÚLTIPLES EN LOS MUNICIPIOS DE MADRID, SUBACHOQUE Y ZIPAQUIRÁ | F25: 39434 | G25: 39750 | H25: =+(G25-F25)/30/12 -> 0.87777778
A26: 2 | B26: UNIVERSIDAD MILITAR NUEVA GRANADA-CLEMENTE ALFREDO BUITRAGO AMARILLO | D26: DIRECTOR DE INTERVENTORIA | E26: REALIZAR LA INTERVENTORIA TÉCNICA, ADMINISTRATIVA Y DE CONTROL PRESUPUESTAL AL CONTRATO DE OBRA NO. 001 DE 2013 SUSCRITO CON EL CONSORCIO EDIFICIO POSGRADOS CUYO OBJETO ES LA CONSTRUCCIÓN Y DOTACIÓN DEL MOBILIARIO DEL EDIFICIO DE POSGRADOS E INVESTIGACIÓN EN EL CAMPUS NUEVA GRANADA EN CAJICÁ | F26: 41520 | G26: 41995 | H26: =+(G26-F26)/30/12 -> 1.3194444
H27: =+(G27-F27)/30/12 -> 0
H28: =+(G28-F28)/30/12 -> 0
H29: =+(G29-F29)/30/12 -> 0
H30: =+(G30-F30)/30/12 -> 0
H31: =+(G31-F31)/30/12 -> 0
H33: =SUM(H25:H32) -> 2.1972222 | I33: AÑOS
A34: REQUISITO HABILITANTE
A35: PERFIL PROFESIONAL SOLICITADO | C35: CUMPLE/NO CUMPLE | F35: Experiencia General > seis (6) años en el ejercicio de la profesión, contados partir de la expedición de la tarjeta profesional. | H35: Experiencia especifica
A36: INGENIERO (A) CIVIL. Y/O ARQQUITECTO POSGRADO: EN CUALQUIER RAMA DE LA INGENIERIA | C36: CUMPLE/NO CUMPLE
F37: =+E7 -> 24 | H37: Demostrar experiencia de dos (2) años, en proyectos como director o coordinador de Interventorías a la construcción de Edificios y /o mantenimiento de edificaciones institucionales y / o privadas
F38: CUMPLE | H38: CUMPLE
B41: NOMBRE DE QUIEN CALIFICO FDLRUU ANGELICA SANCHEZ SOPORTE TÈCNICO

Sheet RESIDENTE PROP 12
A1: EVALUACIÓN HOJA DE VIDA PROFESIONAL PROPUESTO
A2: CARGO PROPUESTO: | D2: RESIDENTE DE INTERVENTORIA | E2: RESIDENTE DE INTERVENTORIA
A3: Nombre Completo | E3: JAMES ORLANDO SANDOVAL RODRIGUEZ
A4: Profesión | E4: ARQUITECTO
A5: Tarjeta Profesional | E5: A15322006-7177471 | F5: FOLIO
A6: Aporta carta de compromiso | F6: FOLIO
A7: Años dedicados al ejercicio de la profesión: | E7: 17
A9: II. ESTUDIOS
A10: FORMACION ACADEMICA Y EXPERIENCIA
A11: PREGRADO
A12: N° | B12: ESTABLECIMIENTO | E12: TITULO OBTENIDO | F12: FECHA DE GRADO
F13: DIA | G13: MES | H13: AÑO
A14: 1 | B14: UNIVERSIDAD DE BOYACA | E14: ARQUITECTO | F14: 14 | G14: 7 | H14: 2006
A15: POSTGRADO
A16: N° | B16: ESTABLECIMIENTO | E16: TITULO OBTENIDO | F16: FECHA DE GRADO
F17: DIA | G17: MES | H17: AÑO
B18: UNIVERSIDAD DEL SINU | E18: ESPECIALISTA EN VIAS Y TRANSPORTE | G18: 12 | H18: 2014
A19: III. EXPERIENCIA ESPECIFICA
A20: EXPERIENCIA ESPECIFICA (Relacionar en orden cronológico, iniciando por el cargo actual
A22: N° | B22: ENTIDAD O FIRMA CONTRATANTE | D22: CARGO | E22: OBJETO DEL CONTRATO | F22: PERIODO LABORADO | H22: TIEMPO LAB (AÑOS) | I22: CUMPLE | K22: OBSERVACIONES
F23: FECHA INICIO | G23: FECHA TERMINACION
I24: SI | J24: NO
A25: 1 | B25: SECRETARIA DE EDUCACIÓN DISTRITAL - CONSORCIO INCA 2016 | E25: INTERVENTORIA TÉCNICA, ADMINISTRATIVA, JURÍDICA Y FINANCIERA AL CONTRATO DE OBRA NO. 3677 CUYO OBJETO ES LA EJECUCIÓN DE LAS OBRAS DE DEMOLICIÓN PARCIAL, REFORZAMIENTO, AMPLIACIÓN Y OBRAS NUEVAS DEL COLEGIO DISTRITAL QUIROGA ALIANZA SEDE "A" CPF 1841 DE LA LOCALIDAD DE RAFAEL URIBE URIBE DE ACUERDO CON LA LICENCIA DE CONSTRUCCIÓN, LOS ESTUDIOS TÉCNICOS, DISEÑOS, PRESUPUESTO Y ESPECIFICACIONES ENTREGADOS POR LA SED. | F25: 42359 | G25: 43106 | H25: =+(G25-F25)/30/12 -> 2.075 | I25: X
A26: 2 | B26: SECRETARIA DE EDUCACIÓN DISTRITAL-CONSORCIO CR 2015 | E26: REALIZAR LA INTERVENTORIA TÉCNICA, ADMINISTRATIVA, FINANCIERA Y JURÍDICA PARA LA CONSTRUCCIÓN DEL EQUIPAMIENTO EDUCATIVO, PEDAGÓGICO Y CULTURAL EN EL ENSUEÑO EN LA CIUDAD DE BOGOTÁ | F26: 42128 | G26: 42224 | H26: =+(G26-F26)/30/12 -> 0.26666667 | I26: X
A27: 3 | B27: MINISTERIO DE COMERCIO INDUSTRIA Y TURISMO - CONSORCIO INTERVENTORES | E27: INTERVENTORIA TÉCNICA, ADMINISTRATIVA, FINANCIERA, CONTABLE Y JURÍDICA, AL CONTRATO DE DISEÑO, REMODELACIÓN Y ACONDICIONAMIENTO DE LAS OFICINAS DEL MINISTERIO DE COMERCIO INDUSTRIA Y TURISMO UBICADAS EN LOS PISOS 3, 4, 5, 9 Y 18 DEL EDIFICIO CENTRO DE COMERCIO INTERNACIONAL UBICADO EN LA CALLE 28 # 13 A - 15 DE LA CIUDAD DE BOGOTÁ D.C BAJO LA MODALIDAD LLAVE EN MANO. | F27: 41635 | G27: 41973 | H27: =+(G27-F27)/30/12 -> 0.93888889 | I27: X
A28: 4 | H28: =+(G28-F28)/30/12 -> 0
A29: 5 | H29: =+(G29-F29)/30/12 -> 0
A30: 6 | H30: =+(G30-F30)/30/12 -> 0
A31: 7 | H31: =+(G31-F31)/30/12 -> 0
A32: 8
A33: 9
A34: 10
A35: 11
A36: 12
H37: =SUM(H25:H36) -> 3.2805556 | I37: AÑOS
A38: REQUISITO HABILITANTE
A39: PERFIL PROFESIONAL SOLICITADO | C39: CUMPLE/NO CUMPLE | F39: Experiencia General > A 2 años | H39: Experiencia especifica
A40: INGENIERO Y /O ARQUITECTO/A. POSGRADO: EN CUALQUIER RAMA DE LA INGENIERIA | C40: CUMPLE
F41: =+E7 -> 17 | H41: Demostrar mediante certificaciones, experiencia en un (1) año, en proyectos como residenter de Interventorías a la construcción de Edificios y /o mantenimiento de edificaciones institucionales y / o privadas. y mantenimiento de edificaciones institucionales y / o privadas.
F42: CUMPLE | H42: CUMPLE
B45: NOMBRE DE QUIEN CALIFICO FDLRUU ANGELICA SANCHEZ SOPORTE TÈCNICO

Sheet PROP 13
B1: EXPERIENCIA HABILITANTE DEL PROPONENTE 13 ALMA INTERVENTORÍA & CONSULTORÍA S.A.S
B2: FDLRUU CMA 005-2023 OBJETO: “REALIZAR LA INTERVENTORÍA TÉCNICA, ADMINISTRATIVA, LEGAL, FINANCIERA, SOCIAL, AMBIENTAL Y DE SEGURIDAD Y SALUD EN EL TRABAJO (SST), DEL CONTRATO DE OBRA PÚBLICA QUE TIENE POR OBJETO: CONTRATAR A PRECIOS UNITARIOS FIJOS, LAS OBRAS REFERENTES AL MANTENIMIENTO Y REPARACIONES LOCATIVAS DE LOS SALONES COMUNALES EN LA LOCALIDAD DE RAFAEL URIBE URIBE EN LA CIUDAD DE BOGOTA”, DEL PROCESO DERIVADO DE SELECCIÓN ABREVIDA SAMC 006-2023”
B3: 3.8.1 EXIGENCIA MÍNIMA DE LA EXPERIENCIA DEL PROPONENTE
B4: PROPONENTE: 13 ALMA INTERVENTORÍA & CONSULTORÍA S.A.S
B5: No. | C5: No CONTRATO QUE SE PRESENTA EN LA CERTIFICACION. | D5: ENTIDAD CONTRATANTE | E5: CONTRATISTA QUE PRESENTA LA CERTIFICACION | F5: OBJETO DEL CONTRATO DE LA CERTIFICACION PRESENTADA. | G5: CONSECUTIVO RUP SI ES UN CONSORCIO SE PONDRÁN LOS CONSECUTIVOS DE CADA CONSORCIADO SI APLICA. | H5: INTEGRANTES DEL PROPONENTE PLURAL - % DE PARTICIPACION DE CADA INTEGRANTE EN LA CERTIFICACION PRESENTADA. | I5: CONSORCIADO QUE PRESENTA LA EXPERIENCIA EN EL CONTRATO O EN LA CERTIFICACION | J5: EXPERIENCIA GENERAL DEL PROPONENTE: | M5: EXPERIENCIA ESPECÍFICA DEL PROPONENTE: | N5: % PARTICIPACION | O5: FECHA DE INICIACION | P5: FECHA DE TERMINACION | Q5: VALOR TOTAL DEL CONTRATO | R5: PORCENTAJE PARTICIPACION EN PESOS COLOMBIANOS | S5: SMMLV QUE HABILITAN EN TOTAL 1 a 2 =75% 3 a 4 = 120% 5 a 6 = 150% | T5: SMMLV PROPONENTE REFERIDO AL AÑO EN QUE SE TERMINO EL CONTRATO. | U5: % DE SMMLV SOBRE EL P.O. | V5: OBSERVACION
J6: a. Debe estar inscrita y en firme en el RUP y cumplir con todos los códigos del Clasificador de Bienes y Servicios, así: 80101600-81101500-80101500 | K6: interventoría a construcción y/o terminación y/o ampliación y/o remodelación y/o reforzamiento y/o adecuación y/o mantenimiento y/o mejoramiento y/o modificación de edificaciones | L6: Los contratos aportados como experiencia válida y que corresponda a edificaciones debieron iniciar su ejecución luego de la expedición del Reglamento Colombiano de construcción Sismo Resistente – NSR-98., esto es, después del 09 de enero de 1998. 1 de los contratos relacionados como experiencia en edificaciones podrá haber iniciado ejecución antes del 09 de enero de 1998, fecha en cual se expidió la NSR-98. 1 único contrato para acreditar la experiencia solicitada, este deberá haber iniciado ejecución luego del 15 de julio de 2010, fecha en la cual entró en vigencia la NSR-10, y haya terminado su ejecución antes de la fecha del cierre del presente procedimiento de selección. Por lo menos uno (1) de los contratos validos aportados como experiencia debe haber iniciado ejecución con posteridad a la expedición de la NSR-10, el cual debió haberse ejecutado y terminado antes de la fecha del cierre del presente proceso de contratación | M6: Por lo menos uno (1) de los contratos válidos aportados como experiencia general deben contemplar un área intervenida o construida igual o superior al (50%) del total de metros cuadrados del proceso de selección, el cual corresponde a [725 M2 AREA A INTERVENIR]
B7: 1 | C7: 3-1-92756-13 | D7: FINDETER | E7: CONSORCIO SVP-IDF | F7: ONTRATAR LA INTERVENTORÍA TÉCNICA, ADMINISTRATIVA, FINANCIERA, CONTABLE, AMBIENTAL, SOCIAL Y JURÍDICA PARA LA EJECUCIÓN DEL PROYECTO DENOMINADO “EJECUCIÓN DE ESTUDIOS, DISEÑOS, CONSTRUCCIÓN Y PUESTA EN FUNCIONAMIENTO DE UN CENTRO DE DESARROLLO INFANTIL UBICADO EN EL MUNICIPIO DE PALMIRA, DEPARTAMENTO DEL VALLE DEL CAUCA | G7: 101 | H7: INGENIERIA DEL FUTURO SA 50%, SVP INGENIERIA SAS 50%, | I7: ALMA (Socio INGENIERÍA DEL FUTURO S.A.S) | J7: 801016 - 811015 - 801015 | K7: CUMPLE | L7: CUMPLE | M7: CUMPLE | N7: 0.5 | O7: 44316 | P7: 44840 | Q7: 326226363 | R7: =Q7*N7 -> 1.6311318e+08 | T7: =+R7/+[1]Hoja1!B4 -> 163.11318 | U7: =+T7/$P$16 -> 1.6818781 | X7: =1728.41*0.5 -> 864.205
B8: 2
B9: 3
B10: 4 | L10: =2280000*0.4 -> 912000
B11: 5
B12: 6 | X12: =1050.76*0.51 -> 535.8876
X13: =2062.51*0.7 -> 1443.757
B14: 5
B15: 6 | X15: =+T15*2 -> 0
L16: P.O. | N16: 112500000 | P16: =+N16/N19 -> 96.982759 | Q16: % P.O. | R16: SMMLV | S16: SUMATORIA | T16: =SUM(T7:T15) -> 163.11318 | U16: =SUM(U7:U15) -> 1.6818781 | V16: CUMPLE
S18: % P.O. | T18: SMMLV
L19: SMMLV 2023 | N19: 1160000 | R19: 0.75 | S19: =+$N$16*R19 -> 84375000 | T19: =+S19/$N$19 -> 72.737069
R20: 1.2 | S20: =+$N$16*R20 -> 135000000 | T20: =+S20/$N$19 -> 116.37931
R21: 1.5 | S21: =+$N$16*R21 -> 168750000 | T21: =+S21/$N$19 -> 145.47414
F23: NOMBRE DE QUIEN CALIFICO FDLRUU ANGELICA SANCHEZ SOPORTE TÈCNICO

Sheet DIRECTOR PROP 13
A1: EVALUACIÓN HOJA DE VIDA PROFESIONAL PROPUESTO
A2: CARGO PROPUESTO: | D2: DIRECTOR DE INTERVENTORIA
A3: Nombre Completo
A4: Profesión
A5: Tarjeta Profesional | F5: FOLIO
A6: Aporta carta de compromiso | F6: FOLIO
A7: Años dedicados al ejercicio de la profesión:
A9: II. ESTUDIOS
A10: FORMACION ACADEMICA Y EXPERIENCIA
A11: PREGRADO
A12: N° | B12: ESTABLECIMIENTO | E12: TITULO OBTENIDO | F12: FECHA DE GRADO
F13: DIA | G13: MES | H13: AÑO
A14: 1
A15: POSTGRADO
A16: N° | B16: ESTABLECIMIENTO | E16: TITULO OBTENIDO | F16: FECHA DE GRADO
F17: DIA | G17: MES | H17: AÑO
A18: 2
A19: III. EXPERIENCIA ESPECIFICA
A20: EXPERIENCIA ESPECIFICA (Relacionar en orden cronológico, iniciando por el cargo actual
A22: N° | B22: ENTIDAD O FIRMA CONTRATANTE | D22: CARGO | E22: OBJETO DEL CONTRATO | F22: PERIODO LABORADO | H22: TIEMPO LAB (AÑOS) | I22: CUMPLE | K22: OBSERVACIONES
F23: FECHA INICIO | G23: FECHA TERMINACION
I24: SI | J24: NO
A25: 1
A26: 2
H27: =+(G27-F27)/30/12 -> 0
H28: =+(G28-F28)/30/12 -> 0
H29: =+(G29-F29)/30/12 -> 0
H30: =+(G30-F30)/30/12 -> 0
H31: =+(G31-F31)/30/12 -> 0
H33: =SUM(H25:H32) -> 0 | I33: AÑOS
A34: REQUISITO HABILITANTE
A35: PERFIL PROFESIONAL SOLICITADO | C35: CUMPLE/NO CUMPLE | F35: Experiencia General > seis (6) años en el ejercicio de la profesión, contados partir de la expedición de la tarjeta profesional. | H35: Experiencia especifica
A36: INGENIERO (A) CIVIL. Y/O ARQQUITECTO POSGRADO: EN CUALQUIER RAMA DE LA INGENIERIA | C36: NO CUMPLE NO PRESENTA SOPORTE PARA VERIFICAR EL CUMPLIMIENTO DEL PERFIL
H37: Demostrar experiencia de dos (2) años, en proyectos como director o coordinador de Interventorías a la construcción de Edificios y /o mantenimiento de edificaciones institucionales y / o privadas
F38: NO CUMPLE | H38: NO CUMPLE
F39: NO PRESENTAN FORMATO DE RELACION DE LA EXPERIENCIA ESPECIFICA NI RELACIONA AL PROFESIONAL DE CARGO DE DIRECTOR
B41: NOMBRE DE QUIEN CALIFICO FDLRUU ANGELICA SANCHEZ SOPORTE TÈCNICO

Sheet RESIDENTE PROP 13
A1: EVALUACIÓN HOJA DE VIDA PROFESIONAL PROPUESTO
A2: CARGO PROPUESTO: | D2: RESIDENTE DE INTERVENTORIA | E2: RESIDENTE DE INTERVENTORIA
A3: Nombre Completo
A4: Profesión
A5: Tarjeta Profesional | F5: FOLIO
A6: Aporta carta de compromiso | F6: FOLIO
A7: Años dedicados al ejercicio de la profesión:
A9: II. ESTUDIOS
A10: FORMACION ACADEMICA Y EXPERIENCIA
A11: PREGRADO
A12: N° | B12: ESTABLECIMIENTO | E12: TITULO OBTENIDO | F12: FECHA DE GRADO
F13: DIA | G13: MES | H13: AÑO
A14: 1
A15: POSTGRADO
A16: N° | B16: ESTABLECIMIENTO | E16: TITULO OBTENIDO | F16: FECHA DE GRADO
F17: DIA | G17: MES | H17: AÑO
A19: III. EXPERIENCIA ESPECIFICA
A20: EXPERIENCIA ESPECIFICA (Relacionar en orden cronológico, iniciando por el cargo actual
A22: N° | B22: ENTIDAD O FIRMA CONTRATANTE | D22: CARGO | E22: OBJETO DEL CONTRATO | F22: PERIODO LABORADO | H22: TIEMPO LAB (AÑOS) | I22: CUMPLE | K22: OBSERVACIONES
F23: FECHA INICIO | G23: FECHA TERMINACION
I24: SI | J24: NO
A25: 1
A26: 2
A27: 3
A28: 4 | H28: =+(G28-F28)/30/12 -> 0
A29: 5 | H29: =+(G29-F29)/30/12 -> 0
A30: 6 | H30: =+(G30-F30)/30/12 -> 0
A31: 7 | H31: =+(G31-F31)/30/12 -> 0
A32: 8
A33: 9
A34: 10
A35: 11
A36: 12
H37: =SUM(H25:H36) -> 0 | I37: AÑOS
A38: REQUISITO HABILITANTE
A39: PERFIL PROFESIONAL SOLICITADO | C39: CUMPLE/NO CUMPLE | F39: Experiencia General > A 2 años | H39: Experiencia especifica
A40: INGENIERO Y /O ARQUITECTO/A. POSGRADO: EN CUALQUIER RAMA DE LA INGENIERIA | C40: NO CUMPLE NO PRESENTA SOPORTE PARA VERIFICAR EL CUMPLIMIENTO DEL PERFIL
F41: =+E7 -> 0 | H41: Demostrar mediante certificaciones, experiencia en un (1) año, en proyectos como residenter de Interventorías a la construcción de Edificios y /o mantenimiento de edificaciones institucionales y / o privadas. y mantenimiento de edificaciones institucionales y / o privadas.
F42: NO CUMPLE | H42: NO CUMPLE
F43: NO PRESENTAN FORMATO DE RELACION DE LA EXPERIENCIA ESPECIFICA NI RELACIONA AL PROFESIONAL DE CARGO DE DIRECTOR
B45: NOMBRE DE QUIEN CALIFICO FDLRUU ANGELICA SANCHEZ SOPORTE TÈCNICO

Sheet Hoja1
A1: AÑO | B1: MONTO
B2: MENSUAL
A3: 2023 | B3: 1160000
A4: 2022 | B4: 1000000
A5: 2021 | B5: 908526
A6: 2020 | B6: 877803
A7: 2019 | B7: 828116
A8: 2018 | B8: 781242
A9: 2017 | B9: 737717
A10: 2016 | B10: 689455
A11: 2015 | B11: 644350
A12: 2014 | B12: 616000 | D12: =B12*1764.2 -> 1086747200
A13: 2013 | B13: 589500
A14: 2012 | B14: 566700
A15: 2011 | B15: 535600
A16: 2010 | B16: 515000
A17: 2009 | B17: 496900
A18: 2008 | B18: 461500
A19: 2007 | B19: 433700
A20: 2006 | B20: 408000
A21: 2005 | B21: 381500
A22: 2004 | B22: 358000
A23: 2003 | B23: 332000
A24: 2002 | B24: 309000
... A41: 1985 | B41: 13557.6
